Workbook
Name _____________________MI31: #REF!
Name _____________________MI31: #REF!
Name _____________________mi32: #REF!
Name _____________________mi32: #REF!
Name ____________________MI31: #REF!
Name ____________________MI31: #REF!
Name ____________________mi32: #REF!
Name ___________________MI31: #REF!
Name ___________________mi32: #REF!
Name __________________MI31: #REF!
Name __________________mi32: #REF!
Name _________________MI31: #REF!
Name _________________mi32: #REF!
Name ________________MI31: #REF!
Name ________________mi32: #REF!
Name _______________MI31: #REF!
Name _______________mi32: #REF!
Name ______________MI31: #REF!
Name ______________mi32: #REF!
Name _____________MI31: #REF!
Name _____________mi32: #REF!
Name ____________MI31: #REF!
Name ____________mi32: #REF!
Name ___________MI31: #REF!
Name ___________mi32: #REF!
Name __________MI31: #REF!
Name __________mi32: #REF!
Name _________MI31: #REF!
Name _________mi32: #REF!
Name ________MI31: #REF!
Name ________mi32: #REF!
Name _______MI31: #REF!
Name _______mi32: #REF!
Name ______MI31: #REF!
Name ______mi32: #REF!
Name _____MI31: #REF!
Name _____mi32: #REF!
Name _____pg2: #REF!
Name ____MI31: #REF!
Name ____mi32: #REF!
Name ____pg2: #REF!
Name ___MI31: #REF!
Name ___mi32: #REF!
Name ___pg2: #REF!
Name __MI31: #REF!
Name __mi32: #REF!
Name __pg2: #REF!
Name _MI31: #REF!
Name _MI31: #REF!
Name _mi32: #REF!
Name _mi32: #REF!
Name _pg2: #REF!
Name _pg2: #REF!
Name A: #REF!
Name aaaaaaa: #REF!
Name admin: '[1]Notes 2'!#REF!
Name adsada: #REF!
Name adsada: #REF!
Name AOErev: #REF!
Name AOErev: #REF!

Sheet Package Breakdown - Casas 10.21
A1: Project Name | C1: Tinio
A2: Project Location | C2: Tinio | D2: =12/120 -> 0.1
A3: Project Data
A4: Scheme Number
A6: PACKAGE BREAKDOWN - Public Selling Price
B7: Type | C7: 1BR, Fully Fitted | D7: 1BR, Fully Fitted | E7: 1BR, Fully Fitted | F7: 1BR, Fully Fitted | G7: 1BR, Fully Fitted | H7: 1BR, Fully Fitted | I7: 1BR, Fully Fitted | J7: 1BR, Fully Fitted | K7: 1BR, Fully Fitted | L7: 1BR, Fully Fitted | M7: 1BR, Fully Fitted | N7: Commercial Unit 1 | O7: Commercial Unit 2 | P7: Commercial Unit 3 | Q7: Commercial Unit 4 | R7: Commercial Unit 5 | S7: Commercial Unit 6 | T7: Commercial Unit 7 | U7: Commercial Unit 8 | V7: Parking Slot - Regular | W7: Parking Slot - Parallel | X7: Parking Slot - Small
C8: Unit A | D8: Unit B | E8: Unit C | F8: Unit D | G8: Unit E | H8: Unit F | I8: Unit G | J8: Unit H | K8: Unit I to K | L8: Unit L | M8: Unit M
A9: 1 | B9: Area | C9: ='[15]Casas Area Tabulation 10.21.21'!U11 -> 98.5 | D9: ='[15]Casas Area Tabulation 10.21.21'!V11 -> 51.02 | E9: ='[15]Casas Area Tabulation 10.21.21'!W11 -> 55.62 | F9: ='[15]Casas Area Tabulation 10.21.21'!X11 -> 60.78 | G9: ='[15]Casas Area Tabulation 10.21.21'!Y11 -> 83.49 | H9: ='[15]Casas Area Tabulation 10.21.21'!AA11 -> 61.03 | I9: ='[15]Casas Area Tabulation 10.21.21'!AB11 -> 94.79 | J9: ='[15]Casas Area Tabulation 10.21.21'!AC11 -> 67.79 | K9: ='[15]Casas Area Tabulation 10.21.21'!AD11 -> 67.72 | L9: ='[15]Casas Area Tabulation 10.21.21'!AE11 -> 86.15 | M9: ='[15]Casas Area Tabulation 10.21.21'!AF11 -> 53.53 | N9: ='[15]Casas Data 10.21.21'!D15 -> 44.44 | O9: ='[15]Casas Data 10.21.21'!D16 -> 44.43 | P9: ='[15]Casas Data 10.21.21'!D17 -> 36.35 | Q9: ='[15]Casas Data 10.21.21'!D18 -> 79.31 | R9: ='[15]Casas Data 10.21.21'!D19 -> 46.32 | S9: ='[15]Casas Data 10.21.21'!D20 -> 50.68 | T9: ='[15]Casas Data 10.21.21'!D21 -> 55.37 | U9: ='[15]Casas Data 10.21.21'!D22 -> 82.04 | V9: 12.5 | W9: 12 | X9: =21.5/2 -> 10.75
A10: 2 | B10: Balcony Area | C10: ='[15]Casas Area Tabulation 10.21.21'!U12 -> 10.46 | D10: ='[15]Casas Area Tabulation 10.21.21'!V12 -> 5.36 | E10: ='[15]Casas Area Tabulation 10.21.21'!W12 -> 5.37 | F10: ='[15]Casas Area Tabulation 10.21.21'!X12 -> 5.15 | G10: ='[15]Casas Area Tabulation 10.21.21'!Y12 -> 12.31 | H10: ='[15]Casas Area Tabulation 10.21.21'!AA12 -> 4.19 | I10: ='[15]Casas Area Tabulation 10.21.21'!AB12 -> 11.26 | J10: ='[15]Casas Area Tabulation 10.21.21'!AC12 -> 4.2 | K10: ='[15]Casas Area Tabulation 10.21.21'!AD12 -> 4.2 | L10: ='[15]Casas Area Tabulation 10.21.21'!AE12 -> 12.66 | M10: ='[15]Casas Area Tabulation 10.21.21'!AF12 -> 4.18
A11: 3 | B11: Total Area | C11: =SUM(C9:C10) -> 108.96 | D11: =D9+D10 -> 56.38 | E11: =E9+E10 -> 60.99 | F11: =F9+F10 -> 65.93 | G11: =G9+G10 -> 95.8 | H11: =H9+H10 -> 65.22 | I11: =I9+I10 -> 106.05 | J11: =J9+J10 -> 71.99 | K11: =K9+K10 -> 71.92 | ... M11: =M9+M10 -> 57.71 | N11: =N9 -> 44.44 | O11: =O9 -> 44.43 | P11: =P9 -> 36.35 | Q11: =Q9 -> 79.31 | R11: =R9 -> 46.32 | S11: =S9 -> 50.68 | T11: =T9 -> 55.37 | U11: =U9 -> 82.04 | V11: 12.5 | W11: =W9 -> 12 | X11: =X9 -> 10.75
A13: 4 | B13: Price per sq. m. | C13: 132000 | D13: 132000 | E13: 132000 | F13: 132000 | G13: 132000 | H13: 132000 | I13: 132000 | J13: 132000 | K13: 132000 | L13: 132000 | M13: 132000 | N13: 160000 | O13: 160000 | P13: 160000 | Q13: 160000 | R13: 160000 | S13: 160000 | T13: 160000 | U13: 160000 | V13: =V14/V11 -> 69600 | W13: 69600 | X13: 69600
A14: 5 | B14: Price of Unit | C14: =C9*C13 -> 13002000 | D14: =D9*D13 -> 6734640 | E14: =E9*E13 -> 7341840 | F14: =F9*F13 -> 8022960 | G14: =G9*G13 -> 11020680 | H14: =H9*H13 -> 8055960 | I14: =I9*I13 -> 12512280 | J14: =J9*J13 -> 8948280 | ... M14: =M9*M13 -> 7065960 | N14: =N13*N11 -> 7110400 | O14: =O13*O11 -> 7108800 | P14: =P13*P11 -> 5816000 | Q14: =Q13*Q11 -> 12689600 | R14: =R13*R11 -> 7411200 | S14: =S13*S11 -> 8108800 | T14: =T13*T11 -> 8859200 | U14: =U13*U11 -> 13126400 | V14: 870000 | W14: =W13*W11 -> 835200 | X14: =X13*X11 -> 748200
A15: 6 | B15: Price per sq. m. (balcony) | C15: 66000 | D15: 66000 | E15: 66000 | F15: 66000 | G15: 66000 | H15: 66000 | I15: 66000 | J15: 66000 | K15: 66000 | L15: 66000 | M15: 66000
A16: 7 | B16: Price of Balcony | C16: =C15*C10 -> 690360 | D16: =D15*D10 -> 353760 | E16: =E15*E10 -> 354420 | F16: =F15*F10 -> 339900 | G16: =G15*G10 -> 812460 | H16: =H15*H10 -> 276540 | I16: =I15*I10 -> 743160 | J16: =J15*J10 -> 277200 | ... M16: =M15*M10 -> 275880
B17: Total Selling Price | C17: =C14+C16 -> 13692360 | D17: =D14+D16 -> 7088400 | E17: =E14+E16 -> 7696260 | F17: =F14+F16 -> 8362860 | G17: =G14+G16 -> 11833140 | H17: =H14+H16 -> 8332500 | I17: =I14+I16 -> 13255440 | J17: =J14+J16 -> 9225480 | ... M17: =M14+M16 -> 7341840 | N17: =N14 -> 7110400 | O17: =O14 -> 7108800 | P17: =P14 -> 5816000 | Q17: =Q14 -> 12689600 | R17: =R14 -> 7411200 | S17: =S14 -> 8108800 | T17: =T14 -> 8859200 | U17: =U14 -> 13126400 | ... X17: =X14 -> 748200
A19: 8 | B19: VAT (12%) | C19: =C17*12% -> 1643083.2 | D19: =D17*12% -> 850608 | E19: =E17*12% -> 923551.2 | F19: =F17*12% -> 1003543.2 | G19: =G17*12% -> 1419976.8 | H19: =H17*12% -> 999900 | I19: =I17*12% -> 1590652.8 | J19: =J17*12% -> 1107057.6 | ... X19: =X17*12% -> 89784
A20: 9 | B20: Legal & Misc. Fees (6%) | C20: =C17*6% -> 821541.6 | D20: =D17*6% -> 425304 | E20: =E17*6% -> 461775.6 | F20: =F17*6% -> 501771.6 | G20: =G17*6% -> 709988.4 | H20: =H17*6% -> 499950 | I20: =I17*6% -> 795326.4 | J20: =J17*6% -> 553528.8 | ... X20: =X17*6% -> 44892
A21: 10 | B21: Bank Fees (2.5%) | C21: =C17*2.5% -> 342309 | D21: =D17*2.5% -> 177210 | E21: =E17*2.5% -> 192406.5 | F21: =F17*2.5% -> 209071.5 | G21: =G17*2.5% -> 295828.5 | H21: =H17*2.5% -> 208312.5 | I21: =I17*2.5% -> 331386 | J21: =J17*2.5% -> 230637 | ... X21: =X17*2.5% -> 18705
B23: Total Contract Price | C23: =C17+C19+C20+C21 -> 16499294 | D23: =D17+D19+D20+D21 -> 8541522 | E23: =E17+E19+E20+E21 -> 9273993.3 | F23: =F17+F19+F20+F21 -> 10077246 | G23: =G17+G19+G20+G21 -> 14258934 | H23: =H17+H19+H20+H21 -> 10040662 | I23: =I17+I19+I20+I21 -> 15972805 | J23: =J17+J19+J20+J21 -> 11116703 | ... X23: =X17+X19+X20+X21 -> 901581
A24: 11 | B24: Price per sq. m. | C24: =C23/C11 -> 151425.24 | D24: =D23/D11 -> 151499.15 | E24: =E23/E11 -> 152057.6 | F24: =F23/F11 -> 152847.66 | G24: =G23/G11 -> 148840.64 | H24: =H23/H11 -> 153950.67 | I24: =I23/I11 -> 150615.8 | J24: =J23/J11 -> 154420.11 | ... X24: =X23/X11 -> 83868
A25: 12 | B25: Equity | C25: 0.25 | D25: 0.25 | E25: 0.25 | F25: 0.25 | G25: 0.25 | H25: 0.25 | I25: 0.25 | J25: 0.25 | K25: 0.25 | L25: 0.25 | M25: 0.25 | N25: 0.4 | O25: 0.4 | P25: 0.4 | Q25: 0.4 | R25: 0.4 | S25: 0.4 | T25: 0.4 | U25: 0.4 | V25: 0.25 | W25: 0.25 | X25: 0.25
A26: 13 | B26: Equity Amount | C26: =C23*C25 -> 4124823.4 | D26: =D23*D25 -> 2135380.5 | E26: =E23*E25 -> 2318498.3 | F26: =F23*F25 -> 2519311.6 | G26: =G23*G25 -> 3564733.4 | H26: =H23*H25 -> 2510165.6 | I26: =I23*I25 -> 3993201.3 | J26: =J23*J25 -> 2779175.9 | ... X26: =X23*X25 -> 225395.25
A27: 14 | B27: Reservation Fee | C27: 50000 | D27: 50000 | E27: 50000 | F27: 50000 | G27: 50000 | H27: 50000 | I27: 50000 | J27: 50000 | K27: 50000 | L27: 50000 | M27: 50000 | N27: ='[16]Project Data'!$E$113 -> 100000 | O27: ='[16]Project Data'!$E$113 -> 100000 | P27: ='[16]Project Data'!$E$113 -> 100000 | Q27: ='[16]Project Data'!$E$113 -> 100000 | R27: ='[16]Project Data'!$E$113 -> 100000 | S27: ='[16]Project Data'!$E$113 -> 100000 | T27: ='[16]Project Data'!$E$113 -> 100000 | U27: ='[16]Project Data'!$E$113 -> 100000 | V27: 30000 | W27: 30000 | X27: 30000
A28: 15 | B28: Equity Balance | C28: =C26-C27 -> 4074823.4 | D28: =D26-D27 -> 2085380.5 | E28: =E26-E27 -> 2268498.3 | F28: =F26-F27 -> 2469311.6 | G28: =G26-G27 -> 3514733.4 | H28: =H26-H27 -> 2460165.6 | I28: =I26-I27 -> 3943201.3 | J28: =J26-J27 -> 2729175.9 | ... X28: =X26-X27 -> 195395.25
A29: 18 | B29: Equity Term | C29: ='[16]Project Data'!$E$115 -> 34 | X29: ='[16]Project Data'!$E$115 -> 34
A30: 19 | B30: Monthly Payment | C30: =C28/C29 -> 119847.75 | X30: =X28/X29 -> 5746.9191
A32: 20 | B32: Loanable Amount | C32: =C23-C26 -> 12374470 | X32: =X23-X26 -> 676185.75
A33: 21 | B33: 5 years @ 7.00% | C33: =C32*$AA$7 -> 0 | X33: =X32*$AA$7 -> 0
A34: 22 | B34: 10 Years @ 7.5% | C34: =C32*$AA$9 -> 0 | X34: =X32*$AA$9 -> 0
A35: 23 | B35: 15 Years @ 8.0% | C35: =C32*$AA$10 -> 0 | X35: =X32*$AA$10 -> 0
A36: =A35+1 -> 24 | B36: Construction Contingency | C36: ='[17]Project Data'!E125*'[17]Project Data'!E119 -> #REF!
A37: =A36+1 -> 25 | B37: Package Selling Price: | C37: =C31+C35+C36 -> #REF!
A39: Package 4
A40: 1 | B40: Lot Area: | C40: ='[17]Project Data'!E87 -> #REF!
A41: =A40+1 -> 2 | B41: Floor Area: | C41: ='[17]Project Data'!E86 -> #REF!
A42: =A41+1 -> 3 | B42: Lot Selling Price: | C42: =C40*C43 -> #REF!
A43: =A42+1 -> 4 | B43: Selling Price/SQM: | C43: ='[17]Project Data'!E90 -> 135000
A44: =A43+1 -> 5 | B44: House Cost: | C44: ='[17]Project Data'!E122 -> #REF!
A45: =A44+1 -> 6 | B45: House Cost/SQM: | C45: =C44/C41 -> #REF!
A46: =A45+1 -> 7 | B46: House Selling Price: | C46: =C44*2 -> #REF!
A47: =A46+1 -> 8 | B47: Construction Contingency | C47: ='[17]Project Data'!E125*'[17]Project Data'!E122 -> #REF!
A48: =A47+1 -> 9 | B48: Package Selling Price: | C48: =C42+C46+C47 -> #REF!
A51: 16 | B51: Monthy Payments, 43 mos. | C51: =C28/43 -> 94763.336 | D51: =D28/43 -> 48497.221 | E51: =E28/43 -> 52755.775 | F51: =F28/43 -> 57425.851 | G51: =G28/43 -> 81737.987 | H51: =H28/43 -> 57213.154 | I51: =I28/43 -> 91702.356 | J51: =J28/43 -> 63469.206 | ... X51: =X28/43 -> 4544.0756
A53: 17 | B53: Balance - 75% | C53: =C23-C26 -> 12374470 | D53: =D23-D26 -> 6406141.5 | E53: =E23-E26 -> 6955495 | F53: =F23-F26 -> 7557934.7 | G53: =G23-G26 -> 10694200 | H53: =H23-H26 -> 7530496.9 | I53: =I23-I26 -> 11979604 | J53: =J23-J26 -> 8337527.6 | ... X53: =X23-X26 -> 676185.75
A54: 18 | B54: 10 years to pay | C54: 69820.214 | D54: 73795.418 | E54: 78474.428 | F54: 78852.398 | N54: 127975.49 | O54: 69820.214 | P54: 73795.418 | Q54: 78852.398 | R54: 143016.09 | V54: 10861.212 | X54: 11730.109
A55: 19 | B55: 15 years to pay | C55: =C53*$B56 -> 111225.2 | D55: =D53*$B56 -> 57580.194 | E55: =E53*$B56 -> 62517.936 | F55: =F53*$B56 -> 67932.834 | G55: =G53*$B56 -> 96122.466 | H55: =H53*$B56 -> 67686.214 | I55: =I53*$B56 -> 107676.03 | J55: =J53*$B56 -> 74940.032 | ... X55: =X53*$B56 -> 6077.7469
B56: 0.00898828 | C56: =C53*B56 -> 111225.2
A58: PACKAGE BREAKDOWN - PSG1 and 1.5 (7 units)
B59: Type | C59: =C7 -> 1BR, Fully Fitted | D59: =D7 -> 1BR, Fully Fitted | E59: =E7 -> 1BR, Fully Fitted | F59: =F7 -> 1BR, Fully Fitted | G59: =G7 -> 1BR, Fully Fitted | H59: =H7 -> 1BR, Fully Fitted | I59: =I7 -> 1BR, Fully Fitted | J59: =J7 -> 1BR, Fully Fitted | ... X59: =X7 -> Parking Slot - Small
C60: =C8 -> Unit A | D60: =D8 -> Unit B | E60: =E8 -> Unit C | F60: =F8 -> Unit D | G60: =G8 -> Unit E | H60: =H8 -> Unit F | I60: =I8 -> Unit G | J60: =J8 -> Unit H | ... X60: =X8 -> 0
A61: 1 | B61: Area | C61: =C9 -> 98.5 | D61: =D9 -> 51.02 | E61: =E9 -> 55.62 | F61: =F9 -> 60.78 | G61: =G9 -> 83.49 | H61: =H9 -> 61.03 | I61: =I9 -> 94.79 | J61: =J9 -> 67.79 | ... X61: =X9 -> 10.75
A62: 2 | B62: Balcony Area | C62: =C10 -> 10.46 | D62: =D10 -> 5.36 | E62: =E10 -> 5.37 | F62: =F10 -> 5.15 | G62: =G10 -> 12.31 | H62: =H10 -> 4.19 | I62: =I10 -> 11.26 | J62: =J10 -> 4.2 | ... X62: =X10 -> 0
A63: 3 | B63: Total Area | C63: =C11 -> 108.96 | D63: =D11 -> 56.38 | E63: =E11 -> 60.99 | F63: =F11 -> 65.93 | G63: =G11 -> 95.8 | H63: =H11 -> 65.22 | I63: =I11 -> 106.05 | J63: =J11 -> 71.99 | ... X63: =X11 -> 10.75
A65: 4 | B65: Price per sq. m. | C65: 120000 | D65: 120000 | E65: 120000 | F65: 120000 | G65: 120000 | H65: 120000 | I65: 120000 | J65: 120000 | K65: 120000 | L65: 120000 | M65: 120000 | N65: 160000 | O65: 160000 | P65: 160000 | Q65: 160000 | R65: 160000 | S65: 160000 | T65: 160000 | U65: 160000 | V65: =V13 -> 69600 | W65: =W13 -> 69600 | X65: =X13 -> 69600
A66: 5 | B66: Price of Unit | C66: =C61*C65 -> 11820000 | D66: =D61*D65 -> 6122400 | E66: =E61*E65 -> 6674400 | F66: =F61*F65 -> 7293600 | G66: =G61*G65 -> 10018800 | H66: =H65*H61 -> 7323600 | I66: =I65*I61 -> 11374800 | J66: =J65*J61 -> 8134800 | K66: =K65*K61 -> 8126400 | L66: =L65*L61 -> 10338000 | M66: =M65*M61 -> 6423600 | N66: =N65*N63 -> 7110400 | O66: =O65*O63 -> 7108800 | P66: =P65*P63 -> 5816000 | Q66: =Q65*Q63 -> 12689600 | R66: =R65*R63 -> 7411200 | S66: =S65*S63 -> 8108800 | T66: =T65*T63 -> 8859200 | U66: =U65*U63 -> 13126400 | ... X66: =X65*X63 -> 748200
A67: 6 | B67: Price per sq. m. (balcony) | C67: =60000 -> 60000 | D67: =60000 -> 60000 | E67: =60000 -> 60000 | F67: =60000 -> 60000 | G67: =60000 -> 60000 | H67: =60000 -> 60000 | I67: =60000 -> 60000 | J67: =60000 -> 60000 | ... T67: =60000 -> 60000
A68: 7 | B68: Price of Balcony | C68: =C67*C62 -> 627600 | D68: =D67*D62 -> 321600 | E68: =E67*E62 -> 322200 | F68: =F67*F62 -> 309000 | G68: =G67*G62 -> 738600 | H68: =H67*H62 -> 251400 | I68: =I67*I62 -> 675600 | J68: =J67*J62 -> 252000 | ... X68: =X67*X62 -> 0
B69: Total Selling Price | C69: =C66+C68 -> 12447600 | D69: =D66+D68 -> 6444000 | E69: =E66+E68 -> 6996600 | F69: =F66+F68 -> 7602600 | G69: =G66+G68 -> 10757400 | H69: =H66+H68 -> 7575000 | I69: =I66+I68 -> 12050400 | J69: =J66+J68 -> 8386800 | ... M69: =M66+M68 -> 6674400 | N69: =N66 -> 7110400 | O69: =O66 -> 7108800 | P69: =P66 -> 5816000 | Q69: =Q66 -> 12689600 | R69: =R66 -> 7411200 | S69: =S66 -> 8108800 | T69: =T66 -> 8859200 | U69: =U66 -> 13126400 | ... X69: =X66 -> 748200
A71: 8 | B71: VAT (12%) | C71: =C69*12% -> 1493712 | D71: =D69*12% -> 773280 | E71: =E69*12% -> 839592 | F71: =F69*12% -> 912312 | G71: =G69*12% -> 1290888 | H71: =H69*12% -> 909000 | I71: =I69*12% -> 1446048 | J71: =J69*12% -> 1006416 | ... X71: =X69*12% -> 89784
A72: 9 | B72: Legal & Misc. Fees (6%) | C72: =C69*6% -> 746856 | D72: =D69*6% -> 386640 | E72: =E69*6% -> 419796 | F72: =F69*6% -> 456156 | G72: =G69*6% -> 645444 | H72: =H69*6% -> 454500 | I72: =I69*6% -> 723024 | J72: =J69*6% -> 503208 | ... X72: =X69*6% -> 44892
A73: 10 | B73: Bank Fees (2.5%) | C73: =C69*2.5% -> 311190 | D73: =D69*2.5% -> 161100 | E73: =E69*2.5% -> 174915 | F73: =F69*2.5% -> 190065 | G73: =G69*2.5% -> 268935 | H73: =H69*2.5% -> 189375 | I73: =I69*2.5% -> 301260 | J73: =J69*2.5% -> 209670 | ... X73: =X69*2.5% -> 18705
B75: Total Contract Price | C75: =C69+C71+C72+C73 -> 14999358 | D75: =D69+D71+D72+D73 -> 7765020 | E75: =E69+E71+E72+E73 -> 8430903 | F75: =F69+F71+F72+F73 -> 9161133 | G75: =G69+G71+G72+G73 -> 12962667 | H75: =H69+H71+H72+H73 -> 9127875 | I75: =I69+I71+I72+I73 -> 14520732 | J75: =J69+J71+J72+J73 -> 10106094 | ... X75: =X69+X71+X72+X73 -> 901581
A76: 11 | B76: Price per sq. m. | C76: =C75/C63 -> 137659.31 | D76: =D75/D63 -> 137726.5 | E76: =E75/E63 -> 138234.19 | F76: =F75/F63 -> 138952.42 | G76: =G75/G63 -> 135309.68 | H76: =H75/H63 -> 139955.15 | I76: =I75/I63 -> 136923.45 | J76: =J75/J63 -> 140381.91 | ... X76: =X75/X63 -> 83868
A77: 12 | B77: Equity | C77: 0.25 | D77: 0.25 | E77: 0.25 | F77: 0.25 | G77: 0.25 | H77: 0.25 | I77: 0.25 | J77: 0.25 | K77: 0.25 | L77: 0.25 | M77: 0.25 | N77: 0.4 | O77: 0.4 | P77: 0.4 | Q77: 0.4 | R77: 0.4 | S77: 0.4 | T77: 0.4 | U77: 0.4 | V77: 0.4 | W77: 0.4 | X77: 0.4
A78: 13 | B78: Equity Amount | C78: =C75*C77 -> 3749839.5 | D78: =D75*D77 -> 1941255 | E78: =E75*E77 -> 2107725.8 | F78: =F75*F77 -> 2290283.2 | G78: =G75*G77 -> 3240666.8 | H78: =H75*H77 -> 2281968.8 | I78: =I75*I77 -> 3630183 | J78: =J75*J77 -> 2526523.5 | ... X78: =X75*X77 -> 360632.4
A79: 14 | B79: Reservation Fee | C79: 50000 | D79: 50000 | E79: 50000 | F79: 50000 | G79: 50000 | H79: 50000 | I79: 50000 | J79: 50000 | K79: 50000 | L79: 50001 | M79: 50000 | N79: ='[16]Project Data'!$E$113 -> 100000 | O79: ='[16]Project Data'!$E$113 -> 100000 | P79: ='[16]Project Data'!$E$113 -> 100000 | Q79: ='[16]Project Data'!$E$113 -> 100000 | R79: ='[16]Project Data'!$E$113 -> 100000 | S79: ='[16]Project Data'!$E$113 -> 100000 | T79: ='[16]Project Data'!$E$113 -> 100000 | U79: ='[16]Project Data'!$E$113 -> 100000 | ... X79: ='[16]Project Data'!$E$113 -> 100000
A80: 15 | B80: Equity Balance | C80: =C78-C79 -> 3699839.5 | D80: =D78-D79 -> 1891255 | E80: =E78-E79 -> 2057725.8 | F80: =F78-F79 -> 2240283.2 | G80: =G78-G79 -> 3190666.8 | H80: =H78-H79 -> 2231968.8 | I80: =I78-I79 -> 3580183 | J80: =J78-J79 -> 2476523.5 | ... X80: =X78-X79 -> 260632.4
A81: 18 | B81: Equity Term | C81: ='[16]Project Data'!$E$115 -> 34 | X81: ='[16]Project Data'!$E$115 -> 34
A82: 19 | B82: Monthly Payment | C82: =C80/C81 -> 108818.81 | X82: =X80/X81 -> 7665.6588
A84: 20 | B84: Loanable Amount | C84: =C75-C78 -> 11249518 | X84: =X75-X78 -> 540948.6
A85: 21 | B85: 5 years @ 7.00% | C85: =C84*$AA$7 -> 0 | X85: =X84*$AA$7 -> 0
A86: 22 | B86: 10 Years @ 7.5% | C86: =C84*$AA$9 -> 0 | X86: =X84*$AA$9 -> 0
A87: 23 | B87: 15 Years @ 8.0% | C87: =C84*$AA$10 -> 0 | X87: =X84*$AA$10 -> 0
A88: =A87+1 -> 24 | B88: Construction Contingency | C88: ='[17]Project Data'!E177*'[17]Project Data'!E171 -> #REF!
A89: =A88+1 -> 25 | B89: Package Selling Price: | C89: =C83+C87+C88 -> #REF!
A91: Package 4
A92: 1 | B92: Lot Area: | C92: ='[17]Project Data'!E139 -> #REF!
A93: =A92+1 -> 2 | B93: Floor Area: | C93: ='[17]Project Data'!E138 -> #REF!
A94: =A93+1 -> 3 | B94: Lot Selling Price: | C94: =C92*C95 -> #REF!
A95: =A94+1 -> 4 | B95: Selling Price/SQM: | C95: ='[17]Project Data'!E142 -> #REF!
A96: =A95+1 -> 5 | B96: House Cost: | C96: ='[17]Project Data'!E174 -> #REF!
A97: =A96+1 -> 6 | B97: House Cost/SQM: | C97: =C96/C93 -> #REF!
A98: =A97+1 -> 7 | B98: House Selling Price: | C98: =C96*2 -> #REF!
A99: =A98+1 -> 8 | B99: Construction Contingency | C99: ='[17]Project Data'!E177*'[17]Project Data'!E174 -> #REF!
A100: =A99+1 -> 9 | B100: Package Selling Price: | C100: =C94+C98+C99 -> #REF!
A103: 16 | B103: Monthy Payments, 43 mos. | C103: =C80/43 -> 86042.779 | D103: =D80/43 -> 43982.674 | E103: =E80/43 -> 47854.087 | F103: =F80/43 -> 52099.61 | G103: =G80/43 -> 74201.552 | H103: =H80/43 -> 51906.25 | I103: =I80/43 -> 83260.07 | J103: =J80/43 -> 57593.57 | ... X103: =X80/43 -> 6061.2186
A105: 17 | B105: Balance - 75% | C105: =C75-C78 -> 11249518 | D105: =D75-D78 -> 5823765 | E105: =E75-E78 -> 6323177.2 | F105: =F75-F78 -> 6870849.8 | G105: =G75-G78 -> 9722000.2 | H105: =H75-H78 -> 6845906.2 | I105: =I75-I78 -> 10890549 | J105: =J75-J78 -> 7579570.5 | ... X105: =X75-X78 -> 540948.6
A106: 18 | B106: 10 years to pay | C106: 69820.214 | D106: 73795.418 | E106: 78474.428 | F106: 78852.398 | N106: 127975.49 | O106: 69820.214 | P106: 73795.418 | Q106: 78852.398 | R106: 143016.09 | V106: 10861.212 | X106: 11730.109
A107: 19 | B107: 15 years to pay | C107: =C105*B108 -> 101113.82 | D107: 57631.209 | E107: 61285.325 | F107: =F105*$B108 -> 61757.121 | G107: =G105*$B108 -> 87384.06 | H107: =H105*$B108 -> 61532.922 | I107: =I105*$B108 -> 97887.304 | J107: =J105*$B108 -> 68127.302 | K107: =K105*$B108 -> 68059.067 | L107: =L105*$B108 -> 90147.559 | M107: =M105*$B108 -> 54217.206 | ... X107: =X105*$B108 -> 4862.1975
B108: 0.00898828 | C108: =C105*B108 -> 101113.82
A110: PACKAGE BREAKDOWN - PSG2 (25 units)
B111: Type | C111: =C7 -> 1BR, Fully Fitted | D111: =D7 -> 1BR, Fully Fitted | E111: =E7 -> 1BR, Fully Fitted | F111: =F7 -> 1BR, Fully Fitted | G111: =G7 -> 1BR, Fully Fitted | H111: =H7 -> 1BR, Fully Fitted | I111: =I7 -> 1BR, Fully Fitted | J111: =J7 -> 1BR, Fully Fitted | ... X111: =X7 -> Parking Slot - Small
C112: =C8 -> Unit A | D112: =D8 -> Unit B | E112: =E8 -> Unit C | F112: =F8 -> Unit D | G112: =G8 -> Unit E | H112: =H8 -> Unit F | I112: =I8 -> Unit G | J112: =J8 -> Unit H | ... X112: =X8 -> 0
A113: 1 | B113: Area | C113: =C9 -> 98.5 | D113: =D9 -> 51.02 | E113: =E9 -> 55.62 | F113: =F9 -> 60.78 | G113: =G9 -> 83.49 | H113: =H9 -> 61.03 | I113: =I9 -> 94.79 | J113: =J9 -> 67.79 | ... X113: =X9 -> 10.75
A114: 2 | B114: Balcony Area | C114: =C10 -> 10.46 | D114: =D10 -> 5.36 | E114: =E10 -> 5.37 | F114: =F10 -> 5.15 | G114: =G10 -> 12.31 | H114: =H10 -> 4.19 | I114: =I10 -> 11.26 | J114: =J10 -> 4.2 | ... X114: =X10 -> 0
A115: 3 | B115: Total Area | C115: =C11 -> 108.96 | D115: =D11 -> 56.38 | E115: =E11 -> 60.99 | F115: =F11 -> 65.93 | G115: =G11 -> 95.8 | H115: =H11 -> 65.22 | I115: =I11 -> 106.05 | J115: =J11 -> 71.99 | ... X115: =X11 -> 10.75
A117: 4 | B117: Price per sq. m. | C117: ='[15]IS Comparison 07142021 - DR2'!CC4 -> 123000 | D117: =$C$117 -> 123000 | E117: =$C$117 -> 123000 | F117: =$C$117 -> 123000 | G117: =$C$117 -> 123000 | H117: =$C$117 -> 123000 | I117: =$C$117 -> 123000 | J117: =$C$117 -> 123000 | K117: =$C$117 -> 123000 | ... M117: =$C$117 -> 123000 | N117: 160000 | O117: 160000 | P117: 160000 | Q117: 160000 | R117: 160000 | S117: 160000 | T117: 160000 | U117: 160000 | V117: =V65 -> 69600 | W117: =W65 -> 69600 | X117: =X65 -> 69600
A118: 5 | B118: Price of Unit | C118: =C113*C117 -> 12115500 | D118: =D113*D117 -> 6275460 | E118: =E113*E117 -> 6841260 | F118: =F113*F117 -> 7475940 | G118: =G113*G117 -> 10269270 | H118: =H117*H113 -> 7506690 | I118: =I117*I113 -> 11659170 | J118: =J117*J113 -> 8338170 | K118: =K117*K113 -> 8329560 | L118: =L117*L113 -> 10596450 | M118: =M117*M113 -> 6584190 | N118: =N117*N115 -> 7110400 | O118: =O117*O115 -> 7108800 | P118: =P117*P115 -> 5816000 | Q118: =Q117*Q115 -> 12689600 | R118: =R117*R115 -> 7411200 | S118: =S117*S115 -> 8108800 | T118: =T117*T115 -> 8859200 | U118: =U117*U115 -> 13126400 | ... X118: =X117*X115 -> 748200
A119: 6 | B119: Price per sq. m. (balcony) | C119: =60000 -> 60000 | D119: =60000 -> 60000 | E119: =60000 -> 60000 | F119: =60000 -> 60000 | G119: =60000 -> 60000 | H119: =60000 -> 60000 | I119: =60000 -> 60000 | J119: =60000 -> 60000 | ... M119: =60000 -> 60000
A120: 7 | B120: Price of Balcony | C120: =C119*C114 -> 627600 | D120: =D119*D114 -> 321600 | E120: =E119*E114 -> 322200 | F120: =F119*F114 -> 309000 | G120: =G119*G114 -> 738600 | H120: =H119*H114 -> 251400 | I120: =I119*I114 -> 675600 | J120: =J119*J114 -> 252000 | ... M120: =M119*M114 -> 250800
...

Sheet Internal Pricelist - PS
O1: 500 | P1: 2000 | Q1: 0.005 | R1: 1000 | S1: 1000
A2: Residential | B2: No. | C2: Sale Status | D2: Actual Floor | E2: Building Floor | F2: Unit | G2: Unit Code | H2: Unit Type | I2: Floor Area | J2: Balcony | K2: Total Area | L2: Total Selling Price | M2: Discount | N2: Floor Nominal | O2: Floor Additive | P2: Special Additive | Q2: Recovery Additive | R2: Corner | S2: Facing East | T2: Configuration | U2: level additives | V2: Total Additives | W2: Net Selling Price | X2: LMF | Y2: BF | Z2: VAT | AA2: TCP | AB2: Price per sqm | AC2: DP% | AD2: Equity | AE2: RF | AF2: Monthly Equity | AG2: Equity Term | AH2: Loanable Amount | AI2: SUM | AJ2: Variance | AK2: 44470 | AL2: 44521 | AM2: 44551 | AN2: 44562 | AO2: 44593 | AP2: 44621 | AQ2: 44652 | AR2: 44682 | AS2: 44713 | AT2: 44743 | AU2: 44774 | AV2: 44805 | AW2: 44835 | AX2: 44866 | AY2: 44896 | AZ2: 44927 | BA2: 44958 | BB2: 44986 | BC2: 45017 | BD2: 45047 | BE2: 45078 | BF2: 45108 | BG2: 45139 | BH2: 45170 | BI2: 45200 | BJ2: 45231 | BK2: 45261 | BL2: 45292 | BM2: 45323 | BN2: 45352 | BO2: 45383 | BP2: 45413 | BQ2: 45444 | BR2: 45474 | BS2: 45505 | BT2: 45536 | BU2: 45566 | BV2: 45597 | BW2: 45627 | BX2: 45658 | BY2: 45689 | BZ2: 45717 | CA2: 45748 | CB2: 45778 | CC2: 45809 | CD2: 45839 | CE2: 45870 | CF2: 45901 | CG2: 45931 | CH2: 45962 | CI2: 45992 | CJ2: 46023 | CK2: 46054 | CL2: 46082 | CM2: 46113 | CN2: 46143 | CO2: 46174 | CP2: 46204 | CQ2: 46235 | CR2: 46266 | CS2: 46296 | CT2: 46327 | CU2: 46357 | CV2: 46388 | CW2: 46419 | CX2: 46447 | CY2: 46478 | CZ2: 46508 | DA2: 46539 | DB2: 46569 | DC2: 46600 | DD2: 46631 | DE2: 46661 | DF2: 46692 | DG2: 46722 | DH2: 46753 | DI2: 46784 | DJ2: 46813 | DK2: 46844 | DL2: 46874 | DM2: 46905 | DN2: 46935 | DO2: 46966 | DP2: 46997 | DQ2: 47027 | DR2: 47058 | DS2: 47088 | DT2: 47119 | DU2: 47150 | DV2: 47178 | DW2: 47209 | DX2: 47239 | DY2: 47270 | DZ2: 47300 | EA2: 47331 | EB2: 47362 | EC2: 47392 | ED2: 47423 | EE2: 47453 | EF2: 47484 | EG2: 47515 | EH2: 47543 | EI2: 47574 | EJ2: 47604 | EK2: 47635 | EL2: 47665 | EM2: 47696 | EN2: 47727 | EO2: 47757 | EP2: 47788 | EQ2: 47818 | ER2: 47849 | ES2: 47880 | EV2: SP/SQM
A3: 1 | B3: 1 | C3: Unsold | D3: 4th | E3: 5th | F3: A | G3: 5A | H3: 2-BR | I3: ='[18]Collection Unsold 10.15.21'!G4 -> 98.5 | J3: ='[18]Collection Unsold 10.15.21'!H4 -> 10.46 | K3: =I3+J3 -> 108.96 | L3: ='Package Breakdown - Casas 10.21'!C69 -> 12447600 | N3: 1 | O3: =I3*N3*500 -> 49250 | R3: =I3*1000 -> 98500 | S3: =I3*1000 -> 98500 | T3: CORNER | V3: =SUM(O3:S3) -> 246250 | W3: =L3-M3+V3 -> 12693850 | X3: =W3*6% -> 761631 | Y3: =W3*2.5% -> 317346.25 | Z3: =W3*12% -> 1523262 | AA3: =W3+X3+Y3+Z3 -> 15296089 | AB3: =AA3/K3 -> 140382.61 | AC3: 0.25 | AD3: =AA3*AC3 -> 3824022.3 | AE3: 50000 | AF3: =(AD3-AE3)/(AG3) -> 87767.961 | AG3: 43 | AH3: =AA3-AD3 -> 11472067 | AI3: =SUM(AK3:CK3) -> 0 | AJ3: =AI3-AA3 -> -15296089 | EV3: =W3/K3 -> 116500.09
B4: 2 | C4: Unsold | D4: 4th | E4: 5th | F4: B | G4: 5B | H4: 1-BR | I4: ='[18]Collection Unsold 10.15.21'!G5 -> 51.02 | J4: ='[18]Collection Unsold 10.15.21'!H5 -> 5.36 | K4: =I4+J4 -> 56.38 | L4: ='Package Breakdown - Casas 10.21'!D69 -> 6444000 | N4: 1 | O4: =I4*N4*500 -> 25510 | S4: =I4*1000 -> 51020 | T4: INNER | V4: =SUM(O4:S4) -> 76530 | W4: =L4-M4+V4 -> 6520530 | X4: =W4*6% -> 391231.8 | Y4: =W4*2.5% -> 163013.25 | Z4: =W4*12% -> 782463.6 | AA4: =W4+X4+Y4+Z4 -> 7857238.6 | AB4: =AA4/K4 -> 139362.16 | AC4: 0.25 | AD4: =AA4*AC4 -> 1964309.7 | AE4: 50000 | AF4: =(AD4-AE4)/(AG4) -> 44518.829 | AG4: 43 | AH4: =AA4-AD4 -> 5892929 | AI4: =SUM(AK4:CK4) -> 0 | AJ4: =AI4-AA4 -> -7857238.6 | EV4: =W4/K4 -> 115653.25
B5: 3 | C5: Unsold | D5: 4th | E5: 5th | F5: C | G5: 5C | H5: 2-BR | I5: ='[18]Collection Unsold 10.15.21'!G6 -> 55.62 | J5: ='[18]Collection Unsold 10.15.21'!H6 -> 5.37 | K5: =I5+J5 -> 60.99 | L5: ='Package Breakdown - Casas 10.21'!E69 -> 6996600 | N5: 1 | O5: =I5*N5*500 -> 27810 | S5: =I5*1000 -> 55620 | T5: INNER | V5: =SUM(O5:S5) -> 83430 | W5: =L5-M5+V5 -> 7080030 | X5: =W5*6% -> 424801.8 | Y5: =W5*2.5% -> 177000.75 | Z5: =W5*12% -> 849603.6 | AA5: =W5+X5+Y5+Z5 -> 8531436.2 | AB5: =AA5/K5 -> 139882.54 | AC5: 0.25 | AD5: =AA5*AC5 -> 2132859 | AE5: 50000 | AF5: =(AD5-AE5)/(AG5) -> 48438.582 | AG5: 43 | AH5: =AA5-AD5 -> 6398577.1 | AI5: =SUM(AK5:CK5) -> 0 | AJ5: =AI5-AA5 -> -8531436.2 | EV5: =W5/K5 -> 116085.1
B6: 4 | C6: Unsold | D6: 4th | E6: 5th | F6: D | G6: 5D | H6: 2-BR | I6: ='[18]Collection Unsold 10.15.21'!G7 -> 60.78 | J6: ='[18]Collection Unsold 10.15.21'!H7 -> 5.15 | K6: =I6+J6 -> 65.93 | L6: ='Package Breakdown - Casas 10.21'!F69 -> 7602600 | N6: 1 | O6: =I6*N6*500 -> 30390 | S6: =I6*1000 -> 60780 | T6: INNER | V6: =SUM(O6:S6) -> 91170 | W6: =L6-M6+V6 -> 7693770 | X6: =W6*6% -> 461626.2 | Y6: =W6*2.5% -> 192344.25 | Z6: =W6*12% -> 923252.4 | AA6: =W6+X6+Y6+Z6 -> 9270992.8 | AB6: =AA6/K6 -> 140618.73 | AC6: 0.25 | AD6: =AA6*AC6 -> 2317748.2 | AE6: 50000 | AF6: =(AD6-AE6)/(AG6) -> 52738.331 | AG6: 43 | AH6: =AA6-AD6 -> 6953244.6 | AI6: =SUM(AK6:CK6) -> 0 | AJ6: =AI6-AA6 -> -9270992.8 | EV6: =W6/K6 -> 116696.04
B7: 5 | C7: Unsold | D7: 4th | E7: 5th | F7: E | G7: 5E | H7: 2-BR | I7: ='[18]Collection Unsold 10.15.21'!G8 -> 83.49 | J7: ='[18]Collection Unsold 10.15.21'!H8 -> 12.31 | K7: =I7+J7 -> 95.8 | L7: ='Package Breakdown - Casas 10.21'!G69 -> 10757400 | N7: 1 | O7: =I7*N7*500 -> 41745 | R7: =I7*1000 -> 83490 | S7: =I7*1000 -> 83490 | T7: CORNER | V7: =SUM(O7:S7) -> 208725 | W7: =L7-M7+V7 -> 10966125 | X7: =W7*6% -> 657967.5 | Y7: =W7*2.5% -> 274153.12 | Z7: =W7*12% -> 1315935 | AA7: =W7+X7+Y7+Z7 -> 13214181 | AB7: =AA7/K7 -> 137935.08 | AC7: 0.25 | AD7: =AA7*AC7 -> 3303545.2 | AE7: 50000 | AF7: =(AD7-AE7)/(AG7) -> 75663.841 | AG7: 43 | AH7: =AA7-AD7 -> 9910635.5 | AI7: =SUM(AK7:CK7) -> 0 | AJ7: =AI7-AA7 -> -13214181 | EV7: =W7/K7 -> 114468.95
B8: 6 | C8: Unsold | D8: 4th | E8: 5th | F8: F | G8: 5F | H8: 2-BR | I8: ='[18]Collection Unsold 10.15.21'!G9 -> 61.03 | J8: ='[18]Collection Unsold 10.15.21'!H9 -> 4.19 | K8: =I8+J8 -> 65.22 | L8: ='Package Breakdown - Casas 10.21'!H69 -> 7575000 | N8: 1 | O8: =I8*N8*500 -> 30515 | T8: INNER | V8: =SUM(O8:S8) -> 30515 | W8: =L8-M8+V8 -> 7605515 | X8: =W8*6% -> 456330.9 | Y8: =W8*2.5% -> 190137.88 | Z8: =W8*12% -> 912661.8 | AA8: =W8+X8+Y8+Z8 -> 9164645.6 | AB8: =AA8/K8 -> 140518.94 | AC8: 0.25 | AD8: =AA8*AC8 -> 2291161.4 | AE8: 50000 | AF8: =(AD8-AE8)/(AG8) -> 52120.032 | AG8: 43 | AH8: =AA8-AD8 -> 6873484.2 | AI8: =SUM(AK8:CK8) -> 0 | AJ8: =AI8-AA8 -> -9164645.6 | EV8: =W8/K8 -> 116613.23
B9: 7 | C9: Unsold | D9: 4th | E9: 5th | F9: G | G9: 5G | H9: 2-BR | I9: ='[18]Collection Unsold 10.15.21'!G10 -> 94.79 | J9: ='[18]Collection Unsold 10.15.21'!H10 -> 11.26 | K9: =I9+J9 -> 106.05 | L9: ='Package Breakdown - Casas 10.21'!I69 -> 12050400 | N9: 1 | O9: =I9*N9*500 -> 47395 | R9: =I9*1000 -> 94790 | T9: CORNER | V9: =SUM(O9:S9) -> 142185 | W9: =L9-M9+V9 -> 12192585 | X9: =W9*6% -> 731555.1 | Y9: =W9*2.5% -> 304814.62 | Z9: =W9*12% -> 1463110.2 | AA9: =W9+X9+Y9+Z9 -> 14692065 | AB9: =AA9/K9 -> 138539.04 | AC9: 0.25 | AD9: =AA9*AC9 -> 3673016.2 | AE9: 50000 | AF9: =(AD9-AE9)/(AG9) -> 84256.191 | AG9: 43 | AH9: =AA9-AD9 -> 11019049 | AI9: =SUM(AL9:CK9) -> 0 | AJ9: =AI9-AA9 -> -14692065 | EV9: =W9/K9 -> 114970.16
B10: 8 | C10: Unsold | D10: 4th | E10: 5th | F10: H | G10: 5H | H10: 2-BR | I10: ='[18]Collection Unsold 10.15.21'!G11 -> 67.79 | J10: ='[18]Collection Unsold 10.15.21'!H11 -> 4.2 | K10: =I10+J10 -> 71.99 | L10: ='Package Breakdown - Casas 10.21'!J69 -> 8386800 | N10: 1 | O10: =I10*N10*500 -> 33895 | T10: INNER | V10: =SUM(O10:S10) -> 33895 | W10: =L10-M10+V10 -> 8420695 | X10: =W10*6% -> 505241.7 | Y10: =W10*2.5% -> 210517.38 | Z10: =W10*12% -> 1010483.4 | AA10: =W10+X10+Y10+Z10 -> 10146937 | AB10: =AA10/K10 -> 140949.26 | AC10: 0.25 | AD10: =AA10*AC10 -> 2536734.4 | AE10: 50000 | AF10: =(AD10-AE10)/(AG10) -> 57831.032 | AG10: 43 | AH10: =AA10-AD10 -> 7610203.1 | AI10: =SUM(AL10:CK10) -> 0 | AJ10: =AI10-AA10 -> -10146937 | EV10: =W10/K10 -> 116970.34
B11: 9 | C11: Unsold | D11: 4th | E11: 5th | F11: I | G11: 5I | H11: 2-BR | I11: ='[18]Collection Unsold 10.15.21'!G12 -> 67.72 | J11: ='[18]Collection Unsold 10.15.21'!H12 -> 4.2 | K11: =I11+J11 -> 71.92 | L11: ='Package Breakdown - Casas 10.21'!K69 -> 8378400 | N11: 1 | O11: =I11*N11*500 -> 33860 | T11: INNER | V11: =SUM(O11:S11) -> 33860 | W11: =L11-M11+V11 -> 8412260 | X11: =W11*6% -> 504735.6 | Y11: =W11*2.5% -> 210306.5 | Z11: =W11*12% -> 1009471.2 | AA11: =W11+X11+Y11+Z11 -> 10136773 | AB11: =AA11/K11 -> 140945.12 | AC11: 0.25 | AD11: =AA11*AC11 -> 2534193.3 | AE11: 50000 | AF11: =(AD11-AE11)/(AG11) -> 57771.938 | AG11: 43 | AH11: =AA11-AD11 -> 7602580 | AI11: =SUM(AL11:CK11) -> 0 | AJ11: =AI11-AA11 -> -10136773 | EV11: =W11/K11 -> 116966.91
B12: 10 | C12: Unsold | D12: 4th | E12: 5th | F12: J | G12: 5J | H12: 2-BR | I12: ='[18]Collection Unsold 10.15.21'!G13 -> 67.72 | J12: ='[18]Collection Unsold 10.15.21'!H13 -> 4.2 | K12: =I12+J12 -> 71.92 | L12: ='Package Breakdown - Casas 10.21'!K69 -> 8378400 | N12: 1 | O12: =I12*N12*500 -> 33860 | T12: INNER | V12: =SUM(O12:S12) -> 33860 | W12: =L12-M12+V12 -> 8412260 | X12: =W12*6% -> 504735.6 | Y12: =W12*2.5% -> 210306.5 | Z12: =W12*12% -> 1009471.2 | AA12: =W12+X12+Y12+Z12 -> 10136773 | AB12: =AA12/K12 -> 140945.12 | AC12: 0.25 | AD12: =AA12*AC12 -> 2534193.3 | AE12: 50000 | AF12: =(AD12-AE12)/(AG12) -> 57771.938 | AG12: 43 | AH12: =AA12-AD12 -> 7602580 | AI12: =SUM(AL12:CK12) -> 0 | AJ12: =AI12-AA12 -> -10136773 | EV12: =W12/K12 -> 116966.91
B13: 11 | C13: Unsold | D13: 4th | E13: 5th | F13: K | G13: 5K | H13: 2-BR | I13: ='[18]Collection Unsold 10.15.21'!G14 -> 67.72 | J13: ='[18]Collection Unsold 10.15.21'!H14 -> 4.2 | K13: =I13+J13 -> 71.92 | L13: ='Package Breakdown - Casas 10.21'!K69 -> 8378400 | N13: 1 | O13: =I13*N13*500 -> 33860 | T13: INNER | V13: =SUM(O13:S13) -> 33860 | W13: =L13-M13+V13 -> 8412260 | X13: =W13*6% -> 504735.6 | Y13: =W13*2.5% -> 210306.5 | Z13: =W13*12% -> 1009471.2 | AA13: =W13+X13+Y13+Z13 -> 10136773 | AB13: =AA13/K13 -> 140945.12 | AC13: 0.25 | AD13: =AA13*AC13 -> 2534193.3 | AE13: 50000 | AF13: =(AD13-AE13)/(AG13) -> 57771.938 | AG13: 43 | AH13: =AA13-AD13 -> 7602580 | AI13: =SUM(AL13:CK13) -> 0 | AJ13: =AI13-AA13 -> -10136773 | EV13: =W13/K13 -> 116966.91
B14: 12 | C14: Unsold | D14: 4th | E14: 5th | F14: L | G14: 5L | H14: 2-BR | I14: ='[18]Collection Unsold 10.15.21'!G15 -> 86.15 | J14: ='[18]Collection Unsold 10.15.21'!H15 -> 12.66 | K14: =I14+J14 -> 98.81 | L14: ='Package Breakdown - Casas 10.21'!L69 -> 11097600 | N14: 1 | O14: =I14*N14*500 -> 43075 | R14: =I14*1000 -> 86150 | S14: =I14*1000 -> 86150 | T14: CORNER | V14: =SUM(O14:S14) -> 215375 | W14: =L14-M14+V14 -> 11312975 | X14: =W14*6% -> 678778.5 | Y14: =W14*2.5% -> 282824.38 | Z14: =W14*12% -> 1357557 | AA14: =W14+X14+Y14+Z14 -> 13632135 | AB14: =AA14/K14 -> 137963.11 | AC14: 0.25 | AD14: =AA14*AC14 -> 3408033.7 | AE14: 50000 | AF14: =(AD14-AE14)/(AG14) -> 78093.807 | AG14: 43 | AH14: =AA14-AD14 -> 10224101 | AI14: =SUM(AL14:CK14) -> 0 | AJ14: =AI14-AA14 -> -13632135 | EV14: =W14/K14 -> 114492.21
B15: 13 | C15: Not Yet Open | D15: 4th | E15: 5th | F15: M | G15: 5M | H15: 2-BR | I15: ='[18]Collection Unsold 10.15.21'!G16 -> 53.53 | J15: ='[18]Collection Unsold 10.15.21'!H16 -> 4.18 | K15: =I15+J15 -> 57.71 | L15: ='Package Breakdown - Casas 10.21'!M69 -> 6674400 | N15: 1 | O15: =I15*N15*500 -> 26765 | S15: =I15*1000 -> 53530 | T15: INNER | V15: =SUM(O15:S15) -> 80295 | W15: =L15-M15+V15 -> 6754695 | X15: =W15*6% -> 405281.7 | Y15: =W15*2.5% -> 168867.38 | Z15: =W15*12% -> 810563.4 | AA15: =W15+X15+Y15+Z15 -> 8139407.5 | AB15: =AA15/K15 -> 141039.81 | AC15: 0.25 | AD15: =AA15*AC15 -> 2034851.9 | AE15: 50000 | AF15: =(AD15-AE15)/(AG15) -> 46159.346 | AG15: 43 | AH15: =AA15-AD15 -> 6104555.6 | AI15: =SUM(AL15:CK15) -> 0 | AJ15: =AI15-AA15 -> -8139407.5 | EV15: =W15/K15 -> 117045.49
A16: 2 | B16: 14 | C16: Unsold | D16: 5th | E16: 6th | F16: A | G16: 6A | H16: 2-BR | I16: ='[18]Collection Unsold 10.15.21'!G17 -> 98.5 | J16: ='[18]Collection Unsold 10.15.21'!H17 -> 10.46 | K16: =I16+J16 -> 108.96 | L16: =L3 -> 12447600 | N16: 2 | O16: =I16*N16*500 -> 98500 | R16: =I16*1000 -> 98500 | S16: =I16*1000 -> 98500 | T16: =T3 -> CORNER | V16: =SUM(O16:S16) -> 295500 | W16: =L16-M16+V16 -> 12743100 | X16: =W16*6% -> 764586 | Y16: =W16*2.5% -> 318577.5 | Z16: =W16*12% -> 1529172 | AA16: =W16+X16+Y16+Z16 -> 15355436 | AB16: =AA16/K16 -> 140927.27 | AC16: 0.25 | AD16: =AA16*AC16 -> 3838858.9 | AE16: 50000 | AF16: =(AD16-AE16)/(AG16) -> 88112.997 | AG16: 43 | AH16: =AA16-AD16 -> 11516577 | AI16: =SUM(AL16:CK16) -> 0 | AJ16: =AI16-AA16 -> -15355436 | EV16: =W16/K16 -> 116952.09
B17: 15 | C17: Unsold | D17: 5th | E17: 6th | F17: B | G17: 6B | H17: 1-BR | I17: ='[18]Collection Unsold 10.15.21'!G18 -> 51.02 | J17: ='[18]Collection Unsold 10.15.21'!H18 -> 5.36 | K17: =I17+J17 -> 56.38 | L17: =L4 -> 6444000 | N17: 2 | O17: =I17*N17*500 -> 51020 | S17: =I17*1000 -> 51020 | T17: =T4 -> INNER | V17: =SUM(O17:S17) -> 102040 | W17: =L17-M17+V17 -> 6546040 | X17: =W17*6% -> 392762.4 | Y17: =W17*2.5% -> 163651 | Z17: =W17*12% -> 785524.8 | AA17: =W17+X17+Y17+Z17 -> 7887978.2 | AB17: =AA17/K17 -> 139907.38 | AC17: 0.25 | AD17: =AA17*AC17 -> 1971994.6 | AE17: 50000 | AF17: =(AD17-AE17)/(AG17) -> 44697.548 | AG17: 43 | AH17: =AA17-AD17 -> 5915983.7 | AI17: =SUM(AL17:CK17) -> 0 | AJ17: =AI17-AA17 -> -7887978.2 | EV17: =W17/K17 -> 116105.71
B18: 16 | C18: Unsold | D18: 5th | E18: 6th | F18: C | G18: 6C | H18: 2-BR | I18: ='[18]Collection Unsold 10.15.21'!G19 -> 55.62 | J18: ='[18]Collection Unsold 10.15.21'!H19 -> 5.37 | K18: =I18+J18 -> 60.99 | L18: =L5 -> 6996600 | N18: 2 | O18: =I18*N18*500 -> 55620 | S18: =I18*1000 -> 55620 | T18: =T5 -> INNER | V18: =SUM(O18:S18) -> 111240 | W18: =L18-M18+V18 -> 7107840 | X18: =W18*6% -> 426470.4 | Y18: =W18*2.5% -> 177696 | Z18: =W18*12% -> 852940.8 | AA18: =W18+X18+Y18+Z18 -> 8564947.2 | AB18: =AA18/K18 -> 140431.99 | AC18: 0.25 | AD18: =AA18*AC18 -> 2141236.8 | AE18: 50000 | AF18: =(AD18-AE18)/(AG18) -> 48633.414 | AG18: 43 | AH18: =AA18-AD18 -> 6423710.4 | AI18: =SUM(AL18:CK18) -> 0 | AJ18: =AI18-AA18 -> -8564947.2 | EV18: =W18/K18 -> 116541.07
B19: 17 | C19: Unsold | D19: 5th | E19: 6th | F19: D | G19: 6D | H19: 2-BR | I19: ='[18]Collection Unsold 10.15.21'!G20 -> 60.78 | J19: ='[18]Collection Unsold 10.15.21'!H20 -> 5.15 | K19: =I19+J19 -> 65.93 | L19: =L6 -> 7602600 | N19: 2 | O19: =I19*N19*500 -> 60780 | S19: =I19*1000 -> 60780 | T19: =T6 -> INNER | V19: =SUM(O19:S19) -> 121560 | W19: =L19-M19+V19 -> 7724160 | X19: =W19*6% -> 463449.6 | Y19: =W19*2.5% -> 193104 | Z19: =W19*12% -> 926899.2 | AA19: =W19+X19+Y19+Z19 -> 9307612.8 | AB19: =AA19/K19 -> 141174.17 | AC19: 0.25 | AD19: =AA19*AC19 -> 2326903.2 | AE19: 50000 | AF19: =(AD19-AE19)/(AG19) -> 52951.237 | AG19: 43 | AH19: =AA19-AD19 -> 6980709.6 | AI19: =SUM(AL19:CK19) -> 0 | AJ19: =AI19-AA19 -> -9307612.8 | EV19: =W19/K19 -> 117156.98
B20: 18 | C20: Unsold | D20: 5th | E20: 6th | F20: E | G20: 6E | H20: 2-BR | I20: ='[18]Collection Unsold 10.15.21'!G21 -> 83.49 | J20: ='[18]Collection Unsold 10.15.21'!H21 -> 12.31 | K20: =I20+J20 -> 95.8 | L20: =L7 -> 10757400 | N20: 2 | O20: =I20*N20*500 -> 83490 | R20: =I20*1000 -> 83490 | S20: =I20*1000 -> 83490 | T20: =T7 -> CORNER | V20: =SUM(O20:S20) -> 250470 | W20: =L20-M20+V20 -> 11007870 | X20: =W20*6% -> 660472.2 | Y20: =W20*2.5% -> 275196.75 | Z20: =W20*12% -> 1320944.4 | AA20: =W20+X20+Y20+Z20 -> 13264483 | AB20: =AA20/K20 -> 138460.16 | AC20: 0.25 | AD20: =AA20*AC20 -> 3316120.8 | AE20: 50000 | AF20: =(AD20-AE20)/(AG20) -> 75956.299 | AG20: 43 | AH20: =AA20-AD20 -> 9948362.5 | AI20: =SUM(AL20:CK20) -> 0 | AJ20: =AI20-AA20 -> -13264483 | EV20: =W20/K20 -> 114904.7
B21: 19 | C21: Unsold | D21: 5th | E21: 6th | F21: F | G21: 6F | H21: 2-BR | I21: ='[18]Collection Unsold 10.15.21'!G22 -> 61.03 | J21: ='[18]Collection Unsold 10.15.21'!H22 -> 4.19 | K21: =I21+J21 -> 65.22 | L21: =L8 -> 7575000 | N21: 2 | O21: =I21*N21*500 -> 61030 | T21: =T8 -> INNER | V21: =SUM(O21:S21) -> 61030 | W21: =L21-M21+V21 -> 7636030 | X21: =W21*6% -> 458161.8 | Y21: =W21*2.5% -> 190900.75 | Z21: =W21*12% -> 916323.6 | AA21: =W21+X21+Y21+Z21 -> 9201416.2 | AB21: =AA21/K21 -> 141082.74 | AC21: 0.25 | AD21: =AA21*AC21 -> 2300354 | AE21: 50000 | AF21: =(AD21-AE21)/(AG21) -> 52333.815 | AG21: 43 | AH21: =AA21-AD21 -> 6901062.1 | AI21: =SUM(AL21:CK21) -> 0 | AJ21: =AI21-AA21 -> -9201416.2 | EV21: =W21/K21 -> 117081.11
B22: 20 | C22: Unsold | D22: 5th | E22: 6th | F22: G | G22: 6G | H22: 2-BR | I22: ='[18]Collection Unsold 10.15.21'!G23 -> 94.79 | J22: ='[18]Collection Unsold 10.15.21'!H23 -> 11.26 | K22: =I22+J22 -> 106.05 | L22: =L9 -> 12050400 | N22: 2 | O22: =I22*N22*500 -> 94790 | R22: =I22*1000 -> 94790 | T22: =T9 -> CORNER | V22: =SUM(O22:S22) -> 189580 | W22: =L22-M22+V22 -> 12239980 | X22: =W22*6% -> 734398.8 | Y22: =W22*2.5% -> 305999.5 | Z22: =W22*12% -> 1468797.6 | AA22: =W22+X22+Y22+Z22 -> 14749176 | AB22: =AA22/K22 -> 139077.57 | AC22: 0.25 | AD22: =AA22*AC22 -> 3687294 | AE22: 50000 | AF22: =(AD22-AE22)/(AG22) -> 84588.232 | AG22: 43 | AH22: =AA22-AD22 -> 11061882 | AI22: =SUM(AL22:CK22) -> 0 | AJ22: =AI22-AA22 -> -14749176 | EV22: =W22/K22 -> 115417.07
B23: 21 | C23: Unsold | D23: 5th | E23: 6th | F23: H | G23: 6H | H23: 2-BR | I23: ='[18]Collection Unsold 10.15.21'!G24 -> 67.79 | J23: ='[18]Collection Unsold 10.15.21'!H24 -> 4.2 | K23: =I23+J23 -> 71.99 | L23: =L10 -> 8386800 | N23: 2 | O23: =I23*N23*500 -> 67790 | T23: =T10 -> INNER | V23: =SUM(O23:S23) -> 67790 | W23: =L23-M23+V23 -> 8454590 | X23: =W23*6% -> 507275.4 | Y23: =W23*2.5% -> 211364.75 | Z23: =W23*12% -> 1014550.8 | AA23: =W23+X23+Y23+Z23 -> 10187781 | AB23: =AA23/K23 -> 141516.61 | AC23: 0.25 | AD23: =AA23*AC23 -> 2546945.2 | AE23: 50000 | AF23: =(AD23-AE23)/(AG23) -> 58068.494 | AG23: 43 | AH23: =AA23-AD23 -> 7640835.7 | AI23: =SUM(AL23:CK23) -> 0 | AJ23: =AI23-AA23 -> -10187781 | EV23: =W23/K23 -> 117441.17
B24: 22 | C24: Unsold | D24: 5th | E24: 6th | F24: I | G24: 6I | H24: 2-BR | I24: ='[18]Collection Unsold 10.15.21'!G25 -> 67.72 | J24: ='[18]Collection Unsold 10.15.21'!H25 -> 4.2 | K24: =I24+J24 -> 71.92 | L24: =L11 -> 8378400 | N24: 2 | O24: =I24*N24*500 -> 67720 | T24: =T11 -> INNER | V24: =SUM(O24:S24) -> 67720 | W24: =L24-M24+V24 -> 8446120 | X24: =W24*6% -> 506767.2 | Y24: =W24*2.5% -> 211153 | Z24: =W24*12% -> 1013534.4 | AA24: =W24+X24+Y24+Z24 -> 10177575 | AB24: =AA24/K24 -> 141512.44 | AC24: 0.25 | AD24: =AA24*AC24 -> 2544393.6 | AE24: 50000 | AF24: =(AD24-AE24)/(AG24) -> 58009.155 | AG24: 43 | AH24: =AA24-AD24 -> 7633180.9 | AI24: =SUM(AL24:CK24) -> 0 | AJ24: =AI24-AA24 -> -10177575 | EV24: =W24/K24 -> 117437.71
B25: 23 | C25: Unsold | D25: 5th | E25: 6th | F25: J | G25: 6J | H25: 2-BR | I25: ='[18]Collection Unsold 10.15.21'!G26 -> 67.72 | J25: ='[18]Collection Unsold 10.15.21'!H26 -> 4.2 | K25: =I25+J25 -> 71.92 | L25: =L12 -> 8378400 | N25: 2 | O25: =I25*N25*500 -> 67720 | T25: =T12 -> INNER | V25: =SUM(O25:S25) -> 67720 | W25: =L25-M25+V25 -> 8446120 | X25: =W25*6% -> 506767.2 | Y25: =W25*2.5% -> 211153 | Z25: =W25*12% -> 1013534.4 | AA25: =W25+X25+Y25+Z25 -> 10177575 | AB25: =AA25/K25 -> 141512.44 | AC25: 0.25 | AD25: =AA25*AC25 -> 2544393.6 | AE25: 50000 | AF25: =(AD25-AE25)/(AG25) -> 58009.155 | AG25: 43 | AH25: =AA25-AD25 -> 7633180.9 | AI25: =SUM(AL25:CK25) -> 0 | AJ25: =AI25-AA25 -> -10177575 | EV25: =W25/K25 -> 117437.71
B26: 24 | C26: Unsold | D26: 5th | E26: 6th | F26: K | G26: 6K | H26: 2-BR | I26: ='[18]Collection Unsold 10.15.21'!G27 -> 67.72 | J26: ='[18]Collection Unsold 10.15.21'!H27 -> 4.2 | K26: =I26+J26 -> 71.92 | L26: =L13 -> 8378400 | N26: 2 | O26: =I26*N26*500 -> 67720 | T26: =T13 -> INNER | V26: =SUM(O26:S26) -> 67720 | W26: =L26-M26+V26 -> 8446120 | X26: =W26*6% -> 506767.2 | Y26: =W26*2.5% -> 211153 | Z26: =W26*12% -> 1013534.4 | AA26: =W26+X26+Y26+Z26 -> 10177575 | AB26: =AA26/K26 -> 141512.44 | AC26: 0.25 | AD26: =AA26*AC26 -> 2544393.6 | AE26: 50000 | AF26: =(AD26-AE26)/(AG26) -> 58009.155 | AG26: 43 | AH26: =AA26-AD26 -> 7633180.9 | AI26: =SUM(AL26:CK26) -> 0 | AJ26: =AI26-AA26 -> -10177575 | EV26: =W26/K26 -> 117437.71
B27: 25 | C27: Unsold | D27: 5th | E27: 6th | F27: L | G27: 6L | H27: 2-BR | I27: ='[18]Collection Unsold 10.15.21'!G28 -> 86.15 | J27: ='[18]Collection Unsold 10.15.21'!H28 -> 12.66 | K27: =I27+J27 -> 98.81 | L27: =L14 -> 11097600 | N27: 2 | O27: =I27*N27*500 -> 86150 | R27: =I27*1000 -> 86150 | S27: =I27*1000 -> 86150 | T27: =T14 -> CORNER | V27: =SUM(O27:S27) -> 258450 | W27: =L27-M27+V27 -> 11356050 | X27: =W27*6% -> 681363 | Y27: =W27*2.5% -> 283901.25 | Z27: =W27*12% -> 1362726 | AA27: =W27+X27+Y27+Z27 -> 13684040 | AB27: =AA27/K27 -> 138488.41 | AC27: 0.25 | AD27: =AA27*AC27 -> 3421010.1 | AE27: 50000 | AF27: =(AD27-AE27)/(AG27) -> 78395.583 | AG27: 43 | AH27: =AA27-AD27 -> 10263030 | AI27: =SUM(AL27:CK27) -> 0 | AJ27: =AI27-AA27 -> -13684040 | EV27: =W27/K27 -> 114928.14
B28: 26 | C28: Not Yet Open | D28: 5th | E28: 6th | F28: M | G28: 6M | H28: 2-BR | I28: ='[18]Collection Unsold 10.15.21'!G29 -> 53.53 | J28: ='[18]Collection Unsold 10.15.21'!H29 -> 4.18 | K28: =I28+J28 -> 57.71 | L28: =L15 -> 6674400 | N28: 2 | O28: =I28*N28*500 -> 53530 | S28: =I28*1000 -> 53530 | T28: =T15 -> INNER | V28: =SUM(O28:S28) -> 107060 | W28: =L28-M28+V28 -> 6781460 | X28: =W28*6% -> 406887.6 | Y28: =W28*2.5% -> 169536.5 | Z28: =W28*12% -> 813775.2 | AA28: =W28+X28+Y28+Z28 -> 8171659.3 | AB28: =AA28/K28 -> 141598.67 | AC28: 0.25 | AD28: =AA28*AC28 -> 2042914.8 | AE28: 50000 | AF28: =(AD28-AE28)/(AG28) -> 46346.856 | AG28: 43 | AH28: =AA28-AD28 -> 6128744.5 | AI28: =SUM(AL28:CK28) -> 0 | AJ28: =AI28-AA28 -> -8171659.3 | EV28: =W28/K28 -> 117509.27
A29: 3 | B29: 27 | C29: Unsold | D29: 6th | E29: 7th | F29: A | G29: 7A | H29: 2-BR | I29: ='[18]Collection Unsold 10.15.21'!G30 -> 98.5 | J29: ='[18]Collection Unsold 10.15.21'!H30 -> 10.46 | K29: =I29+J29 -> 108.96 | L29: =L3 -> 12447600 | N29: 3 | O29: =I29*N29*500 -> 147750 | R29: =I29*1000 -> 98500 | S29: =I29*1000 -> 98500 | T29: =T3 -> CORNER | V29: =SUM(O29:S29) -> 344750 | W29: =L29-M29+V29 -> 12792350 | X29: =W29*6% -> 767541 | Y29: =W29*2.5% -> 319808.75 | Z29: =W29*12% -> 1535082 | AA29: =W29+X29+Y29+Z29 -> 15414782 | AB29: =AA29/K29 -> 141471.93 | AC29: 0.25 | AD29: =AA29*AC29 -> 3853695.4 | AE29: ='[19]Package Breakdown'!F27 -> 50000 | AF29: =(AD29-AE29)/(AG29) -> 88458.033 | AG29: 43 | AH29: =AA29-AD29 -> 11561086 | AI29: =SUM(AL29:CK29) -> 0 | AJ29: =AI29-AA29 -> -15414782 | EV29: =W29/K29 -> 117404.09
B30: 28 | C30: Unsold | D30: 6th | E30: 7th | F30: B | G30: 7B | H30: 1-BR | I30: ='[18]Collection Unsold 10.15.21'!G31 -> 51.02 | J30: ='[18]Collection Unsold 10.15.21'!H31 -> 5.36 | K30: =I30+J30 -> 56.38 | L30: =L4 -> 6444000 | N30: =$N$29 -> 3 | O30: =I30*N30*500 -> 76530 | S30: =I30*1000 -> 51020 | T30: =T4 -> INNER | V30: =SUM(O30:S30) -> 127550 | W30: =L30-M30+V30 -> 6571550 | X30: =W30*6% -> 394293 | Y30: =W30*2.5% -> 164288.75 | Z30: =W30*12% -> 788586 | AA30: =W30+X30+Y30+Z30 -> 7918717.8 | AB30: =AA30/K30 -> 140452.6 | AC30: 0.25 | AD30: =AA30*AC30 -> 1979679.4 | AE30: =AE29 -> 50000 | AF30: =(AD30-AE30)/(AG30) -> 44876.266 | AG30: 43 | AH30: =AA30-AD30 -> 5939038.3 | AI30: =SUM(AL30:CK30) -> 0 | AJ30: =AI30-AA30 -> -7918717.8 | EV30: =W30/K30 -> 116558.18
B31: 29 | C31: Unsold | D31: 6th | E31: 7th | F31: C | G31: 7C | H31: 2-BR | I31: ='[18]Collection Unsold 10.15.21'!G32 -> 55.62 | J31: ='[18]Collection Unsold 10.15.21'!H32 -> 5.37 | K31: =I31+J31 -> 60.99 | L31: =L5 -> 6996600 | N31: =$N$29 -> 3 | O31: =I31*N31*500 -> 83430 | S31: =I31*1000 -> 55620 | T31: =T5 -> INNER | V31: =SUM(O31:S31) -> 139050 | W31: =L31-M31+V31 -> 7135650 | X31: =W31*6% -> 428139 | Y31: =W31*2.5% -> 178391.25 | Z31: =W31*12% -> 856278 | AA31: =W31+X31+Y31+Z31 -> 8598458.2 | AB31: =AA31/K31 -> 140981.44 | AC31: 0.25 | AD31: =AA31*AC31 -> 2149614.6 | AE31: =AE30 -> 50000 | AF31: =(AD31-AE31)/(AG31) -> 48828.246 | AG31: 43 | AH31: =AA31-AD31 -> 6448843.7 | AI31: =SUM(AL31:CK31) -> 0 | AJ31: =AI31-AA31 -> -8598458.2 | EV31: =W31/K31 -> 116997.05
B32: 30 | C32: Unsold | D32: 6th | E32: 7th | F32: D | G32: 7D | H32: 2-BR | I32: ='[18]Collection Unsold 10.15.21'!G33 -> 60.78 | J32: ='[18]Collection Unsold 10.15.21'!H33 -> 5.15 | K32: =I32+J32 -> 65.93 | L32: =L6 -> 7602600 | N32: =$N$29 -> 3 | O32: =I32*N32*500 -> 91170 | S32: =I32*1000 -> 60780 | T32: =T6 -> INNER | V32: =SUM(O32:S32) -> 151950 | W32: =L32-M32+V32 -> 7754550 | X32: =W32*6% -> 465273 | Y32: =W32*2.5% -> 193863.75 | Z32: =W32*12% -> 930546 | AA32: =W32+X32+Y32+Z32 -> 9344232.8 | AB32: =AA32/K32 -> 141729.6 | AC32: 0.25 | AD32: =AA32*AC32 -> 2336058.2 | AE32: =AE31 -> 50000 | AF32: =(AD32-AE32)/(AG32) -> 53164.144 | AG32: 43 | AH32: =AA32-AD32 -> 7008174.6 | AI32: =SUM(AL32:CK32) -> 0 | AJ32: =AI32-AA32 -> -9344232.8 | EV32: =W32/K32 -> 117617.93
B33: 31 | C33: Unsold | D33: 6th | E33: 7th | F33: E | G33: 7E | H33: 2-BR | I33: ='[18]Collection Unsold 10.15.21'!G34 -> 83.49 | J33: ='[18]Collection Unsold 10.15.21'!H34 -> 12.31 | K33: =I33+J33 -> 95.8 | L33: =L7 -> 10757400 | N33: =$N$29 -> 3 | O33: =I33*N33*500 -> 125235 | R33: =I33*1000 -> 83490 | S33: =I33*1000 -> 83490 | T33: =T7 -> CORNER | V33: =SUM(O33:S33) -> 292215 | W33: =L33-M33+V33 -> 11049615 | X33: =W33*6% -> 662976.9 | Y33: =W33*2.5% -> 276240.38 | Z33: =W33*12% -> 1325953.8 | AA33: =W33+X33+Y33+Z33 -> 13314786 | AB33: =AA33/K33 -> 138985.24 | AC33: 0.25 | AD33: =AA33*AC33 -> 3328696.5 | AE33: =AE32 -> 50000 | AF33: =(AD33-AE33)/(AG33) -> 76248.756 | AG33: 43 | AH33: =AA33-AD33 -> 9986089.6 | AI33: =SUM(AL33:CK33) -> 0 | AJ33: =AI33-AA33 -> -13314786 | EV33: =W33/K33 -> 115340.45
B34: 32 | C34: Unsold | D34: 6th | E34: 7th | F34: F | G34: 7F | H34: 2-BR | I34: ='[18]Collection Unsold 10.15.21'!G35 -> 61.03 | J34: ='[18]Collection Unsold 10.15.21'!H35 -> 4.19 | K34: =I34+J34 -> 65.22 | L34: =L8 -> 7575000 | N34: =$N$29 -> 3 | O34: =I34*N34*500 -> 91545 | T34: =T8 -> INNER | V34: =SUM(O34:S34) -> 91545 | W34: =L34-M34+V34 -> 7666545 | X34: =W34*6% -> 459992.7 | Y34: =W34*2.5% -> 191663.62 | Z34: =W34*12% -> 919985.4 | AA34: =W34+X34+Y34+Z34 -> 9238186.7 | AB34: =AA34/K34 -> 141646.53 | AC34: 0.25 | AD34: =AA34*AC34 -> 2309546.7 | AE34: =AE33 -> 50000 | AF34: =(AD34-AE34)/(AG34) -> 52547.597 | AG34: 43 | AH34: =AA34-AD34 -> 6928640 | AI34: =SUM(AL34:CK34) -> 0 | AJ34: =AI34-AA34 -> -9238186.7 | EV34: =W34/K34 -> 117548.99
B35: 33 | C35: Unsold | D35: 6th | E35: 7th | F35: G | G35: 7G | H35: 2-BR | I35: ='[18]Collection Unsold 10.15.21'!G36 -> 94.79 | J35: ='[18]Collection Unsold 10.15.21'!H36 -> 11.26 | K35: =I35+J35 -> 106.05 | L35: =L9 -> 12050400 | N35: =$N$29 -> 3 | O35: =I35*N35*500 -> 142185 | R35: =I35*1000 -> 94790 | T35: =T9 -> CORNER | V35: =SUM(O35:S35) -> 236975 | W35: =L35-M35+V35 -> 12287375 | X35: =W35*6% -> 737242.5 | Y35: =W35*2.5% -> 307184.38 | Z35: =W35*12% -> 1474485 | AA35: =W35+X35+Y35+Z35 -> 14806287 | AB35: =AA35/K35 -> 139616.1 | AC35: 0.25 | AD35: =AA35*AC35 -> 3701571.7 | AE35: =AE34 -> 50000 | AF35: =(AD35-AE35)/(AG35) -> 84920.273 | AG35: 43 | AH35: =AA35-AD35 -> 11104715 | AI35: =SUM(AL35:CK35) -> 0 | AJ35: =AI35-AA35 -> -14806287 | EV35: =W35/K35 -> 115863.98
B36: 34 | C36: Unsold | D36: 6th | E36: 7th | F36: H | G36: 7H | H36: 2-BR | I36: ='[18]Collection Unsold 10.15.21'!G37 -> 67.79 | J36: ='[18]Collection Unsold 10.15.21'!H37 -> 4.2 | K36: =I36+J36 -> 71.99 | L36: =L10 -> 8386800 | N36: 3 | O36: =I36*N36*500 -> 101685 | T36: =T10 -> INNER | V36: =SUM(O36:S36) -> 101685 | W36: =L36-M36+V36 -> 8488485 | X36: =W36*6% -> 509309.1 | Y36: =W36*2.5% -> 212212.12 | Z36: =W36*12% -> 1018618.2 | AA36: =W36+X36+Y36+Z36 -> 10228624 | AB36: =AA36/K36 -> 142083.96 | AC36: 0.25 | AD36: =AA36*AC36 -> 2557156.1 | AE36: =AE35 -> 50000 | AF36: =(AD36-AE36)/(AG36) -> 58305.956 | AG36: 43 | AH36: =AA36-AD36 -> 7671468.3 | AI36: =SUM(AL36:CK36) -> 0 | AJ36: =AI36-AA36 -> -10228624 | EV36: =W36/K36 -> 117912
B37: 35 | C37: Unsold | D37: 6th | E37: 7th | F37: I | G37: 7I | H37: 2-BR | I37: ='[18]Collection Unsold 10.15.21'!G38 -> 67.72 | J37: ='[18]Collection Unsold 10.15.21'!H38 -> 4.2 | K37: =I37+J37 -> 71.92 | L37: =L11 -> 8378400 | N37: =$N$29 -> 3 | O37: =I37*N37*500 -> 101580 | T37: =T11 -> INNER | V37: =SUM(O37:S37) -> 101580 | W37: =L37-M37+V37 -> 8479980 | X37: =W37*6% -> 508798.8 | Y37: =W37*2.5% -> 211999.5 | Z37: =W37*12% -> 1017597.6 | AA37: =W37+X37+Y37+Z37 -> 10218376 | AB37: =AA37/K37 -> 142079.75 | AC37: 0.25 | AD37: =AA37*AC37 -> 2554594 | AE37: =AE35 -> 50000 | AF37: =(AD37-AE37)/(AG37) -> 58246.372 | AG37: 43 | AH37: =AA37-AD37 -> 7663781.9 | AI37: =SUM(AL37:CK37) -> 0 | AJ37: =AI37-AA37 -> -10218376 | EV37: =W37/K37 -> 117908.51
B38: 36 | C38: Unsold | D38: 6th | E38: 7th | F38: J | G38: 7J | H38: 2-BR | I38: ='[18]Collection Unsold 10.15.21'!G39 -> 67.72 | J38: ='[18]Collection Unsold 10.15.21'!H39 -> 4.2 | K38: =I38+J38 -> 71.92 | L38: =L12 -> 8378400 | N38: =$N$29 -> 3 | O38: =I38*N38*500 -> 101580 | T38: =T12 -> INNER | V38: =SUM(O38:S38) -> 101580 | W38: =L38-M38+V38 -> 8479980 | X38: =W38*6% -> 508798.8 | Y38: =W38*2.5% -> 211999.5 | Z38: =W38*12% -> 1017597.6 | AA38: =W38+X38+Y38+Z38 -> 10218376 | AB38: =AA38/K38 -> 142079.75 | AC38: 0.25 | AD38: =AA38*AC38 -> 2554594 | AE38: =AE36 -> 50000 | AF38: =(AD38-AE38)/(AG38) -> 58246.372 | AG38: 43 | AH38: =AA38-AD38 -> 7663781.9 | AI38: =SUM(AL38:CK38) -> 0 | AJ38: =AI38-AA38 -> -10218376 | EV38: =W38/K38 -> 117908.51
B39: 37 | C39: Unsold | D39: 6th | E39: 7th | F39: K | G39: 7K | H39: 2-BR | I39: ='[18]Collection Unsold 10.15.21'!G40 -> 67.72 | J39: ='[18]Collection Unsold 10.15.21'!H40 -> 4.2 | K39: =I39+J39 -> 71.92 | L39: =L13 -> 8378400 | N39: =$N$29 -> 3 | O39: =I39*N39*500 -> 101580 | T39: =T13 -> INNER | V39: =SUM(O39:S39) -> 101580 | W39: =L39-M39+V39 -> 8479980 | X39: =W39*6% -> 508798.8 | Y39: =W39*2.5% -> 211999.5 | Z39: =W39*12% -> 1017597.6 | AA39: =W39+X39+Y39+Z39 -> 10218376 | AB39: =AA39/K39 -> 142079.75 | AC39: 0.25 | AD39: =AA39*AC39 -> 2554594 | AE39: =AE37 -> 50000 | AF39: =(AD39-AE39)/(AG39) -> 58246.372 | AG39: 43 | AH39: =AA39-AD39 -> 7663781.9 | AI39: =SUM(AL39:CK39) -> 0 | AJ39: =AI39-AA39 -> -10218376 | EV39: =W39/K39 -> 117908.51
B40: 38 | C40: Unsold | D40: 6th | E40: 7th | F40: L | G40: 7L | H40: 2-BR | I40: ='[18]Collection Unsold 10.15.21'!G41 -> 86.15 | J40: ='[18]Collection Unsold 10.15.21'!H41 -> 12.66 | K40: =I40+J40 -> 98.81 | L40: =L14 -> 11097600 | N40: =$N$29 -> 3 | O40: =I40*N40*500 -> 129225 | R40: =I40*1000 -> 86150 | S40: =I40*1000 -> 86150 | T40: =T14 -> CORNER | V40: =SUM(O40:S40) -> 301525 | W40: =L40-M40+V40 -> 11399125 | X40: =W40*6% -> 683947.5 | Y40: =W40*2.5% -> 284978.12 | Z40: =W40*12% -> 1367895 | AA40: =W40+X40+Y40+Z40 -> 13735946 | AB40: =AA40/K40 -> 139013.72 | AC40: 0.25 | AD40: =AA40*AC40 -> 3433986.4 | AE40: =AE38 -> 50000 | AF40: =(AD40-AE40)/(AG40) -> 78697.358 | AG40: 43 | AH40: =AA40-AD40 -> 10301959 | AI40: =SUM(AL40:CK40) -> 0 | AJ40: =AI40-AA40 -> -13735946 | EV40: =W40/K40 -> 115364.08
B41: 39 | C41: Not Yet Open | D41: 6th | E41: 7th | F41: M | G41: 7M | H41: 2-BR | I41: ='[18]Collection Unsold 10.15.21'!G42 -> 53.53 | J41: ='[18]Collection Unsold 10.15.21'!H42 -> 4.18 | K41: =I41+J41 -> 57.71 | L41: =L15 -> 6674400 | N41: =$N$29 -> 3 | O41: =I41*N41*500 -> 80295 | S41: =I41*1000 -> 53530 | T41: =T15 -> INNER | V41: =SUM(O41:S41) -> 133825 | W41: =L41-M41+V41 -> 6808225 | X41: =W41*6% -> 408493.5 | Y41: =W41*2.5% -> 170205.62 | Z41: =W41*12% -> 816987 | AA41: =W41+X41+Y41+Z41 -> 8203911.1 | AB41: =AA41/K41 -> 142157.53 | AC41: 0.25 | AD41: =AA41*AC41 -> 2050977.8 | AE41: =AE39 -> 50000 | AF41: =(AD41-AE41)/(AG41) -> 46534.367 | AG41: 43 | AH41: =AA41-AD41 -> 6152933.3 | AI41: =SUM(AL41:CK41) -> 0 | AJ41: =AI41-AA41 -> -8203911.1 | EV41: =W41/K41 -> 117973.05
A42: 4 | B42: 40 | C42: Unsold | D42: 7th | E42: 8th | F42: A | G42: 8A | H42: 2-BR | I42: ='[18]Collection Unsold 10.15.21'!G43 -> 98.5 | J42: ='[18]Collection Unsold 10.15.21'!H43 -> 10.46 | K42: =I42+J42 -> 108.96 | L42: =L3 -> 12447600 | N42: 4 | O42: =I42*N42*500 -> 197000 | P42: =I42*2000 -> 197000 | R42: =I42*1000 -> 98500 | S42: =I42*1000 -> 98500 | T42: =T3 -> CORNER | V42: =SUM(O42:S42) -> 591000 | W42: =L42-M42+V42 -> 13038600 | X42: =W42*6% -> 782316 | Y42: =W42*2.5% -> 325965 | Z42: =W42*12% -> 1564632 | AA42: =W42+X42+Y42+Z42 -> 15711513 | AB42: =AA42/K42 -> 144195.24 | AC42: 0.25 | AD42: =AA42*AC42 -> 3927878.2 | AE42: =AE37 -> 50000 | AF42: =(AD42-AE42)/(AG42) -> 90183.215 | AG42: 43 | AH42: =AA42-AD42 -> 11783635 | AI42: =SUM(AL42:CK42) -> 0 | AJ42: =AI42-AA42 -> -15711513 | EV42: =W42/K42 -> 119664.1
B43: 41 | C43: Unsold | D43: 7th | E43: 8th | F43: B | G43: 8B | H43: 1-BR | I43: ='[18]Collection Unsold 10.15.21'!G44 -> 51.02 | J43: ='[18]Collection Unsold 10.15.21'!H44 -> 5.36 | K43: =I43+J43 -> 56.38 | L43: =L4 -> 6444000 | N43: 4 | O43: =I43*N43*500 -> 102040 | P43: =I43*2000 -> 102040 | S43: =I43*1000 -> 51020 | T43: =T4 -> INNER | V43: =SUM(O43:S43) -> 255100 | W43: =L43-M43+V43 -> 6699100 | X43: =W43*6% -> 401946 | Y43: =W43*2.5% -> 167477.5 | Z43: =W43*12% -> 803892 | AA43: =W43+X43+Y43+Z43 -> 8072415.5 | AB43: =AA43/K43 -> 143178.71 | AC43: 0.25 | AD43: =AA43*AC43 -> 2018103.9 | AE43: =AE42 -> 50000 | AF43: =(AD43-AE43)/(AG43) -> 45769.858 | AG43: 43 | AH43: =AA43-AD43 -> 6054311.6 | AI43: =SUM(AL43:CK43) -> 0 | AJ43: =AI43-AA43 -> -8072415.5 | EV43: =W43/K43 -> 118820.5
B44: 42 | C44: Unsold | D44: 7th | E44: 8th | F44: C | G44: 8C | H44: 2-BR | I44: ='[18]Collection Unsold 10.15.21'!G45 -> 55.62 | J44: ='[18]Collection Unsold 10.15.21'!H45 -> 5.37 | K44: =I44+J44 -> 60.99 | L44: =L5 -> 6996600 | N44: 4 | O44: =I44*N44*500 -> 111240 | P44: =I44*2000 -> 111240 | S44: =I44*1000 -> 55620 | T44: =T5 -> INNER | V44: =SUM(O44:S44) -> 278100 | W44: =L44-M44+V44 -> 7274700 | X44: =W44*6% -> 436482 | Y44: =W44*2.5% -> 181867.5 | Z44: =W44*12% -> 872964 | AA44: =W44+X44+Y44+Z44 -> 8766013.5 | AB44: =AA44/K44 -> 143728.7 | AC44: 0.25 | AD44: =AA44*AC44 -> 2191503.4 | AE44: =AE43 -> 50000 | AF44: =(AD44-AE44)/(AG44) -> 49802.404 | AG44: 43 | AH44: =AA44-AD44 -> 6574510.1 | AI44: =SUM(AL44:CK44) -> 0 | AJ44: =AI44-AA44 -> -8766013.5 | EV44: =W44/K44 -> 119276.93
B45: 43 | C45: Unsold | D45: 7th | E45: 8th | F45: D | G45: 8D | H45: 2-BR | I45: ='[18]Collection Unsold 10.15.21'!G46 -> 60.78 | J45: ='[18]Collection Unsold 10.15.21'!H46 -> 5.15 | K45: =I45+J45 -> 65.93 | L45: =L6 -> 7602600 | N45: 4 | O45: =I45*N45*500 -> 121560 | P45: =I45*2000 -> 121560 | S45: =I45*1000 -> 60780 | T45: =T6 -> INNER | V45: =SUM(O45:S45) -> 303900 | W45: =L45-M45+V45 -> 7906500 | X45: =W45*6% -> 474390 | Y45: =W45*2.5% -> 197662.5 | Z45: =W45*12% -> 948780 | AA45: =W45+X45+Y45+Z45 -> 9527332.5 | AB45: =AA45/K45 -> 144506.79 | AC45: 0.25 | AD45: =AA45*AC45 -> 2381833.1 | AE45: =AE44 -> 50000 | AF45: =(AD45-AE45)/(AG45) -> 54228.677 | AG45: 43 | AH45: =AA45-AD45 -> 7145499.4 | AI45: =SUM(AL45:CK45) -> 0 | AJ45: =AI45-AA45 -> -9527332.5 | EV45: =W45/K45 -> 119922.65
B46: 44 | C46: Unsold | D46: 7th | E46: 8th | F46: E | G46: 8E | H46: 2-BR | I46: ='[18]Collection Unsold 10.15.21'!G47 -> 83.49 | J46: ='[18]Collection Unsold 10.15.21'!H47 -> 12.31 | K46: =I46+J46 -> 95.8 | L46: =L7 -> 10757400 | N46: 4 | O46: =I46*N46*500 -> 166980 | P46: =I46*2000 -> 166980 | R46: =I46*1000 -> 83490 | S46: =I46*1000 -> 83490 | T46: =T7 -> CORNER | V46: =SUM(O46:S46) -> 500940 | W46: =L46-M46+V46 -> 11258340 | X46: =W46*6% -> 675500.4 | Y46: =W46*2.5% -> 281458.5 | Z46: =W46*12% -> 1351000.8 | AA46: =W46+X46+Y46+Z46 -> 13566300 | AB46: =AA46/K46 -> 141610.64 | AC46: 0.25 | AD46: =AA46*AC46 -> 3391574.9 | AE46: =AE45 -> 50000 | AF46: =(AD46-AE46)/(AG46) -> 77711.045 | AG46: 43 | AH46: =AA46-AD46 -> 10174725 | AI46: =SUM(AL46:CK46) -> 0 | AJ46: =AI46-AA46 -> -13566300 | EV46: =W46/K46 -> 117519.21
B47: 45 | C47: Unsold | D47: 7th | E47: 8th | F47: F | G47: 8F | H47: 2-BR | I47: ='[18]Collection Unsold 10.15.21'!G48 -> 61.03 | J47: ='[18]Collection Unsold 10.15.21'!H48 -> 4.19 | K47: =I47+J47 -> 65.22 | L47: =L8 -> 7575000 | N47: 4 | O47: =I47*N47*500 -> 122060 | P47: =I47*2000 -> 122060 | T47: =T8 -> INNER | V47: =SUM(O47:S47) -> 244120 | W47: =L47-M47+V47 -> 7819120 | X47: =W47*6% -> 469147.2 | Y47: =W47*2.5% -> 195478 | Z47: =W47*12% -> 938294.4 | AA47: =W47+X47+Y47+Z47 -> 9422039.6 | AB47: =AA47/K47 -> 144465.5 | AC47: 0.25 | AD47: =AA47*AC47 -> 2355509.9 | AE47: =AE46 -> 50000 | AF47: =(AD47-AE47)/(AG47) -> 53616.509 | AG47: 43 | AH47: =AA47-AD47 -> 7066529.7 | AI47: =SUM(AL47:CK47) -> 0 | AJ47: =AI47-AA47 -> -9422039.6 | EV47: =W47/K47 -> 119888.38
B48: 46 | C48: Unsold | D48: 7th | E48: 8th | F48: G | G48: 8G | H48: 2-BR | I48: ='[18]Collection Unsold 10.15.21'!G49 -> 94.79 | J48: ='[18]Collection Unsold 10.15.21'!H49 -> 11.26 | K48: =I48+J48 -> 106.05 | L48: =L9 -> 12050400 | N48: 4 | O48: =I48*N48*500 -> 189580 | P48: =I48*2000 -> 189580 | R48: =I48*1000 -> 94790 | T48: =T9 -> CORNER | V48: =SUM(O48:S48) -> 473950 | W48: =L48-M48+V48 -> 12524350 | X48: =W48*6% -> 751461 | Y48: =W48*2.5% -> 313108.75 | Z48: =W48*12% -> 1502922 | AA48: =W48+X48+Y48+Z48 -> 15091842 | AB48: =AA48/K48 -> 142308.74 | AC48: 0.25 | AD48: =AA48*AC48 -> 3772960.4 | AE48: =AE47 -> 50000 | AF48: =(AD48-AE48)/(AG48) -> 86580.475 | AG48: 43 | AH48: =AA48-AD48 -> 11318881 | AI48: =SUM(AL48:CK48) -> 0 | AJ48: =AI48-AA48 -> -15091842 | EV48: =W48/K48 -> 118098.54
B49: 47 | C49: Unsold | D49: 7th | E49: 8th | F49: H | G49: 8H | H49: 2-BR | I49: ='[18]Collection Unsold 10.15.21'!G50 -> 67.79 | J49: ='[18]Collection Unsold 10.15.21'!H50 -> 4.2 | K49: =I49+J49 -> 71.99 | L49: =L10 -> 8386800 | N49: 4 | O49: =I49*N49*500 -> 135580 | P49: =I49*2000 -> 135580 | T49: =T10 -> INNER | V49: =SUM(O49:S49) -> 271160 | W49: =L49-M49+V49 -> 8657960 | X49: =W49*6% -> 519477.6 | Y49: =W49*2.5% -> 216449 | Z49: =W49*12% -> 1038955.2 | AA49: =W49+X49+Y49+Z49 -> 10432842 | AB49: =AA49/K49 -> 144920.71 | AC49: 0.25 | AD49: =AA49*AC49 -> 2608210.4 | AE49: =AE48 -> 50000 | AF49: =(AD49-AE49)/(AG49) -> 59493.266 | AG49: 43 | AH49: =AA49-AD49 -> 7824631.3 | AI49: =SUM(AL49:CK49) -> 0 | AJ49: =AI49-AA49 -> -10432842 | EV49: =W49/K49 -> 120266.15
B50: 48 | C50: Unsold | D50: 7th | E50: 8th | F50: I | G50: 8I | H50: 2-BR | I50: ='[18]Collection Unsold 10.15.21'!G51 -> 67.72 | J50: ='[18]Collection Unsold 10.15.21'!H51 -> 4.2 | K50: =I50+J50 -> 71.92 | L50: =L11 -> 8378400 | N50: 4 | O50: =I50*N50*500 -> 135440 | P50: =I50*2000 -> 135440 | T50: =T11 -> INNER | V50: =SUM(O50:S50) -> 270880 | W50: =L50-M50+V50 -> 8649280 | X50: =W50*6% -> 518956.8 | Y50: =W50*2.5% -> 216232 | Z50: =W50*12% -> 1037913.6 | AA50: =W50+X50+Y50+Z50 -> 10422382 | AB50: =AA50/K50 -> 144916.33 | AC50: 0.25 | AD50: =AA50*AC50 -> 2605595.6 | AE50: =AE49 -> 50000 | AF50: =(AD50-AE50)/(AG50) -> 59432.456 | AG50: 43 | AH50: =AA50-AD50 -> 7816786.8 | AI50: =SUM(AL50:CK50) -> 0 | AJ50: =AI50-AA50 -> -10422382 | EV50: =W50/K50 -> 120262.51
B51: 49 | C51: Unsold | D51: 7th | E51: 8th | F51: J | G51: 8J | H51: 2-BR | I51: ='[18]Collection Unsold 10.15.21'!G52 -> 67.72 | J51: ='[18]Collection Unsold 10.15.21'!H52 -> 4.2 | K51: =I51+J51 -> 71.92 | L51: =L12 -> 8378400 | N51: 4 | O51: =I51*N51*500 -> 135440 | P51: =I51*2000 -> 135440 | T51: =T12 -> INNER | V51: =SUM(O51:S51) -> 270880 | W51: =L51-M51+V51 -> 8649280 | X51: =W51*6% -> 518956.8 | Y51: =W51*2.5% -> 216232 | Z51: =W51*12% -> 1037913.6 | AA51: =W51+X51+Y51+Z51 -> 10422382 | AB51: =AA51/K51 -> 144916.33 | AC51: 0.25 | AD51: =AA51*AC51 -> 2605595.6 | AE51: =AE50 -> 50000 | AF51: =(AD51-AE51)/(AG51) -> 59432.456 | AG51: 43 | AH51: =AA51-AD51 -> 7816786.8 | AI51: =SUM(AL51:CK51) -> 0 | AJ51: =AI51-AA51 -> -10422382 | EV51: =W51/K51 -> 120262.51
B52: 50 | C52: Unsold | D52: 7th | E52: 8th | F52: K | G52: 8K | H52: 2-BR | I52: ='[18]Collection Unsold 10.15.21'!G53 -> 67.72 | J52: ='[18]Collection Unsold 10.15.21'!H53 -> 4.2 | K52: =I52+J52 -> 71.92 | L52: =L13 -> 8378400 | N52: 4 | O52: =I52*N52*500 -> 135440 | P52: =I52*2000 -> 135440 | T52: =T13 -> INNER | V52: =SUM(O52:S52) -> 270880 | W52: =L52-M52+V52 -> 8649280 | X52: =W52*6% -> 518956.8 | Y52: =W52*2.5% -> 216232 | Z52: =W52*12% -> 1037913.6 | AA52: =W52+X52+Y52+Z52 -> 10422382 | AB52: =AA52/K52 -> 144916.33 | AC52: 0.25 | AD52: =AA52*AC52 -> 2605595.6 | AE52: =AE51 -> 50000 | AF52: =(AD52-AE52)/(AG52) -> 59432.456 | AG52: 43 | AH52: =AA52-AD52 -> 7816786.8 | AI52: =SUM(AL52:CK52) -> 0 | AJ52: =AI52-AA52 -> -10422382 | EV52: =W52/K52 -> 120262.51
B53: 51 | C53: Unsold | D53: 7th | E53: 8th | F53: L | G53: 8L | H53: 2-BR | I53: ='[18]Collection Unsold 10.15.21'!G54 -> 86.15 | J53: ='[18]Collection Unsold 10.15.21'!H54 -> 12.66 | K53: =I53+J53 -> 98.81 | L53: =L14 -> 11097600 | N53: 4 | O53: =I53*N53*500 -> 172300 | P53: =I53*2000 -> 172300 | R53: =I53*1000 -> 86150 | S53: =I53*1000 -> 86150 | T53: =T14 -> CORNER | V53: =SUM(O53:S53) -> 516900 | W53: =L53-M53+V53 -> 11614500 | X53: =W53*6% -> 696870 | Y53: =W53*2.5% -> 290362.5 | Z53: =W53*12% -> 1393740 | AA53: =W53+X53+Y53+Z53 -> 13995472 | AB53: =AA53/K53 -> 141640.24 | AC53: 0.25 | AD53: =AA53*AC53 -> 3498868.1 | AE53: =AE52 -> 50000 | AF53: =(AD53-AE53)/(AG53) -> 80206.235 | AG53: 43 | AH53: =AA53-AD53 -> 10496604 | AI53: =SUM(AL53:CK53) -> 0 | AJ53: =AI53-AA53 -> -13995472 | EV53: =W53/K53 -> 117543.77
B54: 52 | C54: Not Yet Open | D54: 7th | E54: 8th | F54: M | G54: 8M | H54: 2-BR | I54: ='[18]Collection Unsold 10.15.21'!G55 -> 53.53 | J54: ='[18]Collection Unsold 10.15.21'!H55 -> 4.18 | K54: =I54+J54 -> 57.71 | L54: =L15 -> 6674400 | N54: 4 | O54: =I54*N54*500 -> 107060 | P54: =I54*2000 -> 107060 | S54: =I54*1000 -> 53530 | T54: =T15 -> INNER | V54: =SUM(O54:S54) -> 267650 | W54: =L54-M54+V54 -> 6942050 | X54: =W54*6% -> 416523 | Y54: =W54*2.5% -> 173551.25 | Z54: =W54*12% -> 833046 | AA54: =W54+X54+Y54+Z54 -> 8365170.2 | AB54: =AA54/K54 -> 144951.83 | AC54: 0.25 | AD54: =AA54*AC54 -> 2091292.6 | AE54: =AE53 -> 50000 | AF54: =(AD54-AE54)/(AG54) -> 47471.92 | AG54: 43 | AH54: =AA54-AD54 -> 6273877.7 | AI54: =SUM(AL54:CK54) -> 0 | AJ54: =AI54-AA54 -> -8365170.2 | EV54: =W54/K54 -> 120291.98
A55: 5 | B55: 53 | C55: Unsold | D55: 8th | E55: 9th | F55: A | G55: 9A | H55: 2-BR | I55: ='[18]Collection Unsold 10.15.21'!G56 -> 98.5 | J55: ='[18]Collection Unsold 10.15.21'!H56 -> 10.46 | K55: =I55+J55 -> 108.96 | L55: =L3 -> 12447600 | N55: 5 | O55: =I55*N55*500 -> 246250 | R55: =I55*1000 -> 98500 | S55: =I55*1000 -> 98500 | T55: =T3 -> CORNER | V55: =SUM(O55:S55) -> 443250 | W55: =L55-M55+V55 -> 12890850 | X55: =W55*6% -> 773451 | Y55: =W55*2.5% -> 322271.25 | Z55: =W55*12% -> 1546902 | AA55: =W55+X55+Y55+Z55 -> 15533474 | AB55: =AA55/K55 -> 142561.25 | AC55: 0.25 | AD55: =AA55*AC55 -> 3883368.6 | AE55: =AE49 -> 50000 | AF55: =(AD55-AE55)/(AG55) -> 89148.106 | AG55: 43 | AH55: =AA55-AD55 -> 11650106 | AI55: =SUM(AL55:CK55) -> 0 | AJ55: =AI55-AA55 -> -15533474 | EV55: =W55/K55 -> 118308.09
B56: 54 | C56: Unsold | D56: 8th | E56: 9th | F56: B | G56: 9B | H56: 1-BR | I56: ='[18]Collection Unsold 10.15.21'!G57 -> 51.02 | J56: ='[18]Collection Unsold 10.15.21'!H57 -> 5.36 | K56: =I56+J56 -> 56.38 | L56: =L4 -> 6444000 | N56: 5 | O56: =I56*N56*500 -> 127550 | S56: =I56*1000 -> 51020 | T56: =T4 -> INNER | V56: =SUM(O56:S56) -> 178570 | W56: =L56-M56+V56 -> 6622570 | X56: =W56*6% -> 397354.2 | Y56: =W56*2.5% -> 165564.25 | Z56: =W56*12% -> 794708.4 | AA56: =W56+X56+Y56+Z56 -> 7980196.9 | AB56: =AA56/K56 -> 141543.04 | AC56: 0.25 | AD56: =AA56*AC56 -> 1995049.2 | AE56: =AE55 -> 50000 | AF56: =(AD56-AE56)/(AG56) -> 45233.703 | AG56: 43 | AH56: =AA56-AD56 -> 5985147.6 | AI56: =SUM(AL56:CK56) -> 0 | AJ56: =AI56-AA56 -> -7980196.9 | EV56: =W56/K56 -> 117463.11
B57: 55 | C57: Unsold | D57: 8th | E57: 9th | F57: C | G57: 9C | H57: 2-BR | I57: ='[18]Collection Unsold 10.15.21'!G58 -> 55.62 | J57: ='[18]Collection Unsold 10.15.21'!H58 -> 5.37 | K57: =I57+J57 -> 60.99 | L57: =L5 -> 6996600 | N57: 5 | O57: =I57*N57*500 -> 139050 | S57: =I57*1000 -> 55620 | T57: =T5 -> INNER | V57: =SUM(O57:S57) -> 194670 | W57: =L57-M57+V57 -> 7191270 | X57: =W57*6% -> 431476.2 | Y57: =W57*2.5% -> 179781.75 | Z57: =W57*12% -> 862952.4 | AA57: =W57+X57+Y57+Z57 -> 8665480.3 | AB57: =AA57/K57 -> 142080.35 | AC57: 0.25 | AD57: =AA57*AC57 -> 2166370.1 | AE57: =AE56 -> 50000 | AF57: =(AD57-AE57)/(AG57) -> 49217.909 | AG57: 43 | AH57: =AA57-AD57 -> 6499110.3 | AI57: =SUM(AL57:CK57) -> 0 | AJ57: =AI57-AA57 -> -8665480.3 | EV57: =W57/K57 -> 117909
B58: 56 | C58: Unsold | D58: 8th | E58: 9th | F58: D | G58: 9D | H58: 2-BR | I58: ='[18]Collection Unsold 10.15.21'!G59 -> 60.78 | J58: ='[18]Collection Unsold 10.15.21'!H59 -> 5.15 | K58: =I58+J58 -> 65.93 | L58: =L6 -> 7602600 | N58: 5 | O58: =I58*N58*500 -> 151950 | S58: =I58*1000 -> 60780 | T58: =T6 -> INNER | V58: =SUM(O58:S58) -> 212730 | W58: =L58-M58+V58 -> 7815330 | X58: =W58*6% -> 468919.8 | Y58: =W58*2.5% -> 195383.25 | Z58: =W58*12% -> 937839.6 | AA58: =W58+X58+Y58+Z58 -> 9417472.7 | AB58: =AA58/K58 -> 142840.48 | AC58: 0.25 | AD58: =AA58*AC58 -> 2354368.2 | AE58: =AE57 -> 50000 | AF58: =(AD58-AE58)/(AG58) -> 53589.957 | AG58: 43 | AH58: =AA58-AD58 -> 7063104.5 | AI58: =SUM(AL58:CK58) -> 0 | AJ58: =AI58-AA58 -> -9417472.7 | EV58: =W58/K58 -> 118539.81
B59: 57 | C59: Unsold | D59: 8th | E59: 9th | F59: E | G59: 9E | H59: 2-BR | I59: ='[18]Collection Unsold 10.15.21'!G60 -> 83.49 | J59: ='[18]Collection Unsold 10.15.21'!H60 -> 12.31 | K59: =I59+J59 -> 95.8 | L59: =L7 -> 10757400 | N59: 5 | O59: =I59*N59*500 -> 208725 | R59: =I59*1000 -> 83490 | S59: =I59*1000 -> 83490 | T59: =T7 -> CORNER | V59: =SUM(O59:S59) -> 375705 | W59: =L59-M59+V59 -> 11133105 | X59: =W59*6% -> 667986.3 | Y59: =W59*2.5% -> 278327.62 | Z59: =W59*12% -> 1335972.6 | AA59: =W59+X59+Y59+Z59 -> 13415392 | AB59: =AA59/K59 -> 140035.4 | AC59: 0.25 | AD59: =AA59*AC59 -> 3353847.9 | AE59: =AE58 -> 50000 | AF59: =(AD59-AE59)/(AG59) -> 76833.672 | AG59: 43 | AH59: =AA59-AD59 -> 10061544 | AI59: =SUM(AL59:CK59) -> 0 | AJ59: =AI59-AA59 -> -13415392 | EV59: =W59/K59 -> 116211.95
B60: 58 | C60: Unsold | D60: 8th | E60: 9th | F60: F | G60: 9F | H60: 2-BR | I60: ='[18]Collection Unsold 10.15.21'!G61 -> 61.03 | J60: ='[18]Collection Unsold 10.15.21'!H61 -> 4.19 | K60: =I60+J60 -> 65.22 | L60: =L8 -> 7575000 | N60: 5 | O60: =I60*N60*500 -> 152575 | T60: =T8 -> INNER | V60: =SUM(O60:S60) -> 152575 | W60: =L60-M60+V60 -> 7727575 | X60: =W60*6% -> 463654.5 | Y60: =W60*2.5% -> 193189.38 | Z60: =W60*12% -> 927309 | AA60: =W60+X60+Y60+Z60 -> 9311727.9 | AB60: =AA60/K60 -> 142774.12 | AC60: 0.25 | AD60: =AA60*AC60 -> 2327932 | AE60: =AE59 -> 50000 | AF60: =(AD60-AE60)/(AG60) -> 52975.162 | AG60: 43 | AH60: =AA60-AD60 -> 6983795.9 | AI60: =SUM(AL60:CK60) -> 0 | AJ60: =AI60-AA60 -> -9311727.9 | EV60: =W60/K60 -> 118484.74
B61: 59 | C61: Unsold | D61: 8th | E61: 9th | F61: G | G61: 9G | H61: 2-BR | I61: ='[18]Collection Unsold 10.15.21'!G62 -> 94.79 | J61: ='[18]Collection Unsold 10.15.21'!H62 -> 11.26 | K61: =I61+J61 -> 106.05 | L61: =L9 -> 12050400 | N61: 5 | O61: =I61*N61*500 -> 236975 | R61: =I61*1000 -> 94790 | T61: =T9 -> CORNER | V61: =SUM(O61:S61) -> 331765 | W61: =L61-M61+V61 -> 12382165 | X61: =W61*6% -> 742929.9 | Y61: =W61*2.5% -> 309554.12 | Z61: =W61*12% -> 1485859.8 | AA61: =W61+X61+Y61+Z61 -> 14920509 | AB61: =AA61/K61 -> 140693.15 | AC61: 0.25 | AD61: =AA61*AC61 -> 3730127.2 | AE61: =AE60 -> 50000 | AF61: =(AD61-AE61)/(AG61) -> 85584.354 | AG61: 43 | AH61: =AA61-AD61 -> 11190382 | AI61: =SUM(AL61:CK61) -> 0 | AJ61: =AI61-AA61 -> -14920509 | EV61: =W61/K61 -> 116757.8
B62: 60 | C62: Unsold | D62: 8th | E62: 9th | F62: H | G62: 9H | H62: 2-BR | I62: ='[18]Collection Unsold 10.15.21'!G63 -> 67.79 | J62: ='[18]Collection Unsold 10.15.21'!H63 -> 4.2 | K62: =I62+J62 -> 71.99 | L62: =L10 -> 8386800 | N62: 5 | O62: =I62*N62*500 -> 169475 | T62: =T10 -> INNER | V62: =SUM(O62:S62) -> 169475 | W62: =L62-M62+V62 -> 8556275 | X62: =W62*6% -> 513376.5 | Y62: =W62*2.5% -> 213906.88 | Z62: =W62*12% -> 1026753 | AA62: =W62+X62+Y62+Z62 -> 10310311 | AB62: =AA62/K62 -> 143218.66 | AC62: 0.25 | AD62: =AA62*AC62 -> 2577577.8 | AE62: =AE61 -> 50000 | AF62: =(AD62-AE62)/(AG62) -> 58780.88 | AG62: 43 | AH62: =AA62-AD62 -> 7732733.5 | AI62: =SUM(AL62:CK62) -> 0 | AJ62: =AI62-AA62 -> -10310311 | EV62: =W62/K62 -> 118853.66
B63: 61 | C63: Unsold | D63: 8th | E63: 9th | F63: I | G63: 9I | H63: 2-BR | I63: ='[18]Collection Unsold 10.15.21'!G64 -> 67.72 | J63: ='[18]Collection Unsold 10.15.21'!H64 -> 4.2 | K63: =I63+J63 -> 71.92 | L63: =L11 -> 8378400 | N63: 5 | O63: =I63*N63*500 -> 169300 | T63: =T11 -> INNER | V63: =SUM(O63:S63) -> 169300 | W63: =L63-M63+V63 -> 8547700 | X63: =W63*6% -> 512862 | Y63: =W63*2.5% -> 213692.5 | Z63: =W63*12% -> 1025724 | AA63: =W63+X63+Y63+Z63 -> 10299978 | AB63: =AA63/K63 -> 143214.38 | AC63: 0.25 | AD63: =AA63*AC63 -> 2574994.6 | AE63: =AE62 -> 50000 | AF63: =(AD63-AE63)/(AG63) -> 58720.805 | AG63: 43 | AH63: =AA63-AD63 -> 7724983.9 | AI63: =SUM(AL63:CK63) -> 0 | AJ63: =AI63-AA63 -> -10299978 | EV63: =W63/K63 -> 118850.11
B64: 62 | C64: Unsold | D64: 8th | E64: 9th | F64: J | G64: 9J | H64: 2-BR | I64: ='[18]Collection Unsold 10.15.21'!G65 -> 67.72 | J64: ='[18]Collection Unsold 10.15.21'!H65 -> 4.2 | K64: =I64+J64 -> 71.92 | L64: =L12 -> 8378400 | N64: 5 | O64: =I64*N64*500 -> 169300 | T64: =T12 -> INNER | V64: =SUM(O64:S64) -> 169300 | W64: =L64-M64+V64 -> 8547700 | X64: =W64*6% -> 512862 | Y64: =W64*2.5% -> 213692.5 | Z64: =W64*12% -> 1025724 | AA64: =W64+X64+Y64+Z64 -> 10299978 | AB64: =AA64/K64 -> 143214.38 | AC64: 0.25 | AD64: =AA64*AC64 -> 2574994.6 | AE64: =AE63 -> 50000 | AF64: =(AD64-AE64)/(AG64) -> 58720.805 | AG64: 43 | AH64: =AA64-AD64 -> 7724983.9 | AI64: =SUM(AL64:CK64) -> 0 | AJ64: =AI64-AA64 -> -10299978 | EV64: =W64/K64 -> 118850.11
B65: 63 | C65: Unsold | D65: 8th | E65: 9th | F65: K | G65: 9K | H65: 2-BR | I65: ='[18]Collection Unsold 10.15.21'!G66 -> 67.72 | J65: ='[18]Collection Unsold 10.15.21'!H66 -> 4.2 | K65: =I65+J65 -> 71.92 | L65: =L13 -> 8378400 | N65: 5 | O65: =I65*N65*500 -> 169300 | T65: =T13 -> INNER | V65: =SUM(O65:S65) -> 169300 | W65: =L65-M65+V65 -> 8547700 | X65: =W65*6% -> 512862 | Y65: =W65*2.5% -> 213692.5 | Z65: =W65*12% -> 1025724 | AA65: =W65+X65+Y65+Z65 -> 10299978 | AB65: =AA65/K65 -> 143214.38 | AC65: 0.25 | AD65: =AA65*AC65 -> 2574994.6 | AE65: =AE64 -> 50000 | AF65: =(AD65-AE65)/(AG65) -> 58720.805 | AG65: 43 | AH65: =AA65-AD65 -> 7724983.9 | AI65: =SUM(AL65:CK65) -> 0 | AJ65: =AI65-AA65 -> -10299978 | EV65: =W65/K65 -> 118850.11
B66: 64 | C66: Unsold | D66: 8th | E66: 9th | F66: L | G66: 9L | H66: 2-BR | I66: ='[18]Collection Unsold 10.15.21'!G67 -> 86.15 | J66: ='[18]Collection Unsold 10.15.21'!H67 -> 12.66 | K66: =I66+J66 -> 98.81 | L66: =L14 -> 11097600 | N66: 5 | O66: =I66*N66*500 -> 215375 | R66: =I66*1000 -> 86150 | T66: =T14 -> CORNER | V66: =SUM(O66:S66) -> 301525 | W66: =L66-M66+V66 -> 11399125 | X66: =W66*6% -> 683947.5 | Y66: =W66*2.5% -> 284978.12 | Z66: =W66*12% -> 1367895 | AA66: =W66+X66+Y66+Z66 -> 13735946 | AB66: =AA66/K66 -> 139013.72 | AC66: 0.25 | AD66: =AA66*AC66 -> 3433986.4 | AE66: =AE65 -> 50000 | AF66: =(AD66-AE66)/(AG66) -> 78697.358 | AG66: 43 | AH66: =AA66-AD66 -> 10301959 | AI66: =SUM(AL66:CK66) -> 0 | AJ66: =AI66-AA66 -> -13735946 | EV66: =W66/K66 -> 115364.08
B67: 65 | C67: Not Yet Open | D67: 8th | E67: 9th | F67: M | G67: 9M | H67: 2-BR | I67: ='[18]Collection Unsold 10.15.21'!G68 -> 53.53 | J67: ='[18]Collection Unsold 10.15.21'!H68 -> 4.18 | K67: =I67+J67 -> 57.71 | L67: =L15 -> 6674400 | N67: 5 | O67: =I67*N67*500 -> 133825 | T67: =T15 -> INNER | V67: =SUM(O67:S67) -> 133825 | W67: =L67-M67+V67 -> 6808225 | X67: =W67*6% -> 408493.5 | Y67: =W67*2.5% -> 170205.62 | Z67: =W67*12% -> 816987 | AA67: =W67+X67+Y67+Z67 -> 8203911.1 | AB67: =AA67/K67 -> 142157.53 | AC67: 0.25 | AD67: =AA67*AC67 -> 2050977.8 | AE67: =AE66 -> 50000 | AF67: =(AD67-AE67)/(AG67) -> 46534.367 | AG67: 43 | AH67: =AA67-AD67 -> 6152933.3 | AI67: =SUM(AL67:CK67) -> 0 | AJ67: =AI67-AA67 -> -8203911.1 | EV67: =W67/K67 -> 117973.05
A68: 6 | B68: 66 | C68: Unsold | D68: 9th | E68: 10th | F68: A | G68: 10A | H68: 2-BR | I68: ='[18]Collection Unsold 10.15.21'!G69 -> 98.5 | J68: ='[18]Collection Unsold 10.15.21'!H69 -> 10.46 | K68: =I68+J68 -> 108.96 | L68: =L3 -> 12447600 | N68: 6 | O68: =I68*N68*500 -> 295500 | R68: =I68*1000 -> 98500 | S68: =I68*1000 -> 98500 | T68: =T3 -> CORNER | V68: =SUM(O68:S68) -> 492500 | W68: =L68-M68+V68 -> 12940100 | X68: =W68*6% -> 776406 | Y68: =W68*2.5% -> 323502.5 | Z68: =W68*12% -> 1552812 | AA68: =W68+X68+Y68+Z68 -> 15592820 | AB68: =AA68/K68 -> 143105.92 | AC68: 0.25 | AD68: =AA68*AC68 -> 3898205.1 | AE68: =AE62 -> 50000 | AF68: =(AD68-AE68)/(AG68) -> 89493.142 | AG68: 43 | AH68: =AA68-AD68 -> 11694615 | AI68: =SUM(AL68:CK68) -> 0 | AJ68: =AI68-AA68 -> -15592820 | EV68: =W68/K68 -> 118760.1
B69: 67 | C69: Unsold | D69: 9th | E69: 10th | F69: B | G69: 10B | H69: 1-BR | I69: ='[18]Collection Unsold 10.15.21'!G70 -> 51.02 | J69: ='[18]Collection Unsold 10.15.21'!H70 -> 5.36 | K69: =I69+J69 -> 56.38 | L69: =L4 -> 6444000 | N69: 6 | O69: =I69*N69*500 -> 153060 | S69: =I69*1000 -> 51020 | T69: =T4 -> INNER | V69: =SUM(O69:S69) -> 204080 | W69: =L69-M69+V69 -> 6648080 | X69: =W69*6% -> 398884.8 | Y69: =W69*2.5% -> 166202 | Z69: =W69*12% -> 797769.6 | AA69: =W69+X69+Y69+Z69 -> 8010936.4 | AB69: =AA69/K69 -> 142088.27 | AC69: 0.25 | AD69: =AA69*AC69 -> 2002734.1 | AE69: =AE68 -> 50000 | AF69: =(AD69-AE69)/(AG69) -> 45412.421 | AG69: 43 | AH69: =AA69-AD69 -> 6008202.3 | AI69: =SUM(AL69:CK69) -> 0 | AJ69: =AI69-AA69 -> -8010936.4 | EV69: =W69/K69 -> 117915.57
B70: 68 | C70: Unsold | D70: 9th | E70: 10th | F70: C | G70: 10C | H70: 2-BR | I70: ='[18]Collection Unsold 10.15.21'!G71 -> 55.62 | J70: ='[18]Collection Unsold 10.15.21'!H71 -> 5.37 | K70: =I70+J70 -> 60.99 | L70: =L5 -> 6996600 | N70: 6 | O70: =I70*N70*500 -> 166860 | S70: =I70*1000 -> 55620 | T70: =T5 -> INNER | V70: =SUM(O70:S70) -> 222480 | W70: =L70-M70+V70 -> 7219080 | X70: =W70*6% -> 433144.8 | Y70: =W70*2.5% -> 180477 | Z70: =W70*12% -> 866289.6 | AA70: =W70+X70+Y70+Z70 -> 8698991.4 | AB70: =AA70/K70 -> 142629.8 | AC70: 0.25 | AD70: =AA70*AC70 -> 2174747.9 | AE70: =AE69 -> 50000 | AF70: =(AD70-AE70)/(AG70) -> 49412.741 | AG70: 43 | AH70: =AA70-AD70 -> 6524243.6 | AI70: =SUM(AL70:CK70) -> 0 | AJ70: =AI70-AA70 -> -8698991.4 | EV70: =W70/K70 -> 118364.98
B71: 69 | C71: Unsold | D71: 9th | E71: 10th | F71: D | G71: 10D | H71: 2-BR | I71: ='[18]Collection Unsold 10.15.21'!G72 -> 60.78 | J71: ='[18]Collection Unsold 10.15.21'!H72 -> 5.15 | K71: =I71+J71 -> 65.93 | L71: =L6 -> 7602600 | N71: 6 | O71: =I71*N71*500 -> 182340 | S71: =I71*1000 -> 60780 | T71: =T6 -> INNER | V71: =SUM(O71:S71) -> 243120 | W71: =L71-M71+V71 -> 7845720 | X71: =W71*6% -> 470743.2 | Y71: =W71*2.5% -> 196143 | Z71: =W71*12% -> 941486.4 | AA71: =W71+X71+Y71+Z71 -> 9454092.6 | AB71: =AA71/K71 -> 143395.91 | AC71: 0.25 | AD71: =AA71*AC71 -> 2363523.1 | AE71: =AE70 -> 50000 | AF71: =(AD71-AE71)/(AG71) -> 53802.864 | AG71: 43 | AH71: =AA71-AD71 -> 7090569.4 | AI71: =SUM(AL71:CK71) -> 0 | AJ71: =AI71-AA71 -> -9454092.6 | EV71: =W71/K71 -> 119000.76
B72: 70 | C72: Unsold | D72: 9th | E72: 10th | F72: E | G72: 10E | H72: 2-BR | I72: ='[18]Collection Unsold 10.15.21'!G73 -> 83.49 | J72: ='[18]Collection Unsold 10.15.21'!H73 -> 12.31 | K72: =I72+J72 -> 95.8 | L72: =L7 -> 10757400 | N72: 6 | O72: =I72*N72*500 -> 250470 | R72: =I72*1000 -> 83490 | S72: =I72*1000 -> 83490 | T72: =T7 -> CORNER | V72: =SUM(O72:S72) -> 417450 | W72: =L72-M72+V72 -> 11174850 | X72: =W72*6% -> 670491 | Y72: =W72*2.5% -> 279371.25 | Z72: =W72*12% -> 1340982 | AA72: =W72+X72+Y72+Z72 -> 13465694 | AB72: =AA72/K72 -> 140560.48 | AC72: 0.25 | AD72: =AA72*AC72 -> 3366423.6 | AE72: =AE71 -> 50000 | AF72: =(AD72-AE72)/(AG72) -> 77126.129 | AG72: 43 | AH72: =AA72-AD72 -> 10099271 | AI72: =SUM(AL72:CK72) -> 0 | AJ72: =AI72-AA72 -> -13465694 | EV72: =W72/K72 -> 116647.7
B73: 71 | C73: Unsold | D73: 9th | E73: 10th | F73: F | G73: 10F | H73: 2-BR | I73: ='[18]Collection Unsold 10.15.21'!G74 -> 61.03 | J73: ='[18]Collection Unsold 10.15.21'!H74 -> 4.19 | K73: =I73+J73 -> 65.22 | L73: =L8 -> 7575000 | N73: 6 | O73: =I73*N73*500 -> 183090 | T73: =T8 -> INNER | V73: =SUM(O73:S73) -> 183090 | W73: =L73-M73+V73 -> 7758090 | X73: =W73*6% -> 465485.4 | Y73: =W73*2.5% -> 193952.25 | Z73: =W73*12% -> 930970.8 | AA73: =W73+X73+Y73+Z73 -> 9348498.5 | AB73: =AA73/K73 -> 143337.91 | AC73: 0.25 | AD73: =AA73*AC73 -> 2337124.6 | AE73: =AE72 -> 50000 | AF73: =(AD73-AE73)/(AG73) -> 53188.944 | AG73: 43 | AH73: =AA73-AD73 -> 7011373.8 | AI73: =SUM(AL73:CK73) -> 0 | AJ73: =AI73-AA73 -> -9348498.5 | EV73: =W73/K73 -> 118952.62
B74: 72 | C74: Unsold | D74: 9th | E74: 10th | F74: G | G74: 10G | H74: 2-BR | I74: ='[18]Collection Unsold 10.15.21'!G75 -> 94.79 | J74: ='[18]Collection Unsold 10.15.21'!H75 -> 11.26 | K74: =I74+J74 -> 106.05 | L74: =L9 -> 12050400 | N74: 6 | O74: =I74*N74*500 -> 284370 | R74: =I74*1000 -> 94790 | T74: =T9 -> CORNER | V74: =SUM(O74:S74) -> 379160 | W74: =L74-M74+V74 -> 12429560 | X74: =W74*6% -> 745773.6 | Y74: =W74*2.5% -> 310739 | Z74: =W74*12% -> 1491547.2 | AA74: =W74+X74+Y74+Z74 -> 14977620 | AB74: =AA74/K74 -> 141231.68 | AC74: 0.25 | AD74: =AA74*AC74 -> 3744404.9 | AE74: =AE73 -> 50000 | AF74: =(AD74-AE74)/(AG74) -> 85916.394 | AG74: 43 | AH74: =AA74-AD74 -> 11233215 | AI74: =SUM(AL74:CK74) -> 0 | AJ74: =AI74-AA74 -> -14977620 | EV74: =W74/K74 -> 117204.71
B75: 73 | C75: Unsold | D75: 9th | E75: 10th | F75: H | G75: 10H | H75: 2-BR | I75: ='[18]Collection Unsold 10.15.21'!G76 -> 67.79 | J75: ='[18]Collection Unsold 10.15.21'!H76 -> 4.2 | K75: =I75+J75 -> 71.99 | L75: =L10 -> 8386800 | N75: 6 | O75: =I75*N75*500 -> 203370 | T75: =T10 -> INNER | V75: =SUM(O75:S75) -> 203370 | W75: =L75-M75+V75 -> 8590170 | X75: =W75*6% -> 515410.2 | Y75: =W75*2.5% -> 214754.25 | Z75: =W75*12% -> 1030820.4 | AA75: =W75+X75+Y75+Z75 -> 10351155 | AB75: =AA75/K75 -> 143786.01 | AC75: 0.25 | AD75: =AA75*AC75 -> 2587788.7 | AE75: =AE74 -> 50000 | AF75: =(AD75-AE75)/(AG75) -> 59018.342 | AG75: 43 | AH75: =AA75-AD75 -> 7763366.1 | AI75: =SUM(AL75:CK75) -> 0 | AJ75: =AI75-AA75 -> -10351155 | EV75: =W75/K75 -> 119324.49
B76: 74 | C76: Unsold | D76: 9th | E76: 10th | F76: I | G76: 10I | H76: 2-BR | I76: ='[18]Collection Unsold 10.15.21'!G77 -> 67.72 | J76: ='[18]Collection Unsold 10.15.21'!H77 -> 4.2 | K76: =I76+J76 -> 71.92 | L76: =L11 -> 8378400 | N76: 6 | O76: =I76*N76*500 -> 203160 | T76: =T11 -> INNER | V76: =SUM(O76:S76) -> 203160 | W76: =L76-M76+V76 -> 8581560 | X76: =W76*6% -> 514893.6 | Y76: =W76*2.5% -> 214539 | Z76: =W76*12% -> 1029787.2 | AA76: =W76+X76+Y76+Z76 -> 10340780 | AB76: =AA76/K76 -> 143781.7 | AC76: 0.25 | AD76: =AA76*AC76 -> 2585194.9 | AE76: =AE75 -> 50000 | AF76: =(AD76-AE76)/(AG76) -> 58958.022 | AG76: 43 | AH76: =AA76-AD76 -> 7755584.8 | AI76: =SUM(AL76:CK76) -> 0 | AJ76: =AI76-AA76 -> -10340780 | EV76: =W76/K76 -> 119320.91
B77: 75 | C77: Unsold | D77: 9th | E77: 10th | F77: J | G77: 10J | H77: 2-BR | I77: ='[18]Collection Unsold 10.15.21'!G78 -> 67.72 | J77: ='[18]Collection Unsold 10.15.21'!H78 -> 4.2 | K77: =I77+J77 -> 71.92 | L77: =L12 -> 8378400 | N77: 6 | O77: =I77*N77*500 -> 203160 | T77: =T12 -> INNER | V77: =SUM(O77:S77) -> 203160 | W77: =L77-M77+V77 -> 8581560 | X77: =W77*6% -> 514893.6 | Y77: =W77*2.5% -> 214539 | Z77: =W77*12% -> 1029787.2 | AA77: =W77+X77+Y77+Z77 -> 10340780 | AB77: =AA77/K77 -> 143781.7 | AC77: 0.25 | AD77: =AA77*AC77 -> 2585194.9 | AE77: =AE76 -> 50000 | AF77: =(AD77-AE77)/(AG77) -> 58958.022 | AG77: 43 | AH77: =AA77-AD77 -> 7755584.8 | AI77: =SUM(AL77:CK77) -> 0 | AJ77: =AI77-AA77 -> -10340780 | EV77: =W77/K77 -> 119320.91
B78: 76 | C78: Unsold | D78: 9th | E78: 10th | F78: K | G78: 10K | H78: 2-BR | I78: ='[18]Collection Unsold 10.15.21'!G79 -> 67.72 | J78: ='[18]Collection Unsold 10.15.21'!H79 -> 4.2 | K78: =I78+J78 -> 71.92 | L78: =L13 -> 8378400 | N78: 6 | O78: =I78*N78*500 -> 203160 | T78: =T13 -> INNER | V78: =SUM(O78:S78) -> 203160 | W78: =L78-M78+V78 -> 8581560 | X78: =W78*6% -> 514893.6 | Y78: =W78*2.5% -> 214539 | Z78: =W78*12% -> 1029787.2 | AA78: =W78+X78+Y78+Z78 -> 10340780 | AB78: =AA78/K78 -> 143781.7 | AC78: 0.25 | AD78: =AA78*AC78 -> 2585194.9 | AE78: =AE77 -> 50000 | AF78: =(AD78-AE78)/(AG78) -> 58958.022 | AG78: 43 | AH78: =AA78-AD78 -> 7755584.8 | AI78: =SUM(AL78:CK78) -> 0 | AJ78: =AI78-AA78 -> -10340780 | EV78: =W78/K78 -> 119320.91
B79: 77 | C79: Unsold | D79: 9th | E79: 10th | F79: L | G79: 10L | H79: 2-BR | I79: ='[18]Collection Unsold 10.15.21'!G80 -> 86.15 | J79: ='[18]Collection Unsold 10.15.21'!H80 -> 12.66 | K79: =I79+J79 -> 98.81 | L79: =L14 -> 11097600 | N79: 6 | O79: =I79*N79*500 -> 258450 | R79: =I79*1000 -> 86150 | S79: =I79*1000 -> 86150 | T79: =T14 -> CORNER | V79: =SUM(O79:S79) -> 430750 | W79: =L79-M79+V79 -> 11528350 | X79: =W79*6% -> 691701 | Y79: =W79*2.5% -> 288208.75 | Z79: =W79*12% -> 1383402 | AA79: =W79+X79+Y79+Z79 -> 13891662 | AB79: =AA79/K79 -> 140589.63 | AC79: 0.25 | AD79: =AA79*AC79 -> 3472915.4 | AE79: =AE78 -> 50000 | AF79: =(AD79-AE79)/(AG79) -> 79602.685 | AG79: 43 | AH79: =AA79-AD79 -> 10418746 | AI79: =SUM(AL79:CK79) -> 0 | AJ79: =AI79-AA79 -> -13891662 | EV79: =W79/K79 -> 116671.9
B80: 78 | C80: Not Yet Open | D80: 9th | E80: 10th | F80: M | G80: 10M | H80: 2-BR | I80: ='[18]Collection Unsold 10.15.21'!G81 -> 53.53 | J80: ='[18]Collection Unsold 10.15.21'!H81 -> 4.18 | K80: =I80+J80 -> 57.71 | L80: =L15 -> 6674400 | N80: 6 | O80: =I80*N80*500 -> 160590 | S80: =I80*1000 -> 53530 | T80: =T15 -> INNER | V80: =SUM(O80:S80) -> 214120 | W80: =L80-M80+V80 -> 6888520 | X80: =W80*6% -> 413311.2 | Y80: =W80*2.5% -> 172213 | Z80: =W80*12% -> 826622.4 | AA80: =W80+X80+Y80+Z80 -> 8300666.6 | AB80: =AA80/K80 -> 143834.11 | AC80: 0.25 | AD80: =AA80*AC80 -> 2075166.7 | AE80: =AE79 -> 50000 | AF80: =(AD80-AE80)/(AG80) -> 47096.899 | AG80: 43 | AH80: =AA80-AD80 -> 6225500 | AI80: =SUM(AL80:CK80) -> 0 | AJ80: =AI80-AA80 -> -8300666.6 | EV80: =W80/K80 -> 119364.41
A81: 7 | B81: 79 | C81: Unsold | D81: 10th | E81: 11th | F81: A | G81: 11A | H81: 2-BR | I81: ='[18]Collection Unsold 10.15.21'!G82 -> 98.5 | J81: ='[18]Collection Unsold 10.15.21'!H82 -> 10.46 | K81: =I81+J81 -> 108.96 | L81: =L3 -> 12447600 | N81: 7 | O81: =I81*N81*500 -> 344750 | R81: =I81*1000 -> 98500 | S81: =I81*1000 -> 98500 | T81: =T3 -> CORNER | V81: =SUM(O81:S81) -> 541750 | W81: =L81-M81+V81 -> 12989350 | X81: =W81*6% -> 779361 | Y81: =W81*2.5% -> 324733.75 | Z81: =W81*12% -> 1558722 | AA81: =W81+X81+Y81+Z81 -> 15652167 | AB81: =AA81/K81 -> 143650.58 | AC81: 0.25 | AD81: =AA81*AC81 -> 3913041.7 | AE81: =AE75 -> 50000 | AF81: =(AD81-AE81)/(AG81) -> 89838.179 | AG81: 43 | AH81: =AA81-AD81 -> 11739125 | AI81: =SUM(AL81:CK81) -> 0 | AJ81: =AI81-AA81 -> -15652167 | EV81: =W81/K81 -> 119212.1
B82: 80 | C82: Unsold | D82: 10th | E82: 11th | F82: B | G82: 11B | H82: 1-BR | I82: ='[18]Collection Unsold 10.15.21'!G83 -> 51.02 | J82: ='[18]Collection Unsold 10.15.21'!H83 -> 5.36 | K82: =I82+J82 -> 56.38 | L82: =L4 -> 6444000 | N82: 7 | O82: =I82*N82*500 -> 178570 | S82: =I82*1000 -> 51020 | T82: =T4 -> INNER | V82: =SUM(O82:S82) -> 229590 | W82: =L82-M82+V82 -> 6673590 | X82: =W82*6% -> 400415.4 | Y82: =W82*2.5% -> 166839.75 | Z82: =W82*12% -> 800830.8 | AA82: =W82+X82+Y82+Z82 -> 8041676 | AB82: =AA82/K82 -> 142633.49 | AC82: 0.25 | AD82: =AA82*AC82 -> 2010419 | AE82: =AE81 -> 50000 | AF82: =(AD82-AE82)/(AG82) -> 45591.139 | AG82: 43 | AH82: =AA82-AD82 -> 6031257 | AI82: =SUM(AL82:CK82) -> 0 | AJ82: =AI82-AA82 -> -8041676 | EV82: =W82/K82 -> 118368.04
B83: 81 | C83: Unsold | D83: 10th | E83: 11th | F83: C | G83: 11C | H83: 2-BR | I83: ='[18]Collection Unsold 10.15.21'!G84 -> 55.62 | J83: ='[18]Collection Unsold 10.15.21'!H84 -> 5.37 | K83: =I83+J83 -> 60.99 | L83: =L5 -> 6996600 | N83: 7 | O83: =I83*N83*500 -> 194670 | S83: =I83*1000 -> 55620 | T83: =T5 -> INNER | V83: =SUM(O83:S83) -> 250290 | W83: =L83-M83+V83 -> 7246890 | X83: =W83*6% -> 434813.4 | Y83: =W83*2.5% -> 181172.25 | Z83: =W83*12% -> 869626.8 | AA83: =W83+X83+Y83+Z83 -> 8732502.5 | AB83: =AA83/K83 -> 143179.25 | AC83: 0.25 | AD83: =AA83*AC83 -> 2183125.6 | AE83: =AE82 -> 50000 | AF83: =(AD83-AE83)/(AG83) -> 49607.572 | AG83: 43 | AH83: =AA83-AD83 -> 6549376.8 | AI83: =SUM(AL83:CK83) -> 0 | AJ83: =AI83-AA83 -> -8732502.5 | EV83: =W83/K83 -> 118820.95
B84: 82 | C84: Unsold | D84: 10th | E84: 11th | F84: D | G84: 11D | H84: 2-BR | I84: ='[18]Collection Unsold 10.15.21'!G85 -> 60.78 | J84: ='[18]Collection Unsold 10.15.21'!H85 -> 5.15 | K84: =I84+J84 -> 65.93 | L84: =L6 -> 7602600 | N84: 7 | O84: =I84*N84*500 -> 212730 | S84: =I84*1000 -> 60780 | T84: =T6 -> INNER | V84: =SUM(O84:S84) -> 273510 | W84: =L84-M84+V84 -> 7876110 | X84: =W84*6% -> 472566.6 | Y84: =W84*2.5% -> 196902.75 | Z84: =W84*12% -> 945133.2 | AA84: =W84+X84+Y84+Z84 -> 9490712.5 | AB84: =AA84/K84 -> 143951.35 | AC84: 0.25 | AD84: =AA84*AC84 -> 2372678.1 | AE84: =AE83 -> 50000 | AF84: =(AD84-AE84)/(AG84) -> 54015.771 | AG84: 43 | AH84: =AA84-AD84 -> 7118034.4 | AI84: =SUM(AL84:CK84) -> 0 | AJ84: =AI84-AA84 -> -9490712.5 | EV84: =W84/K84 -> 119461.7
B85: 83 | C85: Unsold | D85: 10th | E85: 11th | F85: E | G85: 11E | H85: 2-BR | I85: ='[18]Collection Unsold 10.15.21'!G86 -> 83.49 | J85: ='[18]Collection Unsold 10.15.21'!H86 -> 12.31 | K85: =I85+J85 -> 95.8 | L85: =L7 -> 10757400 | N85: 7 | O85: =I85*N85*500 -> 292215 | R85: =I85*1000 -> 83490 | S85: =I85*1000 -> 83490 | T85: =T7 -> CORNER | V85: =SUM(O85:S85) -> 459195 | W85: =L85-M85+V85 -> 11216595 | X85: =W85*6% -> 672995.7 | Y85: =W85*2.5% -> 280414.88 | Z85: =W85*12% -> 1345991.4 | AA85: =W85+X85+Y85+Z85 -> 13515997 | AB85: =AA85/K85 -> 141085.56 | AC85: 0.25 | AD85: =AA85*AC85 -> 3378999.2 | AE85: =AE84 -> 50000 | AF85: =(AD85-AE85)/(AG85) -> 77418.587 | AG85: 43 | AH85: =AA85-AD85 -> 10136998 | AI85: =SUM(AL85:CK85) -> 0 | AJ85: =AI85-AA85 -> -13515997 | EV85: =W85/K85 -> 117083.46
B86: 84 | C86: Unsold | D86: 10th | E86: 11th | F86: F | G86: 11F | H86: 2-BR | I86: ='[18]Collection Unsold 10.15.21'!G87 -> 61.03 | J86: ='[18]Collection Unsold 10.15.21'!H87 -> 4.19 | K86: =I86+J86 -> 65.22 | L86: =L8 -> 7575000 | N86: 7 | O86: =I86*N86*500 -> 213605 | T86: =T8 -> INNER | V86: =SUM(O86:S86) -> 213605 | W86: =L86-M86+V86 -> 7788605 | X86: =W86*6% -> 467316.3 | Y86: =W86*2.5% -> 194715.12 | Z86: =W86*12% -> 934632.6 | AA86: =W86+X86+Y86+Z86 -> 9385269 | AB86: =AA86/K86 -> 143901.7 | AC86: 0.25 | AD86: =AA86*AC86 -> 2346317.3 | AE86: =AE85 -> 50000 | AF86: =(AD86-AE86)/(AG86) -> 53402.727 | AG86: 43 | AH86: =AA86-AD86 -> 7038951.8 | AI86: =SUM(AL86:CK86) -> 0 | AJ86: =AI86-AA86 -> -9385269 | EV86: =W86/K86 -> 119420.5
B87: 85 | C87: Unsold | D87: 10th | E87: 11th | F87: G | G87: 11G | H87: 2-BR | I87: ='[18]Collection Unsold 10.15.21'!G88 -> 94.79 | J87: ='[18]Collection Unsold 10.15.21'!H88 -> 11.26 | K87: =I87+J87 -> 106.05 | L87: =L9 -> 12050400 | N87: 7 | O87: =I87*N87*500 -> 331765 | R87: =I87*1000 -> 94790 | T87: =T9 -> CORNER | V87: =SUM(O87:S87) -> 426555 | W87: =L87-M87+V87 -> 12476955 | X87: =W87*6% -> 748617.3 | Y87: =W87*2.5% -> 311923.88 | Z87: =W87*12% -> 1497234.6 | AA87: =W87+X87+Y87+Z87 -> 15034731 | AB87: =AA87/K87 -> 141770.21 | AC87: 0.25 | AD87: =AA87*AC87 -> 3758682.7 | AE87: =AE86 -> 50000 | AF87: =(AD87-AE87)/(AG87) -> 86248.435 | AG87: 43 | AH87: =AA87-AD87 -> 11276048 | AI87: =SUM(AL87:CK87) -> 0 | AJ87: =AI87-AA87 -> -15034731 | EV87: =W87/K87 -> 117651.63
B88: 86 | C88: Unsold | D88: 10th | E88: 11th | F88: H | G88: 11H | H88: 2-BR | I88: ='[18]Collection Unsold 10.15.21'!G89 -> 67.79 | J88: ='[18]Collection Unsold 10.15.21'!H89 -> 4.2 | K88: =I88+J88 -> 71.99 | L88: =L10 -> 8386800 | N88: 7 | O88: =I88*N88*500 -> 237265 | T88: =T10 -> INNER | V88: =SUM(O88:S88) -> 237265 | W88: =L88-M88+V88 -> 8624065 | X88: =W88*6% -> 517443.9 | Y88: =W88*2.5% -> 215601.63 | Z88: =W88*12% -> 1034887.8 | AA88: =W88+X88+Y88+Z88 -> 10391998 | AB88: =AA88/K88 -> 144353.36 | AC88: 0.25 | AD88: =AA88*AC88 -> 2597999.6 | AE88: =AE87 -> 50000 | AF88: =(AD88-AE88)/(AG88) -> 59255.804 | AG88: 43 | AH88: =AA88-AD88 -> 7793998.7 | AI88: =SUM(AL88:CK88) -> 0 | AJ88: =AI88-AA88 -> -10391998 | EV88: =W88/K88 -> 119795.32
B89: 87 | C89: Unsold | D89: 10th | E89: 11th | F89: I | G89: 11I | H89: 2-BR | I89: ='[18]Collection Unsold 10.15.21'!G90 -> 67.72 | J89: ='[18]Collection Unsold 10.15.21'!H90 -> 4.2 | K89: =I89+J89 -> 71.92 | L89: =L11 -> 8378400 | N89: 7 | O89: =I89*N89*500 -> 237020 | T89: =T11 -> INNER | V89: =SUM(O89:S89) -> 237020 | W89: =L89-M89+V89 -> 8615420 | X89: =W89*6% -> 516925.2 | Y89: =W89*2.5% -> 215385.5 | Z89: =W89*12% -> 1033850.4 | AA89: =W89+X89+Y89+Z89 -> 10381581 | AB89: =AA89/K89 -> 144349.01 | AC89: 0.25 | AD89: =AA89*AC89 -> 2595395.3 | AE89: =AE88 -> 50000 | AF89: =(AD89-AE89)/(AG89) -> 59195.239 | AG89: 43 | AH89: =AA89-AD89 -> 7786185.8 | AI89: =SUM(AL89:CK89) -> 0 | AJ89: =AI89-AA89 -> -10381581 | EV89: =W89/K89 -> 119791.71
B90: 88 | C90: Unsold | D90: 10th | E90: 11th | F90: J | G90: 11J | H90: 2-BR | I90: ='[18]Collection Unsold 10.15.21'!G91 -> 67.72 | J90: ='[18]Collection Unsold 10.15.21'!H91 -> 4.2 | K90: =I90+J90 -> 71.92 | L90: =L12 -> 8378400 | N90: 7 | O90: =I90*N90*500 -> 237020 | T90: =T12 -> INNER | V90: =SUM(O90:S90) -> 237020 | W90: =L90-M90+V90 -> 8615420 | X90: =W90*6% -> 516925.2 | Y90: =W90*2.5% -> 215385.5 | Z90: =W90*12% -> 1033850.4 | AA90: =W90+X90+Y90+Z90 -> 10381581 | AB90: =AA90/K90 -> 144349.01 | AC90: 0.25 | AD90: =AA90*AC90 -> 2595395.3 | AE90: =AE89 -> 50000 | AF90: =(AD90-AE90)/(AG90) -> 59195.239 | AG90: 43 | AH90: =AA90-AD90 -> 7786185.8 | AI90: =SUM(AL90:CK90) -> 0 | AJ90: =AI90-AA90 -> -10381581 | EV90: =W90/K90 -> 119791.71
B91: 89 | C91: Unsold | D91: 10th | E91: 11th | F91: K | G91: 11K | H91: 2-BR | I91: ='[18]Collection Unsold 10.15.21'!G92 -> 67.72 | J91: ='[18]Collection Unsold 10.15.21'!H92 -> 4.2 | K91: =I91+J91 -> 71.92 | L91: =L13 -> 8378400 | N91: 7 | O91: =I91*N91*500 -> 237020 | T91: =T13 -> INNER | V91: =SUM(O91:S91) -> 237020 | W91: =L91-M91+V91 -> 8615420 | X91: =W91*6% -> 516925.2 | Y91: =W91*2.5% -> 215385.5 | Z91: =W91*12% -> 1033850.4 | AA91: =W91+X91+Y91+Z91 -> 10381581 | AB91: =AA91/K91 -> 144349.01 | AC91: 0.25 | AD91: =AA91*AC91 -> 2595395.3 | AE91: =AE90 -> 50000 | AF91: =(AD91-AE91)/(AG91) -> 59195.239 | AG91: 43 | AH91: =AA91-AD91 -> 7786185.8 | AI91: =SUM(AL91:CK91) -> 0 | AJ91: =AI91-AA91 -> -10381581 | EV91: =W91/K91 -> 119791.71
B92: 90 | C92: Unsold | D92: 10th | E92: 11th | F92: L | G92: 11L | H92: 2-BR | I92: ='[18]Collection Unsold 10.15.21'!G93 -> 86.15 | J92: ='[18]Collection Unsold 10.15.21'!H93 -> 12.66 | K92: =I92+J92 -> 98.81 | L92: =L14 -> 11097600 | N92: 7 | O92: =I92*N92*500 -> 301525 | R92: =I92*1000 -> 86150 | T92: =T14 -> CORNER | V92: =SUM(O92:S92) -> 387675 | W92: =L92-M92+V92 -> 11485275 | X92: =W92*6% -> 689116.5 | Y92: =W92*2.5% -> 287131.88 | Z92: =W92*12% -> 1378233 | AA92: =W92+X92+Y92+Z92 -> 13839756 | AB92: =AA92/K92 -> 140064.33 | AC92: 0.25 | AD92: =AA92*AC92 -> 3459939.1 | AE92: =AE91 -> 50000 | AF92: =(AD92-AE92)/(AG92) -> 79300.909 | AG92: 43 | AH92: =AA92-AD92 -> 10379817 | AI92: =SUM(AL92:CK92) -> 0 | AJ92: =AI92-AA92 -> -13839756 | EV92: =W92/K92 -> 116235.96
B93: 91 | C93: Not Yet Open | D93: 10th | E93: 11th | F93: M | G93: 11M | H93: 2-BR | I93: ='[18]Collection Unsold 10.15.21'!G94 -> 53.53 | J93: ='[18]Collection Unsold 10.15.21'!H94 -> 4.18 | K93: =I93+J93 -> 57.71 | L93: =L15 -> 6674400 | N93: 7 | O93: =I93*N93*500 -> 187355 | T93: =T15 -> INNER | V93: =SUM(O93:S93) -> 187355 | W93: =L93-M93+V93 -> 6861755 | X93: =W93*6% -> 411705.3 | Y93: =W93*2.5% -> 171543.88 | Z93: =W93*12% -> 823410.6 | AA93: =W93+X93+Y93+Z93 -> 8268414.8 | AB93: =AA93/K93 -> 143275.25 | AC93: 0.25 | AD93: =AA93*AC93 -> 2067103.7 | AE93: =AE92 -> 50000 | AF93: =(AD93-AE93)/(AG93) -> 46909.388 | AG93: 43 | AH93: =AA93-AD93 -> 6201311.1 | AI93: =SUM(AL93:CK93) -> 0 | AJ93: =AI93-AA93 -> -8268414.8 | EV93: =W93/K93 -> 118900.62
A94: 8 | B94: 92 | C94: Unsold | D94: 11th | E94: 12th | F94: A | G94: 12A | H94: 2-BR | I94: ='[18]Collection Unsold 10.15.21'!G95 -> 98.5 | J94: ='[18]Collection Unsold 10.15.21'!H95 -> 10.46 | K94: =I94+J94 -> 108.96 | L94: =L3 -> 12447600 | N94: 8 | O94: =I94*N94*500 -> 394000 | R94: =I94*1000 -> 98500 | S94: =I94*1000 -> 98500 | T94: =T3 -> CORNER | V94: =SUM(O94:S94) -> 591000 | W94: =L94-M94+V94 -> 13038600 | X94: =W94*6% -> 782316 | Y94: =W94*2.5% -> 325965 | Z94: =W94*12% -> 1564632 | AA94: =W94+X94+Y94+Z94 -> 15711513 | AB94: =AA94/K94 -> 144195.24 | AC94: 0.25 | AD94: =AA94*AC94 -> 3927878.2 | AE94: =AE88 -> 50000 | AF94: =(AD94-AE94)/(AG94) -> 90183.215 | AG94: 43 | AH94: =AA94-AD94 -> 11783635 | AI94: =SUM(AL94:CK94) -> 0 | AJ94: =AI94-AA94 -> -15711513 | EV94: =W94/K94 -> 119664.1
B95: 93 | C95: Unsold | D95: 11th | E95: 12th | F95: B | G95: 12B | H95: 1-BR | I95: ='[18]Collection Unsold 10.15.21'!G96 -> 51.02 | J95: ='[18]Collection Unsold 10.15.21'!H96 -> 5.36 | K95: =I95+J95 -> 56.38 | L95: =L4 -> 6444000 | N95: 8 | O95: =I95*N95*500 -> 204080 | S95: =I95*1000 -> 51020 | T95: =T4 -> INNER | V95: =SUM(O95:S95) -> 255100 | W95: =L95-M95+V95 -> 6699100 | X95: =W95*6% -> 401946 | Y95: =W95*2.5% -> 167477.5 | Z95: =W95*12% -> 803892 | AA95: =W95+X95+Y95+Z95 -> 8072415.5 | AB95: =AA95/K95 -> 143178.71 | AC95: 0.25 | AD95: =AA95*AC95 -> 2018103.9 | AE95: =AE94 -> 50000 | AF95: =(AD95-AE95)/(AG95) -> 45769.858 | AG95: 43 | AH95: =AA95-AD95 -> 6054311.6 | AI95: =SUM(AL95:CK95) -> 0 | AJ95: =AI95-AA95 -> -8072415.5 | EV95: =W95/K95 -> 118820.5
B96: 94 | C96: Unsold | D96: 11th | E96: 12th | F96: C | G96: 12C | H96: 2-BR | I96: ='[18]Collection Unsold 10.15.21'!G97 -> 55.62 | J96: ='[18]Collection Unsold 10.15.21'!H97 -> 5.37 | K96: =I96+J96 -> 60.99 | L96: =L5 -> 6996600 | N96: 8 | O96: =I96*N96*500 -> 222480 | S96: =I96*1000 -> 55620 | T96: =T5 -> INNER | V96: =SUM(O96:S96) -> 278100 | W96: =L96-M96+V96 -> 7274700 | X96: =W96*6% -> 436482 | Y96: =W96*2.5% -> 181867.5 | Z96: =W96*12% -> 872964 | AA96: =W96+X96+Y96+Z96 -> 8766013.5 | AB96: =AA96/K96 -> 143728.7 | AC96: 0.25 | AD96: =AA96*AC96 -> 2191503.4 | AE96: =AE95 -> 50000 | AF96: =(AD96-AE96)/(AG96) -> 49802.404 | AG96: 43 | AH96: =AA96-AD96 -> 6574510.1 | AI96: =SUM(AL96:CK96) -> 0 | AJ96: =AI96-AA96 -> -8766013.5 | EV96: =W96/K96 -> 119276.93
B97: 95 | C97: Unsold | D97: 11th | E97: 12th | F97: D | G97: 12D | H97: 2-BR | I97: ='[18]Collection Unsold 10.15.21'!G98 -> 60.78 | J97: ='[18]Collection Unsold 10.15.21'!H98 -> 5.15 | K97: =I97+J97 -> 65.93 | L97: =L6 -> 7602600 | N97: 8 | O97: =I97*N97*500 -> 243120 | S97: =I97*1000 -> 60780 | T97: =T6 -> INNER | V97: =SUM(O97:S97) -> 303900 | W97: =L97-M97+V97 -> 7906500 | X97: =W97*6% -> 474390 | Y97: =W97*2.5% -> 197662.5 | Z97: =W97*12% -> 948780 | AA97: =W97+X97+Y97+Z97 -> 9527332.5 | AB97: =AA97/K97 -> 144506.79 | AC97: 0.25 | AD97: =AA97*AC97 -> 2381833.1 | AE97: =AE96 -> 50000 | AF97: =(AD97-AE97)/(AG97) -> 54228.677 | AG97: 43 | AH97: =AA97-AD97 -> 7145499.4 | AI97: =SUM(AL97:CK97) -> 0 | AJ97: =AI97-AA97 -> -9527332.5 | EV97: =W97/K97 -> 119922.65
B98: 96 | C98: Unsold | D98: 11th | E98: 12th | F98: E | G98: 12E | H98: 2-BR | I98: ='[18]Collection Unsold 10.15.21'!G99 -> 83.49 | J98: ='[18]Collection Unsold 10.15.21'!H99 -> 12.31 | K98: =I98+J98 -> 95.8 | L98: =L7 -> 10757400 | N98: 8 | O98: =I98*N98*500 -> 333960 | R98: =I98*1000 -> 83490 | S98: =I98*1000 -> 83490 | T98: =T7 -> CORNER | V98: =SUM(O98:S98) -> 500940 | W98: =L98-M98+V98 -> 11258340 | X98: =W98*6% -> 675500.4 | Y98: =W98*2.5% -> 281458.5 | Z98: =W98*12% -> 1351000.8 | AA98: =W98+X98+Y98+Z98 -> 13566300 | AB98: =AA98/K98 -> 141610.64 | AC98: 0.25 | AD98: =AA98*AC98 -> 3391574.9 | AE98: =AE97 -> 50000 | AF98: =(AD98-AE98)/(AG98) -> 77711.045 | AG98: 43 | AH98: =AA98-AD98 -> 10174725 | AI98: =SUM(AL98:CK98) -> 0 | AJ98: =AI98-AA98 -> -13566300 | EV98: =W98/K98 -> 117519.21
B99: 97 | C99: Unsold | D99: 11th | E99: 12th | F99: F | G99: 12F | H99: 2-BR | I99: ='[18]Collection Unsold 10.15.21'!G100 -> 61.03 | J99: ='[18]Collection Unsold 10.15.21'!H100 -> 4.19 | K99: =I99+J99 -> 65.22 | L99: =L8 -> 7575000 | N99: 8 | O99: =I99*N99*500 -> 244120 | T99: =T8 -> INNER | V99: =SUM(O99:S99) -> 244120 | W99: =L99-M99+V99 -> 7819120 | X99: =W99*6% -> 469147.2 | Y99: =W99*2.5% -> 195478 | Z99: =W99*12% -> 938294.4 | AA99: =W99+X99+Y99+Z99 -> 9422039.6 | AB99: =AA99/K99 -> 144465.5 | AC99: 0.25 | AD99: =AA99*AC99 -> 2355509.9 | AE99: =AE98 -> 50000 | AF99: =(AD99-AE99)/(AG99) -> 53616.509 | AG99: 43 | AH99: =AA99-AD99 -> 7066529.7 | AI99: =SUM(AL99:CK99) -> 0 | AJ99: =AI99-AA99 -> -9422039.6 | EV99: =W99/K99 -> 119888.38
B100: 98 | C100: Unsold | D100: 11th | E100: 12th | F100: G | G100: 12G | H100: 2-BR | I100: ='[18]Collection Unsold 10.15.21'!G101 -> 94.79 | J100: ='[18]Collection Unsold 10.15.21'!H101 -> 11.26 | K100: =I100+J100 -> 106.05 | L100: =L9 -> 12050400 | N100: 8 | O100: =I100*N100*500 -> 379160 | R100: =I100*1000 -> 94790 | T100: =T9 -> CORNER | V100: =SUM(O100:S100) -> 473950 | W100: =L100-M100+V100 -> 12524350 | X100: =W100*6% -> 751461 | Y100: =W100*2.5% -> 313108.75 | Z100: =W100*12% -> 1502922 | AA100: =W100+X100+Y100+Z100 -> 15091842 | AB100: =AA100/K100 -> 142308.74 | AC100: 0.25 | AD100: =AA100*AC100 -> 3772960.4 | AE100: =AE99 -> 50000 | AF100: =(AD100-AE100)/(AG100) -> 86580.475 | AG100: 43 | AH100: =AA100-AD100 -> 11318881 | AI100: =SUM(AL100:CK100) -> 0 | AJ100: =AI100-AA100 -> -15091842 | EV100: =W100/K100 -> 118098.54
...

Sheet Priority Selling List
B1: Assumptions:
C2: Category | F2: New Scheme | I2: Old Scheme | L2: No. of Units | M2: Price per sqm
F3: With Discount | G3: Allotted/Sold | H3: Typical 70 sqm unit TCP | L3: 25 | M3: 120000
B4: PS1 | C4: Family, Executives, Employees | D4: P120k/sqm + 15% Disc | E4: =120000*0.95 -> 114000 | F4: 7 | G4: =G15+G17+G21+G24 -> 5 | H4: ='[20]PS Group Package Breakdown'!C23 -> 9702660 | I4: 15 | L4: 25 | M4: =M3*1.025 -> 123000
B5: PS1.5 | C5: Family, Executives, Employees | D5: P120k/sqm + 10% Disc | E5: 120000 | F5: 4 | G5: 7 | H5: ='[20]PS Group Package Breakdown'!C75 -> 9702660 | I5: 10 | L5: 25 | M5: =M4*1.025 -> 126075
B6: PS2 | C6: Suppliers and Friends | D6: P120k/sqm + 10% Disc | E6: 120000 | F6: 5 | G6: 10 | H6: ='[20]PS Group Package Breakdown'!C127 -> 9935466 | I6: 15 | L6: 25 | M6: =M5*1.025 -> 129226.87
B7: PS3 | C7: Past Clients for B1 and B2 | D7: P126k/sqm + 8% Disc | E7: =126000*0.96 -> 120960 | F7: 5 | G7: =G42 -> 4 | H7: ='[20]PS Group Package Breakdown'!C179 -> 10174092 | I7: 15 | L7: 26 | M7: =M6*1.025 -> 132457.55
B8: PS4 | C8: Prestige Circle | D8: P129k/sqm + 6% Disc | E8: =129000*0.94 -> 121260 | F8: 10 | G8: =G41 -> 8 | H8: ='[20]PS Group Package Breakdown'!C231 -> 10418684 | I8: 15
C9: Public Selling | D9: P132k/sqm | G9: =G43 -> 2 | H9: ='[20]PS Group Package Breakdown'!C283 -> 10669391 | I9: 56 | K9: PS1,1.5,2 | L9: 22 | M9: 120000
B10: TOTAL | E10: =AVERAGE(E4:E8) -> 119244 | F10: =SUM(F4:F8) -> 31 | G10: =SUM(G4:G9) -> 36 | I10: =SUM(I4:I9) -> 126 | L10: 4 | M10: 120960
B11: TOTAL DISCOUNTS | G11: ='[20]Collection Unsold 07.21.2021'!K130 -> 33869713 | I11: ='[21]Collection Unsold 07.21.2021'!$K$129 -> 60128396 | L11: 10 | M11: 121260
M12: =M7-M6 -> 3230.6719
L13: 25 | M13: =132000*95% -> 125400 | N13: 132000
D14: Category | F14: Price Per Sqm | G14: No. of Units | L14: 25 | M14: =M13*1.025 -> 128535 | N14: =M14/0.95 -> 135300
B15: 1 | C15: Roger* | D15: PS1 | F15: =$D$4 -> P120k/sqm + 15% Disc | G15: 1 | H15: =SUM(G15:G29) -> 13 | L15: 20 | M15: =M14*1.025 -> 131748.37 | N15: =M15/0.95 -> 138682.5
B16: 2 | C16: Edward* | D16: PS1 | L16: 20 | M16: =M15*1.025 -> 135042.08 | N16: =M16/0.95 -> 142149.56
B17: 3 | C17: Kerwin | D17: PS1 | F17: =$D$4 -> P120k/sqm + 15% Disc | G17: 1
B18: 4 | C18: Ryan | D18: PS1
B19: 5 | C19: Sharon | D19: PS1
B20: 6 | C20: Mark Labrador | D20: PS1
B21: 7 | C21: Anthony Go (2 units*) | D21: PS1 | F21: =$D$4 -> P120k/sqm + 15% Disc | G21: 2
B22: 8 | C22: Ray Roxas-Chua* | D22: PS1
B23: 9 | C23: Tere* | D23: PS1
B24: 10 | C24: Glenn | D24: PS1 | F24: =$D$4 -> P120k/sqm + 15% Disc | G24: 1
B25: 11 | C25: Sean* | D25: PS1
B26: 12 | C26: Carson's Dad (2 Units) | D26: PS2 | F26: P123k/sqm + 10% Disc | G26: 2
B27: 13 | C27: Carson's Sister (2 Units - 70sqm) | D27: PS2 | F27: P123k/sqm + 10% Disc | G27: 2
B28: 14 | C28: Carson's Sister (2 Units - 70sqm) | D28: PS2 | F28: P123k/sqm + 10% Disc | G28: 2
B29: 15 | C29: Isaac | D29: PS2 | F29: P123k/sqm + 10% Disc | G29: 2
B30: 16 | C30: Sherwin | D30: PS1.5 | F30: =$D$5 -> P120k/sqm + 10% Disc | G30: 1 | H30: =SUM(G30:G31,G33,G36,G41) -> 12
B31: 17 | C31: Kirst | D31: PS1.5 | F31: =$D$5 -> P120k/sqm + 10% Disc | G31: 1
B32: 18 | C32: Bry's Sister | D32: PS2 | F32: =D6 -> P120k/sqm + 10% Disc | G32: 1
B33: 19 | C33: Coy | D33: PS1.5 | F33: =$D$5 -> P120k/sqm + 10% Disc | G33: 1
B34: 20 | C34: Atty Abalos | D34: PS 1.5
B35: 21 | C35: Aiana | D35: PS 1.5
B36: 22 | C36: Carla | D36: PS 1.5 | G36: 1
B37: 23 | C37: Kat | D37: PS 1.5 | F37: =$D$5 -> P120k/sqm + 10% Disc | G37: 1
B38: 22 | C38: Tommy | D38: PS 2 | F38: P123k/sqm + 10% Disc | G38: 1
G39: =SUM(G15:G38) -> 20
C41: Prestige Sales | F41: =D8 -> P129k/sqm + 6% Disc | G41: 8
C42: Elite Sales | F42: =D7 -> P126k/sqm + 8% Disc | G42: 4
C43: Elite (incoming) | F43: =D9 -> P132k/sqm | G43: 2
G44: =SUM(G39:G43) -> 34
C45: Units Left | G45: =125-33 -> 92

Sheet Internal Pricelist
M1: C1 | P1: 160000 | S1: Inroductory | BU1: TOTAL INCREASED | BZ1: TO 1 | CA1: 10.01.2025
M2: C A-F | P2: 160000 | S2: COMMERCIAL | BU2: =AF5+AH5+AJ5+AL5+AN5+AP5+AR5+AT5+AU5+AX5+AY5+BB5+BC5+BF5+BG5+BJ5+BK5 -> 0.5335 | BZ2: TO 2 | CA2: 11.01.2025
A3: SOLD | B3: =COUNTIF(C14:C150,"SOLD") -> 112 | M3: Mezzanine | P3: 135000 | Q3: 100000 | S3: 160000 | AE3: PR1 | AG3: PR1 - 1 | AI3: PR1 - 2 | AK3: PR1 - 3 | AM3: PR2 | AN3: 10 units | AO3: PR3 | AP3: 10 units | AQ3: PR4 | AR3: 8 units | AS3: PR5 | AT3: 5 units | AU3: 5 units | AW3: PR6 | AX3: 5 units | AY3: 5 units | BA3: PR7 | BB3: 5 units | BC3: 5 units | BE3: PR8 | BF3: 5 units | BG3: 5 units | BI3: PR9 | BJ3: 2 units | BK3: 2 units | BM3: PR10 | BZ3: TO 3 | CA3: 03.01.2026
A4: UNSOLD | B4: =A150-B3 -> 25 | S4: RESIDENTIAL | AF4: =132000*1.0308 -> 136065.6 | AG4: 44571 | AH4: =AF4*1.0227 -> 139154.29 | AI4: 44641 | AJ4: =AH4*1.025 -> 142633.15 | AK4: 44706 | AL4: =AJ4*1.025 -> 146198.98 | AM4: 44774 | AN4: =AL4*1.025 -> 149853.95 | AO4: 44817 | AP4: =AN4*1.025 -> 153600.3 | AQ4: 44872 | AR4: =AP4*1.025 -> 157440.31 | AT4: =AQ4*1.025 -> 45993.8 | AU4: =AR4*1.025 -> 161376.31 | AX4: =AT4*1.025 -> 47143.645 | AY4: =AU4*1.025 -> 165410.72 | BB4: =AX4*1.025 -> 48322.236 | BC4: =AY4*1.025 -> 169545.99 | BF4: =BB4*1.025 -> 49530.292 | BG4: =BC4*1.025 -> 173784.64 | BJ4: =BF4*1.025 -> 50768.549 | BK4: =BG4*1.025 -> 178129.25
Q5: 132000 | R5: 66000 | S5: 132000 | V5: 500 | W5: 2000 | X5: 0.005 | Y5: 2000 | Z5: 1000 | AF5: 0.0308 | AH5: 0.0227 | AJ5: 0.025 | AL5: 0.025 | AN5: 0.025 | AP5: 0.025 | AR5: 0.03 | AT5: 0.03 | AU5: 0.04 | AV5: DIFFERENCE | AX5: 0.03 | AY5: 0.04 | BB5: 0.03 | BC5: 0.04 | BF5: 0.03 | BG5: 0.04 | BJ5: 0.03 | BK5: 0.04 | BN5: 0.075 | BO5: 0.025 | BP5: 0.12 | CA5: 45870
A6: Inventory Count | B6: Per Floor | C6: Sale Status | D6: EXEC | E6: Actual Floor | F6: Building Floor | G6: Unit | H6: Unit Code | I6: Unit Type | J6: Floor Area | K6: Balcony | L6: Mezzanine | M6: Total Area | N6: Floor Area | O6: Mezzanine | P6: Commercial | Q6: Residential | R6: Balcony | S6: Total Selling Price | T6: Discount | U6: Floor Nominal | V6: Floor Additive | W6: Special Additive 8th Floor | X6: Recovery Additive | Y6: Corner | Z6: Facing East | AA6: Configuration | AB6: Classification | AC6: Total Additives | AE6: Net Selling Price | AF6: 1ST INCREASE 3.08% | AG6: NEW SELLIG PRICE | AH6: 2ND INCREASE 2.7% | AI6: NEW SELLING PRICE | AJ6: 3RD INCREASE | AK6: New Selling Price | AL6: 4TH INCREASE | AM6: New Selling Price | AN6: 5TH INCREASE | AO6: New Selling Price | AP6: 6TH INCREASE | AQ6: New Selling Price | AR6: 7TH INCREASE | AS6: New Selling Price | AT6: 8TH INCREASE | AU6: 8TH INCREASE | AW6: New Selling Price | AX6: 9TH INCREASE | AY6: 9TH INCREASE | BA6: New Selling Price | BB6: 10TH INCREASE | BC6: 10TH INCREASE | BE6: New Selling Price | BF6: 11TH INCREASE | BG6: 11TH INCREASE | BI6: New Selling Price | BJ6: 12TH INCREASE | BK6: 12TH INCREASE | BM6: New Selling Price | BN6: LMF | BO6: BF | BP6: VAT | BQ6: TCP | BR6: Price per sqm | BS6: DP% | BT6: Equity | BU6: RF | BV6: Monthly Equity | BW6: Equity Term | BX6: Loanable Amount | BZ6: TURNED OVER DATE | CA6: EQUITY TERM | CB6: For Brooky
A7: 1 | B7: 1 | C7: Unsold | E7: G | F7: GF | G7: 1 | H7: C1 | I7: Comm. | J7: 85.62 | M7: =J7+K7 -> 85.62 | P7: =J7*P$1 -> 13699200 | S7: =SUM(P7:R7) -> 13699200 | AA7: INNER | AE7: =S7+AC7 -> 13699200 | AG7: =AE7+AF7 -> 13699200 | AI7: =AG7+AH7 -> 13699200 | AJ7: =AI7*$AJ$5 -> 342480 | AK7: =AI7+AJ7 -> 14041680 | AL7: =AK7*$AJ$5 -> 351042 | AM7: =AK7+AL7 -> 14392722 | AN7: =AM7*$AJ$5 -> 359818.05 | AO7: =AM7+AN7 -> 14752540 | AP7: =AO7*$AP$5 -> 368813.5 | AQ7: =AO7+AP7 -> 15121354 | AR7: =AQ7*$AR$5 -> 453640.61 | AS7: =AQ7+AR7 -> 15574994 | AT7: =AS7*$AT$5 -> 467249.82 | AU7: =AS7*$AU$5 -> 622999.77 | AW7: =AS7+AU7 -> 16197994 | AX7: =AW7*$AX$5 -> 485939.82 | AY7: =AW7*$AY$5 -> 647919.76 | BA7: =AW7+AY7 -> 16845914 | BB7: =BA7*$BB$5 -> 505377.41 | BC7: =BA7*$BC$5 -> 673836.55 | BE7: =BA7+BC7 -> 17519750 | BF7: =BE7*$BF$5 -> 525592.51 | BG7: =BE7*$BC$5 -> 700790.01 | BI7: =BE7+BG7 -> 18220540 | BJ7: =BI7*$BJ$5 -> 546616.21 | BK7: =BI7*$BC$5 -> 728821.61 | BM7: =BI7+BK7 -> 18949362 | BN7: =BM7*$BN$5 -> 1421202.1 | BO7: =BM7*$BO$5 -> 473734.05 | BP7: =BM7*$BP$5 -> 2273923.4 | BQ7: =BM7+BN7+BO7+BP7 -> 23118221 | BR7: =BQ7/M7 -> 270009.59 | BS7: 0.4 | BT7: =BQ7*BS7 -> 9247288.6 | BU7: 200000 | BV7: =(BT7-BU7)/(BW7) -> 1292469.8 | BW7: =CA7 -> 7 | BX7: =BQ7-BT7 -> 13870933 | BZ7: 46082 | CA7: =(YEAR(BZ7)-YEAR($CA$5))*12+MONTH(BZ7)-MONTH($CA$5) -> 7 | CB7: =CA7+1 -> 8
A8: =A7+1 -> 2 | B8: =B7+1 -> 2 | C8: Sold | E8: G | F8: GF | G8: A | H8: COMM A | I8: Comm. | J8: 44.23 | M8: =J8 -> 44.23 | P8: =J8*P$1 -> 7076800 | S8: =SUM(P8:R8) -> 7076800 | AA8: CORNER | AE8: =S8+AC8 -> 7076800 | AG8: =AE8+AF8 -> 7076800 | AI8: =AG8+AH8 -> 7076800 | AJ8: =AI8*$AJ$5 -> 176920 | AK8: =AI8+AJ8 -> 7253720 | AL8: =AK8*$AJ$5 -> 181343 | AM8: =AK8+AL8 -> 7435063 | AN8: =AM8*$AJ$5 -> 185876.57 | AO8: =AM8+AN8 -> 7620939.6 | AP8: =AO8*$AP$5 -> 190523.49 | AQ8: =AO8+AP8 -> 7811463.1 | AR8: =AQ8*$AR$5 -> 234343.89 | AS8: =AQ8+AR8 -> 8045807 | AT8: =AS8*$AT$5 -> 241374.21 | AU8: =AS8*$AU$5 -> 321832.28 | AW8: =AS8+AU8 -> 8367639.2 | AX8: =AW8*$AX$5 -> 251029.18 | AY8: =AW8*$AY$5 -> 334705.57 | BA8: =AW8+AY8 -> 8702344.8 | BB8: =BA8*$BB$5 -> 261070.34 | BC8: =BA8*$BC$5 -> 348093.79 | BE8: =BA8+BC8 -> 9050438.6 | BF8: =BE8*$BF$5 -> 271513.16 | BG8: =BE8*$BC$5 -> 362017.54 | BI8: =BE8+BG8 -> 9412456.1 | BJ8: =BI8*$BJ$5 -> 282373.68 | BK8: =BI8*$BC$5 -> 376498.25 | BM8: =BI8+BK8 -> 9788954.4 | BN8: =BM8*$BN$5 -> 734171.58 | BO8: =BM8*$BO$5 -> 244723.86 | BP8: =BM8*$BP$5 -> 1174674.5 | BQ8: =BM8+BN8+BO8+BP8 -> 11942524 | BR8: =BQ8/M8 -> 270009.59 | BS8: 0.4 | BT8: =BQ8*BS8 -> 4777009.7 | BU8: 200000 | BV8: =(BT8-BU8)/(BW8) -> 653858.53 | BW8: =CA8 -> 7 | BX8: =BQ8-BT8 -> 7165514.6 | BZ8: 46082 | CA8: =(YEAR(BZ8)-YEAR($CA$5))*12+MONTH(BZ8)-MONTH($CA$5) -> 7 | CB8: =CA8+1 -> 8
A9: =A8+1 -> 3 | B9: =B8+1 -> 3 | C9: Sold | E9: G | F9: GF | G9: B | H9: COMM B | I9: Comm. | J9: 47.78 | M9: =J9 -> 47.78 | P9: =J9*P$1 -> 7644800 | S9: =SUM(P9:R9) -> 7644800 | AA9: INNER | AE9: =S9+AC9 -> 7644800 | AG9: =AE9+AF9 -> 7644800 | AI9: =AG9+AH9 -> 7644800 | AJ9: =AI9*$AJ$5 -> 191120 | AK9: =AI9+AJ9 -> 7835920 | AL9: =AK9*$AJ$5 -> 195898 | AM9: =AK9+AL9 -> 8031818 | AN9: =AM9*$AJ$5 -> 200795.45 | AO9: =AM9+AN9 -> 8232613.5 | AP9: =AO9*$AP$5 -> 205815.34 | AQ9: =AO9+AP9 -> 8438428.8 | AR9: =AQ9*$AR$5 -> 253152.86 | AS9: =AQ9+AR9 -> 8691581.6 | AT9: =AS9*$AT$5 -> 260747.45 | AU9: =AS9*$AU$5 -> 347663.27 | AW9: =AS9+AU9 -> 9039244.9 | AX9: =AW9*$AX$5 -> 271177.35 | AY9: =AW9*$AY$5 -> 361569.8 | BA9: =AW9+AY9 -> 9400814.7 | BB9: =BA9*$BB$5 -> 282024.44 | BC9: =BA9*$BC$5 -> 376032.59 | BE9: =BA9+BC9 -> 9776847.3 | BF9: =BE9*$BF$5 -> 293305.42 | BG9: =BE9*$BC$5 -> 391073.89 | BI9: =BE9+BG9 -> 10167921 | BJ9: =BI9*$BJ$5 -> 305037.64 | BK9: =BI9*$BC$5 -> 406716.85 | BM9: =BI9+BK9 -> 10574638 | BN9: =BM9*$BN$5 -> 793097.85 | BO9: =BM9*$BO$5 -> 264365.95 | BP9: =BM9*$BP$5 -> 1268956.6 | BQ9: =BM9+BN9+BO9+BP9 -> 12901058 | BR9: =BQ9/M9 -> 270009.59 | BS9: 0.4 | BT9: =BQ9*BS9 -> 5160423.4 | BU9: 200000 | BV9: =(BT9-BU9)/(BW9) -> 708631.91 | BW9: =CA9 -> 7 | BX9: =BQ9-BT9 -> 7740635 | BZ9: 46082 | CA9: =(YEAR(BZ9)-YEAR($CA$5))*12+MONTH(BZ9)-MONTH($CA$5) -> 7 | CB9: =CA9+1 -> 8
A10: =A9+1 -> 4 | B10: =B9+1 -> 4 | C10: Sold | E10: G | F10: GF | G10: C | H10: COMM C | I10: Comm. | J10: 53.99 | M10: =J10 -> 53.99 | P10: =J10*P$1 -> 8638400 | S10: =SUM(P10:R10) -> 8638400 | AA10: INNER | AE10: =S10+AC10 -> 8638400 | AG10: =AE10+AF10 -> 8638400 | AI10: =AG10+AH10 -> 8638400 | AJ10: =AI10*$AJ$5 -> 215960 | AK10: =AI10+AJ10 -> 8854360 | AL10: =AK10*$AJ$5 -> 221359 | AM10: =AK10+AL10 -> 9075719 | AN10: =AM10*$AJ$5 -> 226892.98 | AO10: =AM10+AN10 -> 9302612 | AP10: =AO10*$AP$5 -> 232565.3 | AQ10: =AO10+AP10 -> 9535177.3 | AR10: =AQ10*$AR$5 -> 286055.32 | AS10: =AQ10+AR10 -> 9821232.6 | AT10: =AS10*$AT$5 -> 294636.98 | AU10: =AS10*$AU$5 -> 392849.3 | AW10: =AS10+AU10 -> 10214082 | AX10: =AW10*$AX$5 -> 306422.46 | AY10: =AW10*$AY$5 -> 408563.28 | BA10: =AW10+AY10 -> 10622645 | BB10: =BA10*$BB$5 -> 318679.36 | BC10: =BA10*$BC$5 -> 424905.81 | BE10: =BA10+BC10 -> 11047551 | BF10: =BE10*$BF$5 -> 331426.53 | BG10: =BE10*$BC$5 -> 441902.04 | BI10: =BE10+BG10 -> 11489453 | BJ10: =BI10*$BJ$5 -> 344683.59 | BK10: =BI10*$BC$5 -> 459578.12 | BM10: =BI10+BK10 -> 11949031 | BN10: =BM10*$BN$5 -> 896177.34 | BO10: =BM10*$BO$5 -> 298725.78 | BP10: =BM10*$BP$5 -> 1433883.7 | BQ10: =BM10+BN10+BO10+BP10 -> 14577818 | BR10: =BQ10/M10 -> 270009.59 | BS10: 0.4 | BT10: =BQ10*BS10 -> 5831127.2 | BU10: 200000 | BV10: =(BT10-BU10)/(BW10) -> 804446.74 | BW10: =CA10 -> 7 | BX10: =BQ10-BT10 -> 8746690.8 | BZ10: 46082 | CA10: =(YEAR(BZ10)-YEAR($CA$5))*12+MONTH(BZ10)-MONTH($CA$5) -> 7 | CB10: =CA10+1 -> 8
A11: =A10+1 -> 5 | B11: =B10+1 -> 5 | C11: Sold | E11: G | F11: GF | G11: D | H11: COMM D | I11: Comm. | J11: 58.67 | M11: =J11 -> 58.67 | P11: =J11*P$1 -> 9387200 | S11: =SUM(P11:R11) -> 9387200 | AA11: INNER | AE11: =S11+AC11 -> 9387200 | AG11: =AE11+AF11 -> 9387200 | AI11: =AG11+AH11 -> 9387200 | AJ11: =AI11*$AJ$5 -> 234680 | AK11: =AI11+AJ11 -> 9621880 | AL11: =AK11*$AJ$5 -> 240547 | AM11: =AK11+AL11 -> 9862427 | AN11: =AM11*$AJ$5 -> 246560.68 | AO11: =AM11+AN11 -> 10108988 | AP11: =AO11*$AP$5 -> 252724.69 | AQ11: =AO11+AP11 -> 10361712 | AR11: =AQ11*$AR$5 -> 310851.37 | AS11: =AQ11+AR11 -> 10672564 | AT11: =AS11*$AT$5 -> 320176.91 | AU11: =AS11*$AU$5 -> 426902.55 | AW11: =AS11+AU11 -> 11099466 | AX11: =AW11*$AX$5 -> 332983.99 | AY11: =AW11*$AY$5 -> 443978.65 | BA11: =AW11+AY11 -> 11543445 | BB11: =BA11*$BB$5 -> 346303.35 | BC11: =BA11*$BC$5 -> 461737.8 | BE11: =BA11+BC11 -> 12005183 | BF11: =BE11*$BF$5 -> 360155.48 | BG11: =BE11*$BC$5 -> 480207.31 | BI11: =BE11+BG11 -> 12485390 | BJ11: =BI11*$BJ$5 -> 374561.7 | BK11: =BI11*$BC$5 -> 499415.6 | BM11: =BI11+BK11 -> 12984806 | BN11: =BM11*$BN$5 -> 973860.42 | BO11: =BM11*$BO$5 -> 324620.14 | BP11: =BM11*$BP$5 -> 1558176.7 | BQ11: =BM11+BN11+BO11+BP11 -> 15841463 | BR11: =BQ11/M11 -> 270009.59 | BS11: 0.4 | BT11: =BQ11*BS11 -> 6336585.2 | BU11: 200000 | BV11: =(BT11-BU11)/(BW11) -> 876655.02 | BW11: =CA11 -> 7 | BX11: =BQ11-BT11 -> 9504877.7 | BZ11: 46082 | CA11: =(YEAR(BZ11)-YEAR($CA$5))*12+MONTH(BZ11)-MONTH($CA$5) -> 7 | CB11: =CA11+1 -> 8
A12: =A11+1 -> 6 | B12: =B11+1 -> 6 | C12: Sold | E12: G | F12: GF | G12: E | H12: COMM E | I12: Comm. | J12: 63.33 | M12: =J12 -> 63.33 | P12: =J12*P$1 -> 10132800 | S12: =SUM(P12:R12) -> 10132800 | AA12: INNER | AE12: =S12+AC12 -> 10132800 | AG12: =AE12+AF12 -> 10132800 | AI12: =AG12+AH12 -> 10132800 | AJ12: =AI12*$AJ$5 -> 253320 | AK12: =AI12+AJ12 -> 10386120 | AL12: =AK12*$AJ$5 -> 259653 | AM12: =AK12+AL12 -> 10645773 | AN12: =AM12*$AJ$5 -> 266144.33 | AO12: =AM12+AN12 -> 10911917 | AP12: =AO12*$AP$5 -> 272797.93 | AQ12: =AO12+AP12 -> 11184715 | AR12: =AQ12*$AR$5 -> 335541.46 | AS12: =AQ12+AR12 -> 11520257 | AT12: =AS12*$AT$5 -> 345607.7 | AU12: =AS12*$AU$5 -> 460810.27 | AW12: =AS12+AU12 -> 11981067 | AX12: =AW12*$AX$5 -> 359432.01 | AY12: =AW12*$AY$5 -> 479242.68 | BA12: =AW12+AY12 -> 12460310 | BB12: =BA12*$BB$5 -> 373809.29 | BC12: =BA12*$BC$5 -> 498412.39 | BE12: =BA12+BC12 -> 12958722 | BF12: =BE12*$BF$5 -> 388761.66 | BG12: =BE12*$BC$5 -> 518348.88 | BI12: =BE12+BG12 -> 13477071 | BJ12: =BI12*$BJ$5 -> 404312.13 | BK12: =BI12*$BC$5 -> 539082.84 | BM12: =BI12+BK12 -> 14016154 | BN12: =BM12*$BN$5 -> 1051211.5 | BO12: =BM12*$BO$5 -> 350403.84 | BP12: =BM12*$BP$5 -> 1681938.5 | BQ12: =BM12+BN12+BO12+BP12 -> 17099708 | BR12: =BQ12/M12 -> 270009.59 | BS12: 0.4 | BT12: =BQ12*BS12 -> 6839883 | BU12: 200000 | BV12: =(BT12-BU12)/(BW12) -> 948554.72 | BW12: =CA12 -> 7 | BX12: =BQ12-BT12 -> 10259825 | BZ12: 46082 | CA12: =(YEAR(BZ12)-YEAR($CA$5))*12+MONTH(BZ12)-MONTH($CA$5) -> 7 | CB12: =CA12+1 -> 8
A13: =A12+1 -> 7 | B13: =B12+1 -> 7 | C13: Sold | E13: G | F13: GF | G13: F | H13: COMM F | I13: Comm. | J13: 86.33 | M13: =J13 -> 86.33 | P13: =J13*P$1 -> 13812800 | S13: =SUM(P13:R13) -> 13812800 | AA13: CORNER | AE13: =S13+AC13 -> 13812800 | AG13: =AE13+AF13 -> 13812800 | AI13: =AG13+AH13 -> 13812800 | AJ13: =AI13*$AJ$5 -> 345320 | AK13: =AI13+AJ13 -> 14158120 | AL13: =AK13*$AJ$5 -> 353953 | AM13: =AK13+AL13 -> 14512073 | AN13: =AM13*$AJ$5 -> 362801.83 | AO13: =AM13+AN13 -> 14874875 | AP13: =AO13*$AP$5 -> 371871.87 | AQ13: =AO13+AP13 -> 15246747 | AR13: =AQ13*$AR$5 -> 457402.4 | AS13: =AQ13+AR13 -> 15704149 | AT13: =AS13*$AT$5 -> 471124.47 | AU13: =AS13*$AU$5 -> 628165.96 | AW13: =AS13+AU13 -> 16332315 | AX13: =AW13*$AX$5 -> 489969.45 | AY13: =AW13*$AY$5 -> 653292.6 | BA13: =AW13+AY13 -> 16985608 | BB13: =BA13*$BB$5 -> 509568.23 | BC13: =BA13*$BC$5 -> 679424.31 | BE13: =BA13+BC13 -> 17665032 | BF13: =BE13*$BF$5 -> 529950.96 | BG13: =BE13*$BC$5 -> 706601.28 | BI13: =BE13+BG13 -> 18371633 | BJ13: =BI13*$BJ$5 -> 551149 | BK13: =BI13*$BC$5 -> 734865.33 | BM13: =BI13+BK13 -> 19106499 | BN13: =BM13*$BN$5 -> 1432987.4 | BO13: =BM13*$BO$5 -> 477662.46 | BP13: =BM13*$BP$5 -> 2292779.8 | BQ13: =BM13+BN13+BO13+BP13 -> 23309928 | BR13: =BQ13/M13 -> 270009.59 | BS13: 0.4 | BT13: =BQ13*BS13 -> 9323971.3 | BU13: 200000 | BV13: =(BT13-BU13)/(BW13) -> 1303424.5 | BW13: =CA13 -> 7 | BX13: =BQ13-BT13 -> 13985957 | BZ13: 46082 | CA13: =(YEAR(BZ13)-YEAR($CA$5))*12+MONTH(BZ13)-MONTH($CA$5) -> 7 | CB13: =CA13+1 -> 8
A14: 1 | B14: 1 | C14: Unsold | E14: G | F14: GF | G14: 1 | H14: C1 | I14: Comm. | J14: 85.62 | M14: =J14 -> 85.62 | P14: =J14*P$1 -> 13699200 | S14: =SUM(P14:R14) -> 13699200 | AA14: INNER | AE14: =S14+AC14 -> 13699200 | AG14: =AE14+AF14 -> 13699200 | AI14: =AG14+AH14 -> 13699200 | AJ14: =AI14*$AJ$5 -> 342480 | AK14: =AI14+AJ14 -> 14041680 | AL14: =AK14*$AJ$5 -> 351042 | AM14: =AK14+AL14 -> 14392722 | AN14: =AM14*$AJ$5 -> 359818.05 | AO14: =AM14+AN14 -> 14752540 | AP14: =AO14*$AP$5 -> 368813.5 | AQ14: =AO14+AP14 -> 15121354 | AR14: =AQ14*$AR$5 -> 453640.61 | AS14: =AQ14+AR14 -> 15574994 | AT14: =AS14*$AT$5 -> 467249.82 | AU14: =AS14*$AU$5 -> 622999.77 | AW14: =AS14+AU14 -> 16197994 | AX14: =AW14*$AX$5 -> 485939.82 | AY14: =AW14*$AY$5 -> 647919.76 | BA14: =AW14+AY14 -> 16845914 | BB14: =BA14*$BB$5 -> 505377.41 | BC14: =BA14*$BC$5 -> 673836.55 | BE14: =BA14+BC14 -> 17519750 | BF14: =BE14*$BF$5 -> 525592.51 | BG14: =BE14*$BC$5 -> 700790.01 | BI14: =BE14+BG14 -> 18220540 | BJ14: =BI14*$BJ$5 -> 546616.21 | BK14: =BI14*$BC$5 -> 728821.61 | BM14: =BI14+BK14 -> 18949362 | BN14: =BM14*$BN$5 -> 1421202.1 | BO14: =BM14*$BO$5 -> 473734.05 | BP14: =BM14*$BP$5 -> 2273923.4 | BQ14: =BM14+BN14+BO14+BP14 -> 23118221 | BR14: =BQ14/M14 -> 270009.59 | BS14: 0.4 | BT14: =BQ14*BS14 -> 9247288.6 | BU14: 200000 | BV14: =(BT14-BU14)/(BW14) -> 1292469.8 | BW14: =CA14 -> 7 | BX14: =BQ14-BT14 -> 13870933 | BZ14: 46082 | CA14: =(YEAR(BZ14)-YEAR($CA$5))*12+MONTH(BZ14)-MONTH($CA$5) -> 7 | CB14: =CA14+1 -> 8
A15: =A14+1 -> 2 | B15: =B14+1 -> 2 | C15: Sold | E15: G | F15: GF | G15: A | H15: COMM A - M | I15: Comm. w/ Mezzanine | J15: 44.23 | L15: 37.15 | M15: =J15+L15 -> 81.38 | N15: =J15*P$3 -> 5971050 | O15: =L15*Q$3 -> 3715000 | P15: =N15+O15 -> 9686050 | S15: =SUM(P15:R15) -> 9686050 | AA15: CORNER | AE15: =S15+AC15 -> 9686050 | AG15: =AE15+AF15 -> 9686050 | AI15: =AG15+AH15 -> 9686050 | AJ15: =AI15*$AJ$5 -> 242151.25 | AK15: =AI15+AJ15 -> 9928201.2 | AL15: =AK15*$AJ$5 -> 248205.03 | AM15: =AK15+AL15 -> 10176406 | AN15: =AM15*$AJ$5 -> 254410.16 | AO15: =AM15+AN15 -> 10430816 | AP15: =AO15*$AP$5 -> 260770.41 | AQ15: =AO15+AP15 -> 10691587 | AR15: =AQ15*$AR$5 -> 320747.61 | AS15: =AQ15+AR15 -> 11012334 | AT15: =AS15*$AT$5 -> 330370.03 | AU15: =AS15*$AU$5 -> 440493.38 | AW15: =AS15+AU15 -> 11452828 | AX15: =AW15*$AX$5 -> 343584.83 | AY15: =AW15*$AY$5 -> 458113.11 | BA15: =AW15+AY15 -> 11910941 | BB15: =BA15*$BB$5 -> 357328.23 | BC15: =BA15*$BC$5 -> 476437.64 | BE15: =BA15+BC15 -> 12387379 | BF15: =BE15*$BF$5 -> 371621.36 | BG15: =BE15*$BC$5 -> 495495.14 | BI15: =BE15+BG15 -> 12882874 | BJ15: =BI15*$BJ$5 -> 386486.21 | BK15: =BI15*$BC$5 -> 515314.95 | BM15: =BI15+BK15 -> 13398189 | BN15: =BM15*$BN$5 -> 1004864.2 | BO15: =BM15*$BO$5 -> 334954.72 | BP15: =BM15*$BP$5 -> 1607782.6 | BQ15: =BM15+BN15+BO15+BP15 -> 16345790 | BR15: =BQ15/M15 -> 200857.58 | BS15: 0.4 | BT15: =BQ15*BS15 -> 6538316.1 | BU15: 200000 | BV15: =(BT15-BU15)/(BW15) -> 905473.72 | BW15: =CA15 -> 7 | BX15: =BQ15-BT15 -> 9807474.1 | BZ15: 46082 | CA15: =(YEAR(BZ15)-YEAR($CA$5))*12+MONTH(BZ15)-MONTH($CA$5) -> 7 | CB15: =CA15+1 -> 8
A16: =A15+1 -> 3 | B16: =B15+1 -> 3 | C16: Sold | E16: G | F16: GF | G16: B | H16: COMM B - M | I16: Comm. w/ Mezzanine | J16: 47.78 | L16: 41.72 | M16: =J16+L16 -> 89.5 | N16: =J16*P$3 -> 6450300 | O16: =L16*Q$3 -> 4172000 | P16: =N16+O16 -> 10622300 | S16: =SUM(P16:R16) -> 10622300 | AA16: INNER | AE16: =S16+AC16 -> 10622300 | AG16: =AE16+AF16 -> 10622300 | AI16: =AG16+AH16 -> 10622300 | AJ16: =AI16*$AJ$5 -> 265557.5 | AK16: =AI16+AJ16 -> 10887858 | AL16: =AK16*$AJ$5 -> 272196.44 | AM16: =AK16+AL16 -> 11160054 | AN16: =AM16*$AJ$5 -> 279001.35 | AO16: =AM16+AN16 -> 11439055 | AP16: =AO16*$AP$5 -> 285976.38 | AQ16: =AO16+AP16 -> 11725032 | AR16: =AQ16*$AR$5 -> 351750.95 | AS16: =AQ16+AR16 -> 12076783 | AT16: =AS16*$AT$5 -> 362303.48 | AU16: =AS16*$AU$5 -> 483071.3 | AW16: =AS16+AU16 -> 12559854 | AX16: =AW16*$AX$5 -> 376795.62 | AY16: =AW16*$AY$5 -> 502394.16 | BA16: =AW16+AY16 -> 13062248 | BB16: =BA16*$BB$5 -> 391867.44 | BC16: =BA16*$BC$5 -> 522489.92 | BE16: =BA16+BC16 -> 13584738 | BF16: =BE16*$BF$5 -> 407542.14 | BG16: =BE16*$BC$5 -> 543389.52 | BI16: =BE16+BG16 -> 14128128 | BJ16: =BI16*$BJ$5 -> 423843.83 | BK16: =BI16*$BC$5 -> 565125.1 | BM16: =BI16+BK16 -> 14693253 | BN16: =BM16*$BN$5 -> 1101993.9 | BO16: =BM16*$BO$5 -> 367331.32 | BP16: =BM16*$BP$5 -> 1763190.3 | BQ16: =BM16+BN16+BO16+BP16 -> 17925768 | BR16: =BQ16/M16 -> 200287.91 | BS16: 0.4 | BT16: =BQ16*BS16 -> 7170307.3 | BU16: 200000 | BV16: =(BT16-BU16)/(BW16) -> 995758.18 | BW16: =CA16 -> 7 | BX16: =BQ16-BT16 -> 10755461 | BZ16: 46082 | CA16: =(YEAR(BZ16)-YEAR($CA$5))*12+MONTH(BZ16)-MONTH($CA$5) -> 7 | CB16: =CA16+1 -> 8
A17: =A16+1 -> 4 | B17: =B16+1 -> 4 | C17: Sold | E17: G | F17: GF | G17: C | H17: COMM C - M | I17: Comm. w/ Mezzanine | J17: 53.99 | L17: 46.69 | M17: =J17+L17 -> 100.68 | N17: =J17*P$3 -> 7288650 | O17: =L17*Q$3 -> 4669000 | P17: =N17+O17 -> 11957650 | S17: =SUM(P17:R17) -> 11957650 | AA17: INNER | AE17: =S17+AC17 -> 11957650 | AG17: =AE17+AF17 -> 11957650 | AI17: =AG17+AH17 -> 11957650 | AJ17: =AI17*$AJ$5 -> 298941.25 | AK17: =AI17+AJ17 -> 12256591 | AL17: =AK17*$AJ$5 -> 306414.78 | AM17: =AK17+AL17 -> 12563006 | AN17: =AM17*$AJ$5 -> 314075.15 | AO17: =AM17+AN17 -> 12877081 | AP17: =AO17*$AP$5 -> 321927.03 | AQ17: =AO17+AP17 -> 13199008 | AR17: =AQ17*$AR$5 -> 395970.25 | AS17: =AQ17+AR17 -> 13594978 | AT17: =AS17*$AT$5 -> 407849.35 | AU17: =AS17*$AU$5 -> 543799.14 | AW17: =AS17+AU17 -> 14138778 | AX17: =AW17*$AX$5 -> 424163.33 | AY17: =AW17*$AY$5 -> 565551.1 | BA17: =AW17+AY17 -> 14704329 | BB17: =BA17*$BB$5 -> 441129.86 | BC17: =BA17*$BC$5 -> 588173.15 | BE17: =BA17+BC17 -> 15292502 | BF17: =BE17*$BF$5 -> 458775.06 | BG17: =BE17*$BC$5 -> 611700.07 | BI17: =BE17+BG17 -> 15904202 | BJ17: =BI17*$BJ$5 -> 477126.06 | BK17: =BI17*$BC$5 -> 636168.08 | BM17: =BI17+BK17 -> 16540370 | BN17: =BM17*$BN$5 -> 1240527.7 | BO17: =BM17*$BO$5 -> 413509.25 | BP17: =BM17*$BP$5 -> 1984844.4 | BQ17: =BM17+BN17+BO17+BP17 -> 20179251 | BR17: =BQ17/M17 -> 200429.59 | BS17: 0.4 | BT17: =BQ17*BS17 -> 8071700.6 | BU17: 200000 | BV17: =(BT17-BU17)/(BW17) -> 1124528.7 | BW17: =CA17 -> 7 | BX17: =BQ17-BT17 -> 12107551 | BZ17: 46082 | CA17: =(YEAR(BZ17)-YEAR($CA$5))*12+MONTH(BZ17)-MONTH($CA$5) -> 7 | CB17: =CA17+1 -> 8
A18: =A17+1 -> 5 | B18: =B17+1 -> 5 | C18: Sold | E18: G | F18: GF | G18: D | H18: COMM D - M | I18: Comm. w/ Mezzanine | J18: 58.67 | L18: 51.1 | M18: =J18+L18 -> 109.77 | N18: =J18*P$3 -> 7920450 | O18: =L18*Q$3 -> 5110000 | P18: =N18+O18 -> 13030450 | S18: =SUM(P18:R18) -> 13030450 | AA18: INNER | AE18: =S18+AC18 -> 13030450 | AG18: =AE18+AF18 -> 13030450 | AI18: =AG18+AH18 -> 13030450 | AJ18: =AI18*$AJ$5 -> 325761.25 | AK18: =AI18+AJ18 -> 13356211 | AL18: =AK18*$AJ$5 -> 333905.28 | AM18: =AK18+AL18 -> 13690117 | AN18: =AM18*$AJ$5 -> 342252.91 | AO18: =AM18+AN18 -> 14032369 | AP18: =AO18*$AP$5 -> 350809.24 | AQ18: =AO18+AP18 -> 14383179 | AR18: =AQ18*$AR$5 -> 431495.36 | AS18: =AQ18+AR18 -> 14814674 | AT18: =AS18*$AT$5 -> 444440.22 | AU18: =AS18*$AU$5 -> 592586.96 | AW18: =AS18+AU18 -> 15407261 | AX18: =AW18*$AX$5 -> 462217.83 | AY18: =AW18*$AY$5 -> 616290.44 | BA18: =AW18+AY18 -> 16023551 | BB18: =BA18*$BB$5 -> 480706.54 | BC18: =BA18*$BC$5 -> 640942.06 | BE18: =BA18+BC18 -> 16664494 | BF18: =BE18*$BF$5 -> 499934.81 | BG18: =BE18*$BC$5 -> 666579.74 | BI18: =BE18+BG18 -> 17331073 | BJ18: =BI18*$BJ$5 -> 519932.2 | BK18: =BI18*$BC$5 -> 693242.93 | BM18: =BI18+BK18 -> 18024316 | BN18: =BM18*$BN$5 -> 1351823.7 | BO18: =BM18*$BO$5 -> 450607.9 | BP18: =BM18*$BP$5 -> 2162917.9 | BQ18: =BM18+BN18+BO18+BP18 -> 21989666 | BR18: =BQ18/M18 -> 200324.91 | BS18: 0.4 | BT18: =BQ18*BS18 -> 8795866.3 | BU18: 200000 | BV18: =(BT18-BU18)/(BW18) -> 1227980.9 | BW18: =CA18 -> 7 | BX18: =BQ18-BT18 -> 13193799 | BZ18: 46082 | CA18: =(YEAR(BZ18)-YEAR($CA$5))*12+MONTH(BZ18)-MONTH($CA$5) -> 7 | CB18: =CA18+1 -> 8
A19: =A18+1 -> 6 | B19: =B18+1 -> 6 | C19: Sold | E19: G | F19: GF | G19: E | H19: COMM E - M | I19: Comm. w/ Mezzanine | J19: 63.33 | L19: 55.75 | M19: =J19+L19 -> 119.08 | N19: =J19*P$3 -> 8549550 | O19: =L19*Q$3 -> 5575000 | P19: =N19+O19 -> 14124550 | S19: =SUM(P19:R19) -> 14124550 | AA19: INNER | AE19: =S19+AC19 -> 14124550 | AG19: =AE19+AF19 -> 14124550 | AI19: =AG19+AH19 -> 14124550 | AJ19: =AI19*$AJ$5 -> 353113.75 | AK19: =AI19+AJ19 -> 14477664 | AL19: =AK19*$AJ$5 -> 361941.59 | AM19: =AK19+AL19 -> 14839605 | AN19: =AM19*$AJ$5 -> 370990.13 | AO19: =AM19+AN19 -> 15210595 | AP19: =AO19*$AP$5 -> 380264.89 | AQ19: =AO19+AP19 -> 15590860 | AR19: =AQ19*$AR$5 -> 467725.81 | AS19: =AQ19+AR19 -> 16058586 | AT19: =AS19*$AT$5 -> 481757.59 | AU19: =AS19*$AU$5 -> 642343.45 | AW19: =AS19+AU19 -> 16700930 | AX19: =AW19*$AX$5 -> 501027.89 | AY19: =AW19*$AY$5 -> 668037.18 | BA19: =AW19+AY19 -> 17368967 | BB19: =BA19*$BB$5 -> 521069 | BC19: =BA19*$BC$5 -> 694758.67 | BE19: =BA19+BC19 -> 18063725 | BF19: =BE19*$BF$5 -> 541911.76 | BG19: =BE19*$BC$5 -> 722549.02 | BI19: =BE19+BG19 -> 18786274 | BJ19: =BI19*$BJ$5 -> 563588.23 | BK19: =BI19*$BC$5 -> 751450.98 | BM19: =BI19+BK19 -> 19537725 | BN19: =BM19*$BN$5 -> 1465329.4 | BO19: =BM19*$BO$5 -> 488443.14 | BP19: =BM19*$BP$5 -> 2344527.1 | BQ19: =BM19+BN19+BO19+BP19 -> 23836025 | BR19: =BQ19/M19 -> 200168.16 | BS19: 0.4 | BT19: =BQ19*BS19 -> 9534410 | BU19: 200000 | BV19: =(BT19-BU19)/(BW19) -> 1333487.1 | BW19: =CA19 -> 7 | BX19: =BQ19-BT19 -> 14301615 | BZ19: 46082 | CA19: =(YEAR(BZ19)-YEAR($CA$5))*12+MONTH(BZ19)-MONTH($CA$5) -> 7 | CB19: =CA19+1 -> 8
A20: =A19+1 -> 7 | B20: =B19+1 -> 7 | C20: Sold | E20: G | F20: GF | G20: F | H20: COMM F - M | I20: Comm. w/ Mezzanine | J20: 86.33 | L20: 78.78 | M20: =J20+L20 -> 165.11 | N20: =J20*P$3 -> 11654550 | O20: =L20*Q$3 -> 7878000 | P20: =N20+O20 -> 19532550 | S20: =SUM(P20:R20) -> 19532550 | AA20: CORNER | AE20: =S20+AC20 -> 19532550 | AG20: =AE20+AF20 -> 19532550 | AI20: =AG20+AH20 -> 19532550 | AJ20: =AI20*$AJ$5 -> 488313.75 | AK20: =AI20+AJ20 -> 20020864 | AL20: =AK20*$AJ$5 -> 500521.59 | AM20: =AK20+AL20 -> 20521385 | AN20: =AM20*$AJ$5 -> 513034.63 | AO20: =AM20+AN20 -> 21034420 | AP20: =AO20*$AP$5 -> 525860.5 | AQ20: =AO20+AP20 -> 21560280 | AR20: =AQ20*$AR$5 -> 646808.41 | AS20: =AQ20+AR20 -> 22207089 | AT20: =AS20*$AT$5 -> 666212.67 | AU20: =AS20*$AU$5 -> 888283.56 | AW20: =AS20+AU20 -> 23095372 | AX20: =AW20*$AX$5 -> 692861.17 | AY20: =AW20*$AY$5 -> 923814.9 | BA20: =AW20+AY20 -> 24019187 | BB20: =BA20*$BB$5 -> 720575.62 | BC20: =BA20*$BC$5 -> 960767.49 | BE20: =BA20+BC20 -> 24979955 | BF20: =BE20*$BF$5 -> 749398.65 | BG20: =BE20*$BC$5 -> 999198.19 | BI20: =BE20+BG20 -> 25979153 | BJ20: =BI20*$BJ$5 -> 779374.59 | BK20: =BI20*$BC$5 -> 1039166.1 | BM20: =BI20+BK20 -> 27018319 | BN20: =BM20*$BN$5 -> 2026373.9 | BO20: =BM20*$BO$5 -> 675457.98 | BP20: =BM20*$BP$5 -> 3242198.3 | BQ20: =BM20+BN20+BO20+BP20 -> 32962349 | BR20: =BQ20/M20 -> 199638.72 | BS20: 0.4 | BT20: =BQ20*BS20 -> 13184940 | BU20: 200000 | BV20: =(BT20-BU20)/(BW20) -> 1854991.4 | BW20: =CA20 -> 7 | BX20: =BQ20-BT20 -> 19777410 | BZ20: 46082 | CA20: =(YEAR(BZ20)-YEAR($CA$5))*12+MONTH(BZ20)-MONTH($CA$5) -> 7 | CB20: =CA20+1 -> 8
A21: =A13+1 -> 8 | B21: 1 | C21: Sold | E21: 4th | F21: 5th | G21: A | H21: 5A | I21: 3-BR | J21: 99.98 | K21: 10.29 | L21: 0 | M21: =J21+K21 -> 110.27 | Q21: =J21*$Q$5 -> 13197360 | R21: =K21*$R$5 -> 679140 | S21: =SUM(P21:R21) -> 13876500 | U21: 1 | V21: =M21*U21*$V$5 -> 55135 | X21: =S21*$X$5 -> 69382.5 | Y21: =M21*$Y$5 -> 220540 | Z21: =M21*$Z$5 -> 110270 | AA21: CORNER | AB21: EAST | AC21: =SUM(V21:Z21) -> 455327.5 | AE21: =S21+AC21 -> 14331828 | AF21: =AE21*$AF$5 -> 441420.29 | AG21: =AE21+AF21 -> 14773248 | AH21: =AG21*$AH$5 -> 335352.72 | AI21: =AG21+AH21 -> 15108601 | AJ21: =AI21*$AJ$5 -> 377715.01 | AK21: =AI21+AJ21 -> 15486316 | AL21: =AK21*$AJ$5 -> 387157.89 | AM21: =AK21+AL21 -> 15873473 | AN21: =AM21*$AJ$5 -> 396836.84 | AO21: =AM21+AN21 -> 16270310 | AP21: =AO21*$AP$5 -> 406757.76 | AQ21: =AO21+AP21 -> 16677068 | AR21: =AQ21*$AR$5 -> 500312.04 | AS21: =AQ21+AR21 -> 17177380 | AT21: =AS21*$AT$5 -> 515321.4 | AU21: =AS21*$AU$5 -> 687095.2 | AW21: =AS21+AU21 -> 17864475 | AX21: =AW21*$AX$5 -> 535934.26 | AY21: =AW21*$AY$5 -> 714579.01 | BA21: =AW21+AY21 -> 18579054 | BB21: =BA21*$BB$5 -> 557371.63 | BC21: =BA21*$BC$5 -> 743162.17 | BE21: =BA21+BC21 -> 19322216 | BF21: =BE21*$BF$5 -> 579666.49 | BG21: =BE21*$BC$5 -> 772888.66 | BI21: =BE21+BG21 -> 20095105 | BJ21: =BI21*$BJ$5 -> 602853.15 | BK21: =BI21*$BC$5 -> 803804.2 | BM21: =BI21+BK21 -> 20898909 | BN21: =BM21*$BN$5 -> 1567418.2 | BO21: =BM21*$BO$5 -> 522472.73 | BP21: =BM21*$BP$5 -> 2507869.1 | BQ21: =BM21+BN21+BO21+BP21 -> 25496669 | BR21: =BQ21/M21 -> 231220.36 | BS21: 0.15 | BT21: =BQ21*BS21 -> 3824500.4 | BU21: 50000 | BV21: =(BT21-BU21)/(BW21) -> 539214.34 | BW21: =CA21 -> 7 | BX21: =BQ21-BT21 -> 21672169 | BZ21: 46082 | CA21: =(YEAR(BZ21)-YEAR($CA$5))*12+MONTH(BZ21)-MONTH($CA$5) -> 7 | CB21: =CA21+1 -> 8
A22: =A21+1 -> 9 | B22: =B21+1 -> 2 | C22: Sold | E22: 4th | F22: 5th | G22: B | H22: 5B | I22: 1-BR | J22: 52.86 | K22: 5.09 | L22: 0 | M22: =J22+K22 -> 57.95 | Q22: =J22*$Q$5 -> 6977520 | R22: =K22*$R$5 -> 335940 | S22: =SUM(P22:R22) -> 7313460 | U22: 1 | V22: =M22*U22*$V$5 -> 28975 | X22: =S22*$X$5 -> 36567.3 | Z22: =M22*$Z$5 -> 57950 | AA22: INNER | AB22: EAST | AC22: =SUM(V22:Z22) -> 123492.3 | AE22: =S22+AC22 -> 7436952.3 | AF22: =AE22*$AF$5 -> 229058.13 | AG22: =AE22+AF22 -> 7666010.4 | AH22: =AG22*$AH$5 -> 174018.44 | AI22: =AG22+AH22 -> 7840028.9 | AJ22: =AI22*$AJ$5 -> 196000.72 | AK22: =AI22+AJ22 -> 8036029.6 | AL22: =AK22*$AJ$5 -> 200900.74 | AM22: =AK22+AL22 -> 8236930.3 | AN22: =AM22*$AJ$5 -> 205923.26 | AO22: =AM22+AN22 -> 8442853.6 | AP22: =AO22*$AP$5 -> 211071.34 | AQ22: =AO22+AP22 -> 8653924.9 | AR22: =AQ22*$AR$5 -> 259617.75 | AS22: =AQ22+AR22 -> 8913542.7 | AT22: =AS22*$AT$5 -> 267406.28 | AU22: =AS22*$AU$5 -> 356541.71 | AW22: =AS22+AU22 -> 9270084.4 | AX22: =AW22*$AX$5 -> 278102.53 | AY22: =AW22*$AY$5 -> 370803.38 | BA22: =AW22+AY22 -> 9640887.8 | BB22: =BA22*$BB$5 -> 289226.63 | BC22: =BA22*$BC$5 -> 385635.51 | BE22: =BA22+BC22 -> 10026523 | BF22: =BE22*$BF$5 -> 300795.7 | BG22: =BE22*$BC$5 -> 401060.93 | BI22: =BE22+BG22 -> 10427584 | BJ22: =BI22*$BJ$5 -> 312827.53 | BK22: =BI22*$BC$5 -> 417103.37 | BM22: =BI22+BK22 -> 10844688 | BN22: =BM22*$BN$5 -> 813351.57 | BO22: =BM22*$BO$5 -> 271117.19 | BP22: =BM22*$BP$5 -> 1301362.5 | BQ22: =BM22+BN22+BO22+BP22 -> 13230519 | BR22: =BQ22/M22 -> 228309.21 | BS22: 0.15 | BT22: =BQ22*BS22 -> 1984577.8 | BU22: 50000 | BV22: =(BT22-BU22)/(BW22) -> 276368.26 | BW22: =CA22 -> 7 | BX22: =BQ22-BT22 -> 11245941 | BZ22: 46082 | CA22: =(YEAR(BZ22)-YEAR($CA$5))*12+MONTH(BZ22)-MONTH($CA$5) -> 7 | CB22: =CA22+1 -> 8
A23: =A22+1 -> 10 | B23: =B22+1 -> 3 | C23: Sold | E23: 4th | F23: 5th | G23: C | H23: 5C | I23: 2-BR | J23: 57.5 | K23: 5.09 | L23: 0 | M23: =J23+K23 -> 62.59 | Q23: =J23*$Q$5 -> 7590000 | R23: =K23*$R$5 -> 335940 | S23: =SUM(P23:R23) -> 7925940 | U23: 1 | V23: =M23*U23*$V$5 -> 31295 | X23: =S23*$X$5 -> 39629.7 | Z23: =M23*$Z$5 -> 62590 | AA23: INNER | AB23: EAST | AC23: =SUM(V23:Z23) -> 133514.7 | AE23: =S23+AC23 -> 8059454.7 | AF23: =AE23*$AF$5 -> 248231.2 | AG23: =AE23+AF23 -> 8307685.9 | AH23: =AG23*$AH$5 -> 188584.47 | AI23: =AG23+AH23 -> 8496270.4 | AJ23: =AI23*$AJ$5 -> 212406.76 | AK23: =AI23+AJ23 -> 8708677.1 | AL23: =AK23*$AJ$5 -> 217716.93 | AM23: =AK23+AL23 -> 8926394.1 | AN23: =AM23*$AJ$5 -> 223159.85 | AO23: =AM23+AN23 -> 9149553.9 | AP23: =AO23*$AP$5 -> 228738.85 | AQ23: =AO23+AP23 -> 9378292.8 | AR23: =AQ23*$AR$5 -> 281348.78 | AS23: =AQ23+AR23 -> 9659641.5 | AT23: =AS23*$AT$5 -> 289789.25 | AU23: =AS23*$AU$5 -> 386385.66 | AW23: =AS23+AU23 -> 10046027 | AX23: =AW23*$AX$5 -> 301380.82 | AY23: =AW23*$AY$5 -> 401841.09 | BA23: =AW23+AY23 -> 10447868 | BB23: =BA23*$BB$5 -> 313436.05 | BC23: =BA23*$BC$5 -> 417914.73 | BE23: =BA23+BC23 -> 10865783 | BF23: =BE23*$BF$5 -> 325973.49 | BG23: =BE23*$BC$5 -> 434631.32 | BI23: =BE23+BG23 -> 11300414 | BJ23: =BI23*$BJ$5 -> 339012.43 | BK23: =BI23*$BC$5 -> 452016.57 | BM23: =BI23+BK23 -> 11752431 | BN23: =BM23*$BN$5 -> 881432.32 | BO23: =BM23*$BO$5 -> 293810.77 | BP23: =BM23*$BP$5 -> 1410291.7 | BQ23: =BM23+BN23+BO23+BP23 -> 14337966 | BR23: =BQ23/M23 -> 229077.58 | BS23: 0.15 | BT23: =BQ23*BS23 -> 2150694.9 | BU23: 50000 | BV23: =(BT23-BU23)/(BW23) -> 300099.27 | BW23: =CA23 -> 7 | BX23: =BQ23-BT23 -> 12187271 | BZ23: 46082 | CA23: =(YEAR(BZ23)-YEAR($CA$5))*12+MONTH(BZ23)-MONTH($CA$5) -> 7 | CB23: =CA23+1 -> 8
A24: =A23+1 -> 11 | B24: =B23+1 -> 4 | C24: Unsold | E24: 4th | F24: 5th | G24: D | H24: 5D | I24: 2-BR | J24: 62.11 | K24: 5.19 | L24: 0 | M24: =J24+K24 -> 67.3 | Q24: =J24*$Q$5 -> 8198520 | R24: =K24*$R$5 -> 342540 | S24: =SUM(P24:R24) -> 8541060 | U24: 1 | V24: =M24*U24*$V$5 -> 33650 | X24: =S24*$X$5 -> 42705.3 | Z24: =M24*$Z$5 -> 67300 | AA24: INNER | AB24: EAST | AC24: =SUM(V24:Z24) -> 143655.3 | AE24: =S24+AC24 -> 8684715.3 | AF24: =AE24*$AF$5 -> 267489.23 | AG24: =AE24+AF24 -> 8952204.5 | AH24: =AG24*$AH$5 -> 203215.04 | AI24: =AG24+AH24 -> 9155419.6 | AJ24: =AI24*$AJ$5 -> 228885.49 | AK24: =AI24+AJ24 -> 9384305.1 | AL24: =AK24*$AJ$5 -> 234607.63 | AM24: =AK24+AL24 -> 9618912.7 | AN24: =AM24*$AJ$5 -> 240472.82 | AO24: =AM24+AN24 -> 9859385.5 | AP24: =AO24*$AP$5 -> 246484.64 | AQ24: =AO24+AP24 -> 10105870 | AR24: =AQ24*$AR$5 -> 303176.1 | AS24: =AQ24+AR24 -> 10409046 | AT24: =AS24*$AT$5 -> 312271.39 | AU24: =AS24*$AU$5 -> 416361.85 | AW24: =AS24+AU24 -> 10825408 | AX24: =AW24*$AX$5 -> 324762.24 | AY24: =AW24*$AY$5 -> 433016.32 | BA24: =AW24+AY24 -> 11258424 | BB24: =BA24*$BB$5 -> 337752.73 | BC24: =BA24*$BC$5 -> 450336.98 | BE24: =BA24+BC24 -> 11708761 | BF24: =BE24*$BF$5 -> 351262.84 | BG24: =BE24*$BC$5 -> 468350.46 | BI24: =BE24+BG24 -> 12177112 | BJ24: =BI24*$BJ$5 -> 365313.36 | BK24: =BI24*$BC$5 -> 487084.47 | BL24: =BK24-BJ24 -> 121771.12 | BM24: =BI24+BK24 -> 12664196 | BN24: =BM24*$BN$5 -> 949814.72 | BO24: =BM24*$BO$5 -> 316604.91 | BP24: =BM24*$BP$5 -> 1519703.6 | BQ24: =BM24+BN24+BO24+BP24 -> 15450320 | BR24: =BQ24/M24 -> 229573.84 | BS24: 0.15 | BT24: =BQ24*BS24 -> 2317547.9 | BU24: 50000 | BV24: =(BT24-BU24)/(BW24) -> 323935.42 | BW24: =CA24 -> 7 | BX24: =BQ24-BT24 -> 13132772 | BZ24: 46082 | CA24: =(YEAR(BZ24)-YEAR($CA$5))*12+MONTH(BZ24)-MONTH($CA$5) -> 7 | CB24: =CA24+1 -> 8
A25: =A24+1 -> 12 | B25: =B24+1 -> 5 | C25: Sold | E25: 4th | F25: 5th | G25: E | H25: 5E | I25: 2-BR | J25: 80.9 | K25: 15.65 | L25: 0 | M25: =J25+K25 -> 96.55 | Q25: =J25*$Q$5 -> 10678800 | R25: =K25*$R$5 -> 1032900 | S25: =SUM(P25:R25) -> 11711700 | U25: 1 | V25: =M25*U25*$V$5 -> 48275 | X25: =S25*$X$5 -> 58558.5 | Y25: =M25*$Y$5 -> 193100 | Z25: =M25*$Z$5 -> 96550 | AA25: CORNER | AB25: EAST | AC25: =SUM(V25:Z25) -> 396483.5 | AE25: =S25+AC25 -> 12108184 | AF25: =AE25*$AF$5 -> 372932.05 | AG25: =AE25+AF25 -> 12481116 | AH25: =AG25*$AH$5 -> 283321.32 | AI25: =AG25+AH25 -> 12764437 | AJ25: =AI25*$AJ$5 -> 319110.92 | AK25: =AI25+AJ25 -> 13083548 | AL25: =AK25*$AJ$5 -> 327088.69 | AM25: =AK25+AL25 -> 13410636 | AN25: =AM25*$AJ$5 -> 335265.91 | AO25: =AM25+AN25 -> 13745902 | AP25: =AO25*$AP$5 -> 343647.56 | AQ25: =AO25+AP25 -> 14089550 | AR25: =AQ25*$AR$5 -> 422686.5 | AS25: =AQ25+AR25 -> 14512236 | AT25: =AS25*$AT$5 -> 435367.09 | AU25: =AS25*$AU$5 -> 580489.46 | AW25: =AS25+AU25 -> 15092726 | AX25: =AW25*$AX$5 -> 452781.78 | AY25: =AW25*$AY$5 -> 603709.04 | BA25: =AW25+AY25 -> 15696435 | BB25: =BA25*$BB$5 -> 470893.05 | BC25: =BA25*$BC$5 -> 627857.4 | BE25: =BA25+BC25 -> 16324292 | BF25: =BE25*$BF$5 -> 489728.77 | BG25: =BE25*$BC$5 -> 652971.69 | BI25: =BE25+BG25 -> 16977264 | BJ25: =BI25*$BJ$5 -> 509317.92 | BK25: =BI25*$BC$5 -> 679090.56 | BM25: =BI25+BK25 -> 17656355 | BN25: =BM25*$BN$5 -> 1324226.6 | BO25: =BM25*$BO$5 -> 441408.87 | BP25: =BM25*$BP$5 -> 2118762.6 | BQ25: =BM25+BN25+BO25+BP25 -> 21540753 | BR25: =BQ25/M25 -> 223104.64 | BS25: 0.15 | BT25: =BQ25*BS25 -> 3231112.9 | BU25: 50000 | BV25: =(BT25-BU25)/(BW25) -> 454444.7 | BW25: =CA25 -> 7 | BX25: =BQ25-BT25 -> 18309640 | BZ25: 46082 | CA25: =(YEAR(BZ25)-YEAR($CA$5))*12+MONTH(BZ25)-MONTH($CA$5) -> 7 | CB25: =CA25+1 -> 8
A26: =A25+1 -> 13 | B26: =B25+1 -> 6 | C26: Sold | E26: 4th | F26: 5th | G26: F | H26: 5F | I26: 2-BR | J26: 61.56 | K26: 4.1 | L26: 0 | M26: =J26+K26 -> 65.66 | Q26: =J26*$Q$5 -> 8125920 | R26: =K26*$R$5 -> 270600 | S26: =SUM(P26:R26) -> 8396520 | U26: 1 | V26: =M26*U26*$V$5 -> 32830 | X26: =S26*$X$5 -> 41982.6 | AA26: INNER | AC26: =SUM(V26:Z26) -> 74812.6 | AE26: =S26+AC26 -> 8471332.6 | AF26: =AE26*$AF$5 -> 260917.04 | AG26: =AE26+AF26 -> 8732249.6 | AH26: =AG26*$AH$5 -> 198222.07 | AI26: =AG26+AH26 -> 8930471.7 | AJ26: =AI26*$AJ$5 -> 223261.79 | AK26: =AI26+AJ26 -> 9153733.5 | AL26: =AK26*$AJ$5 -> 228843.34 | AM26: =AK26+AL26 -> 9382576.8 | AN26: =AM26*$AJ$5 -> 234564.42 | AO26: =AM26+AN26 -> 9617141.3 | AP26: =AO26*$AP$5 -> 240428.53 | AQ26: =AO26+AP26 -> 9857569.8 | AR26: =AQ26*$AR$5 -> 295727.09 | AS26: =AQ26+AR26 -> 10153297 | AT26: =AS26*$AT$5 -> 304598.91 | AU26: =AS26*$AU$5 -> 406131.88 | AW26: =AS26+AU26 -> 10559429 | AX26: =AW26*$AX$5 -> 316782.86 | AY26: =AW26*$AY$5 -> 422377.15 | BA26: =AW26+AY26 -> 10981806 | BB26: =BA26*$BB$5 -> 329454.18 | BC26: =BA26*$BC$5 -> 439272.24 | BE26: =BA26+BC26 -> 11421078 | BF26: =BE26*$BF$5 -> 342632.34 | BG26: =BE26*$BC$5 -> 456843.13 | BI26: =BE26+BG26 -> 11877921 | BJ26: =BI26*$BJ$5 -> 356337.64 | BK26: =BI26*$BC$5 -> 475116.85 | BM26: =BI26+BK26 -> 12353038 | BN26: =BM26*$BN$5 -> 926477.86 | BO26: =BM26*$BO$5 -> 308825.95 | BP26: =BM26*$BP$5 -> 1482364.6 | BQ26: =BM26+BN26+BO26+BP26 -> 15070707 | BR26: =BQ26/M26 -> 229526.45 | BS26: 0.15 | BT26: =BQ26*BS26 -> 2260606 | BU26: 50000 | BV26: =(BT26-BU26)/(BW26) -> 315800.85 | BW26: =CA26 -> 7 | BX26: =BQ26-BT26 -> 12810101 | BZ26: 46082 | CA26: =(YEAR(BZ26)-YEAR($CA$5))*12+MONTH(BZ26)-MONTH($CA$5) -> 7 | CB26: =CA26+1 -> 8
A27: =A26+1 -> 14 | B27: =B26+1 -> 7 | C27: Sold | E27: 4th | F27: 5th | G27: G | H27: 5G | I27: 2-BR | J27: 95.44 | K27: 13.34 | L27: 0 | M27: =J27+K27 -> 108.78 | Q27: =J27*$Q$5 -> 12598080 | R27: =K27*$R$5 -> 880440 | S27: =SUM(P27:R27) -> 13478520 | U27: 1 | V27: =M27*U27*$V$5 -> 54390 | X27: =S27*$X$5 -> 67392.6 | Y27: =M27*$Y$5 -> 217560 | AA27: CORNER | AC27: =SUM(V27:Z27) -> 339342.6 | AE27: =S27+AC27 -> 13817863 | AF27: =AE27*$AF$5 -> 425590.17 | AG27: =AE27+AF27 -> 14243453 | AH27: =AG27*$AH$5 -> 323326.38 | AI27: =AG27+AH27 -> 14566779 | AJ27: =AI27*$AJ$5 -> 364169.48 | AK27: =AI27+AJ27 -> 14930949 | AL27: =AK27*$AJ$5 -> 373273.72 | AM27: =AK27+AL27 -> 15304222 | AN27: =AM27*$AJ$5 -> 382605.56 | AO27: =AM27+AN27 -> 15686828 | AP27: =AO27*$AP$5 -> 392170.7 | AQ27: =AO27+AP27 -> 16078999 | AR27: =AQ27*$AR$5 -> 482369.96 | AS27: =AQ27+AR27 -> 16561369 | AT27: =AS27*$AT$5 -> 496841.06 | AU27: =AS27*$AU$5 -> 662454.74 | AW27: =AS27+AU27 -> 17223823 | AX27: =AW27*$AX$5 -> 516714.7 | AY27: =AW27*$AY$5 -> 688952.93 | BA27: =AW27+AY27 -> 17912776 | BB27: =BA27*$BB$5 -> 537383.29 | BC27: =BA27*$BC$5 -> 716511.05 | BE27: =BA27+BC27 -> 18629287 | BF27: =BE27*$BF$5 -> 558878.62 | BG27: =BE27*$BC$5 -> 745171.49 | BI27: =BE27+BG27 -> 19374459 | BJ27: =BI27*$BJ$5 -> 581233.76 | BK27: =BI27*$BC$5 -> 774978.35 | BM27: =BI27+BK27 -> 20149437 | BN27: =BM27*$BN$5 -> 1511207.8 | BO27: =BM27*$BO$5 -> 503735.93 | BP27: =BM27*$BP$5 -> 2417932.5 | BQ27: =BM27+BN27+BO27+BP27 -> 24582313 | BR27: =BQ27/M27 -> 225981.92 | BS27: 0.15 | BT27: =BQ27*BS27 -> 3687347 | BU27: 50000 | BV27: =(BT27-BU27)/(BW27) -> 519621 | BW27: =CA27 -> 7 | BX27: =BQ27-BT27 -> 20894966 | BZ27: 46082 | CA27: =(YEAR(BZ27)-YEAR($CA$5))*12+MONTH(BZ27)-MONTH($CA$5) -> 7 | CB27: =CA27+1 -> 8
A28: =A27+1 -> 15 | B28: =B27+1 -> 8 | C28: Unsold | E28: 4th | F28: 5th | G28: H | H28: 5H | I28: 2-BR | J28: 69.2 | K28: 4.77 | L28: 0 | M28: =J28+K28 -> 73.97 | Q28: =J28*$Q$5 -> 9134400 | R28: =K28*$R$5 -> 314820 | S28: =SUM(P28:R28) -> 9449220 | U28: 1 | V28: =M28*U28*$V$5 -> 36985 | X28: =S28*$X$5 -> 47246.1 | AA28: INNER | AC28: =SUM(V28:Z28) -> 84231.1 | AE28: =S28+AC28 -> 9533451.1 | AF28: =AE28*$AF$5 -> 293630.29 | AG28: =AE28+AF28 -> 9827081.4 | AH28: =AG28*$AH$5 -> 223074.75 | AI28: =AG28+AH28 -> 10050156 | AJ28: =AI28*$AJ$5 -> 251253.9 | AK28: =AI28+AJ28 -> 10301410 | AL28: =AK28*$AJ$5 -> 257535.25 | AM28: =AK28+AL28 -> 10558945 | AN28: =AM28*$AJ$5 -> 263973.63 | AO28: =AM28+AN28 -> 10822919 | AP28: =AO28*$AP$5 -> 270572.97 | AQ28: =AO28+AP28 -> 11093492 | AR28: =AQ28*$AR$5 -> 332804.76 | AS28: =AQ28+AR28 -> 11426297 | AT28: =AS28*$AT$5 -> 342788.9 | AU28: =AS28*$AU$5 -> 457051.87 | AW28: =AS28+AU28 -> 11883349 | AX28: =AW28*$AX$5 -> 356500.46 | AY28: =AW28*$AY$5 -> 475333.94 | BA28: =AW28+AY28 -> 12358682 | BB28: =BA28*$BB$5 -> 370760.47 | BC28: =BA28*$BC$5 -> 494347.3 | BE28: =BA28+BC28 -> 12853030 | BF28: =BE28*$BF$5 -> 385590.89 | BG28: =BE28*$BC$5 -> 514121.19 | BI28: =BE28+BG28 -> 13367151 | BJ28: =BI28*$BJ$5 -> 401014.53 | BK28: =BI28*$BC$5 -> 534686.04 | BL28: =BK28-BJ28 -> 133671.51 | BM28: =BI28+BK28 -> 13901837 | BN28: =BM28*$BN$5 -> 1042637.8 | BO28: =BM28*$BO$5 -> 347545.92 | BP28: =BM28*$BP$5 -> 1668220.4 | BQ28: =BM28+BN28+BO28+BP28 -> 16960241 | BR28: =BQ28/M28 -> 229285.4 | BS28: 0.15 | BT28: =BQ28*BS28 -> 2544036.2 | BU28: 50000 | BV28: =(BT28-BU28)/(BW28) -> 356290.88 | BW28: =CA28 -> 7 | BX28: =BQ28-BT28 -> 14416205 | BZ28: 46082 | CA28: =(YEAR(BZ28)-YEAR($CA$5))*12+MONTH(BZ28)-MONTH($CA$5) -> 7 | CB28: =CA28+1 -> 8
A29: =A28+1 -> 16 | B29: =B28+1 -> 9 | C29: Sold | E29: 4th | F29: 5th | G29: I | H29: 5I | I29: 2-BR | J29: 69.36 | K29: 4.79 | L29: 0 | M29: =J29+K29 -> 74.15 | Q29: =J29*$Q$5 -> 9155520 | R29: =K29*$R$5 -> 316140 | S29: =SUM(P29:R29) -> 9471660 | U29: 1 | V29: =M29*U29*$V$5 -> 37075 | X29: =S29*$X$5 -> 47358.3 | AA29: INNER | AC29: =SUM(V29:Z29) -> 84433.3 | AE29: =S29+AC29 -> 9556093.3 | AF29: =AE29*$AF$5 -> 294327.67 | AG29: =AE29+AF29 -> 9850421 | AH29: =AG29*$AH$5 -> 223604.56 | AI29: =AG29+AH29 -> 10074026 | AJ29: =AI29*$AJ$5 -> 251850.64 | AK29: =AI29+AJ29 -> 10325876 | AL29: =AK29*$AJ$5 -> 258146.9 | AM29: =AK29+AL29 -> 10584023 | AN29: =AM29*$AJ$5 -> 264600.58 | AO29: =AM29+AN29 -> 10848624 | AP29: =AO29*$AP$5 -> 271215.59 | AQ29: =AO29+AP29 -> 11119839 | AR29: =AQ29*$AR$5 -> 333595.18 | AS29: =AQ29+AR29 -> 11453434 | AT29: =AS29*$AT$5 -> 343603.03 | AU29: =AS29*$AU$5 -> 458137.38 | AW29: =AS29+AU29 -> 11911572 | AX29: =AW29*$AX$5 -> 357347.15 | AY29: =AW29*$AY$5 -> 476462.87 | BA29: =AW29+AY29 -> 12388035 | BB29: =BA29*$BB$5 -> 371641.04 | BC29: =BA29*$BC$5 -> 495521.39 | BE29: =BA29+BC29 -> 12883556 | BF29: =BE29*$BF$5 -> 386506.68 | BG29: =BE29*$BC$5 -> 515342.24 | BI29: =BE29+BG29 -> 13398898 | BJ29: =BI29*$BJ$5 -> 401966.95 | BK29: =BI29*$BC$5 -> 535955.93 | BM29: =BI29+BK29 -> 13934854 | BN29: =BM29*$BN$5 -> 1045114.1 | BO29: =BM29*$BO$5 -> 348371.36 | BP29: =BM29*$BP$5 -> 1672182.5 | BQ29: =BM29+BN29+BO29+BP29 -> 17000522 | BR29: =BQ29/M29 -> 229272.05 | BS29: 0.15 | BT29: =BQ29*BS29 -> 2550078.3 | BU29: 50000 | BV29: =(BT29-BU29)/(BW29) -> 357154.05 | BW29: =CA29 -> 7 | BX29: =BQ29-BT29 -> 14450444 | BZ29: 46082 | CA29: =(YEAR(BZ29)-YEAR($CA$5))*12+MONTH(BZ29)-MONTH($CA$5) -> 7 | CB29: =CA29+1 -> 8
A30: =A29+1 -> 17 | B30: =B29+1 -> 10 | C30: Unsold | E30: 4th | F30: 5th | G30: J | H30: 5J | I30: 1-BR | J30: 69.36 | K30: 4.79 | L30: 0 | M30: =J30+K30 -> 74.15 | Q30: =J30*$Q$5 -> 9155520 | R30: =K30*$R$5 -> 316140 | S30: =SUM(P30:R30) -> 9471660 | U30: 1 | V30: =M30*U30*$V$5 -> 37075 | X30: =S30*$X$5 -> 47358.3 | AA30: INNER | AC30: =SUM(V30:Z30) -> 84433.3 | AE30: =S30+AC30 -> 9556093.3 | AF30: =AE30*$AF$5 -> 294327.67 | AG30: =AE30+AF30 -> 9850421 | AH30: =AG30*$AH$5 -> 223604.56 | AI30: =AG30+AH30 -> 10074026 | AJ30: =AI30*$AJ$5 -> 251850.64 | AK30: =AI30+AJ30 -> 10325876 | AL30: =AK30*$AJ$5 -> 258146.9 | AM30: =AK30+AL30 -> 10584023 | AN30: =AM30*$AJ$5 -> 264600.58 | AO30: =AM30+AN30 -> 10848624 | AP30: =AO30*$AP$5 -> 271215.59 | AQ30: =AO30+AP30 -> 11119839 | AR30: =AQ30*$AR$5 -> 333595.18 | AS30: =AQ30+AR30 -> 11453434 | AT30: =AS30*$AT$5 -> 343603.03 | AU30: =AS30*$AU$5 -> 458137.38 | AW30: =AS30+AU30 -> 11911572 | AX30: =AW30*$AX$5 -> 357347.15 | AY30: =AW30*$AY$5 -> 476462.87 | BA30: =AW30+AY30 -> 12388035 | BB30: =BA30*$BB$5 -> 371641.04 | BC30: =BA30*$BC$5 -> 495521.39 | BE30: =BA30+BC30 -> 12883556 | BF30: =BE30*$BF$5 -> 386506.68 | BG30: =BE30*$BC$5 -> 515342.24 | BI30: =BE30+BG30 -> 13398898 | BJ30: =BI30*$BJ$5 -> 401966.95 | BK30: =BI30*$BC$5 -> 535955.93 | BL30: =BK30-BJ30 -> 133988.98 | BM30: =BI30+BK30 -> 13934854 | BN30: =BM30*$BN$5 -> 1045114.1 | BO30: =BM30*$BO$5 -> 348371.36 | BP30: =BM30*$BP$5 -> 1672182.5 | BQ30: =BM30+BN30+BO30+BP30 -> 17000522 | BR30: =BQ30/M30 -> 229272.05 | BS30: 0.15 | BT30: =BQ30*BS30 -> 2550078.3 | BU30: 50000 | BV30: =(BT30-BU30)/(BW30) -> 357154.05 | BW30: =CA30 -> 7 | BX30: =BQ30-BT30 -> 14450444 | BZ30: 46082 | CA30: =(YEAR(BZ30)-YEAR($CA$5))*12+MONTH(BZ30)-MONTH($CA$5) -> 7 | CB30: =CA30+1 -> 8
A31: =A30+1 -> 18 | B31: =B30+1 -> 11 | C31: Unsold | D31: Model Unit | E31: 4th | F31: 5th | G31: K | H31: 5K | I31: 1-BR | J31: 69.36 | K31: 4.79 | L31: 0 | M31: =J31+K31 -> 74.15 | Q31: =J31*$Q$5 -> 9155520 | R31: =K31*$R$5 -> 316140 | S31: =SUM(P31:R31) -> 9471660 | U31: 1 | V31: =M31*U31*$V$5 -> 37075 | X31: =S31*$X$5 -> 47358.3 | AA31: INNER | AC31: =SUM(V31:Z31) -> 84433.3 | AE31: =S31+AC31 -> 9556093.3 | AF31: =AE31*$AF$5 -> 294327.67 | AG31: =AE31+AF31 -> 9850421 | AH31: =AG31*$AH$5 -> 223604.56 | AI31: =AG31+AH31 -> 10074026 | AJ31: =AI31*$AJ$5 -> 251850.64 | AK31: =AI31+AJ31 -> 10325876 | AL31: =AK31*$AJ$5 -> 258146.9 | AM31: =AK31+AL31 -> 10584023 | AN31: =AM31*$AJ$5 -> 264600.58 | AO31: =AM31+AN31 -> 10848624 | AP31: =AO31*$AP$5 -> 271215.59 | AQ31: =AO31+AP31 -> 11119839 | AR31: =AQ31*$AR$5 -> 333595.18 | AS31: =AQ31+AR31 -> 11453434 | AT31: =AS31*$AT$5 -> 343603.03 | AU31: =AS31*$AU$5 -> 458137.38 | AW31: =AS31+AU31 -> 11911572 | AX31: =AW31*$AX$5 -> 357347.15 | AY31: =AW31*$AY$5 -> 476462.87 | BA31: =AW31+AY31 -> 12388035 | BB31: =BA31*$BB$5 -> 371641.04 | BC31: =BA31*$BC$5 -> 495521.39 | BE31: =BA31+BC31 -> 12883556 | BF31: =BE31*$BF$5 -> 386506.68 | BG31: =BE31*$BC$5 -> 515342.24 | BI31: =BE31+BG31 -> 13398898 | BJ31: =BI31*$BJ$5 -> 401966.95 | BK31: =BI31*$BC$5 -> 535955.93 | BM31: =BI31+BK31 -> 13934854 | BN31: =BM31*$BN$5 -> 1045114.1 | BO31: =BM31*$BO$5 -> 348371.36 | BP31: =BM31*$BP$5 -> 1672182.5 | BQ31: =BM31+BN31+BO31+BP31 -> 17000522 | BR31: =BQ31/M31 -> 229272.05 | BS31: 0.15 | BT31: =BQ31*BS31 -> 2550078.3 | BU31: 50000 | BV31: =(BT31-BU31)/(BW31) -> 357154.05 | BW31: =CA31 -> 7 | BX31: =BQ31-BT31 -> 14450444 | BZ31: 46082 | CA31: =(YEAR(BZ31)-YEAR($CA$5))*12+MONTH(BZ31)-MONTH($CA$5) -> 7 | CB31: =CA31+1 -> 8
A32: =A31+1 -> 19 | B32: =B31+1 -> 12 | C32: Sold | E32: 4th | F32: 5th | G32: L | H32: 5L | I32: 2-BR | J32: 83.12 | K32: 13.04 | L32: 0 | M32: =J32+K32 -> 96.16 | Q32: =J32*$Q$5 -> 10971840 | R32: =K32*$R$5 -> 860640 | S32: =SUM(P32:R32) -> 11832480 | U32: 1 | V32: =M32*U32*$V$5 -> 48080 | X32: =S32*$X$5 -> 59162.4 | Y32: =M32*$Y$5 -> 192320 | Z32: =M32*$Z$5 -> 96160 | AA32: CORNER | AB32: EAST | AC32: =SUM(V32:Z32) -> 395722.4 | AE32: =S32+AC32 -> 12228202 | AF32: =AE32*$AF$5 -> 376628.63 | AG32: =AE32+AF32 -> 12604831 | AH32: =AG32*$AH$5 -> 286129.66 | AI32: =AG32+AH32 -> 12890961 | AJ32: =AI32*$AJ$5 -> 322274.02 | AK32: =AI32+AJ32 -> 13213235 | AL32: =AK32*$AJ$5 -> 330330.87 | AM32: =AK32+AL32 -> 13543566 | AN32: =AM32*$AJ$5 -> 338589.14 | AO32: =AM32+AN32 -> 13882155 | AP32: =AO32*$AP$5 -> 347053.87 | AQ32: =AO32+AP32 -> 14229209 | AR32: =AQ32*$AR$5 -> 426876.26 | AS32: =AQ32+AR32 -> 14656085 | AT32: =AS32*$AT$5 -> 439682.55 | AU32: =AS32*$AU$5 -> 586243.39 | AW32: =AS32+AU32 -> 15242328 | AX32: =AW32*$AX$5 -> 457269.85 | AY32: =AW32*$AY$5 -> 609693.13 | BA32: =AW32+AY32 -> 15852021 | BB32: =BA32*$BB$5 -> 475560.64 | BC32: =BA32*$BC$5 -> 634080.85 | BE32: =BA32+BC32 -> 16486102 | BF32: =BE32*$BF$5 -> 494583.07 | BG32: =BE32*$BC$5 -> 659444.09 | BI32: =BE32+BG32 -> 17145546 | BJ32: =BI32*$BJ$5 -> 514366.39 | BK32: =BI32*$BC$5 -> 685821.85 | BM32: =BI32+BK32 -> 17831368 | BN32: =BM32*$BN$5 -> 1337352.6 | BO32: =BM32*$BO$5 -> 445784.2 | BP32: =BM32*$BP$5 -> 2139764.2 | BQ32: =BM32+BN32+BO32+BP32 -> 21754269 | BR32: =BQ32/M32 -> 226229.92 | BS32: 0.15 | BT32: =BQ32*BS32 -> 3263140.4 | BU32: 50000 | BV32: =(BT32-BU32)/(BW32) -> 459020.05 | BW32: =CA32 -> 7 | BX32: =BQ32-BT32 -> 18491129 | BZ32: 46082 | CA32: =(YEAR(BZ32)-YEAR($CA$5))*12+MONTH(BZ32)-MONTH($CA$5) -> 7 | CB32: =CA32+1 -> 8
A33: =A32+1 -> 20 | B33: =B32+1 -> 13 | C33: Sold | E33: 4th | F33: 5th | G33: M | H33: 5M | I33: 1-BR | J33: 52.04 | K33: 3.1 | L33: 0 | M33: =J33+K33 -> 55.14 | Q33: =J33*$Q$5 -> 6869280 | R33: =K33*$R$5 -> 204600 | S33: =SUM(P33:R33) -> 7073880 | U33: 1 | V33: =M33*U33*$V$5 -> 27570 | X33: =S33*$X$5 -> 35369.4 | Z33: =M33*$Z$5 -> 55140 | AA33: INNER | AB33: EAST | AC33: =SUM(V33:Z33) -> 118079.4 | AE33: =S33+AC33 -> 7191959.4 | AF33: =AE33*$AF$5 -> 221512.35 | AG33: =AE33+AF33 -> 7413471.7 | AH33: =AG33*$AH$5 -> 168285.81 | AI33: =AG33+AH33 -> 7581757.6 | AJ33: =AI33*$AJ$5 -> 189543.94 | AK33: =AI33+AJ33 -> 7771301.5 | AL33: =AK33*$AJ$5 -> 194282.54 | AM33: =AK33+AL33 -> 7965584 | AN33: =AM33*$AJ$5 -> 199139.6 | AO33: =AM33+AN33 -> 8164723.6 | AP33: =AO33*$AP$5 -> 204118.09 | AQ33: =AO33+AP33 -> 8368841.7 | AR33: =AQ33*$AR$5 -> 251065.25 | AS33: =AQ33+AR33 -> 8619907 | AT33: =AS33*$AT$5 -> 258597.21 | AU33: =AS33*$AU$5 -> 344796.28 | AW33: =AS33+AU33 -> 8964703.3 | AX33: =AW33*$AX$5 -> 268941.1 | AY33: =AW33*$AY$5 -> 358588.13 | BA33: =AW33+AY33 -> 9323291.4 | BB33: =BA33*$BB$5 -> 279698.74 | BC33: =BA33*$BC$5 -> 372931.66 | BE33: =BA33+BC33 -> 9696223 | BF33: =BE33*$BF$5 -> 290886.69 | BG33: =BE33*$BC$5 -> 387848.92 | BI33: =BE33+BG33 -> 10084072 | BJ33: =BI33*$BJ$5 -> 302522.16 | BK33: =BI33*$BC$5 -> 403362.88 | BM33: =BI33+BK33 -> 10487435 | BN33: =BM33*$BN$5 -> 786557.61 | BO33: =BM33*$BO$5 -> 262185.87 | BP33: =BM33*$BP$5 -> 1258492.2 | BQ33: =BM33+BN33+BO33+BP33 -> 12794671 | BR33: =BQ33/M33 -> 232039.73 | BS33: 0.15 | BT33: =BQ33*BS33 -> 1919200.6 | BU33: 50000 | BV33: =(BT33-BU33)/(BW33) -> 267028.65 | BW33: =CA33 -> 7 | BX33: =BQ33-BT33 -> 10875470 | BZ33: 46082 | CA33: =(YEAR(BZ33)-YEAR($CA$5))*12+MONTH(BZ33)-MONTH($CA$5) -> 7 | CB33: =CA33+1 -> 8
A34: =A33+1 -> 21 | B34: 1 | C34: Sold | E34: 5th | F34: 6th | G34: A | H34: 6A | I34: 3-BR | J34: 99.98 | K34: 10.29 | L34: 0 | M34: =J34+K34 -> 110.27 | Q34: =J34*$Q$5 -> 13197360 | R34: =K34*$R$5 -> 679140 | S34: =SUM(P34:R34) -> 13876500 | U34: 2 | V34: =M34*U34*$V$5 -> 110270 | X34: =S34*$X$5 -> 69382.5 | Y34: =M34*$Y$5 -> 220540 | Z34: =M34*$Z$5 -> 110270 | AA34: =AA21 -> CORNER | AB34: EAST | AC34: =SUM(V34:Z34) -> 510462.5 | AE34: =S34+AC34 -> 14386962 | AF34: =AE34*$AF$5 -> 443118.45 | AG34: =AE34+AF34 -> 14830081 | AH34: =AG34*$AH$5 -> 336642.84 | AI34: =AG34+AH34 -> 15166724 | AJ34: =AI34*$AJ$5 -> 379168.09 | AK34: =AI34+AJ34 -> 15545892 | AL34: =AK34*$AJ$5 -> 388647.3 | AM34: =AK34+AL34 -> 15934539 | AN34: =AM34*$AJ$5 -> 398363.48 | AO34: =AM34+AN34 -> 16332903 | AP34: =AO34*$AP$5 -> 408322.57 | AQ34: =AO34+AP34 -> 16741225 | AR34: =AQ34*$AR$5 -> 502236.76 | AS34: =AQ34+AR34 -> 17243462 | AT34: =AS34*$AT$5 -> 517303.86 | AU34: =AS34*$AU$5 -> 689738.48 | AW34: =AS34+AU34 -> 17933200 | AX34: =AW34*$AX$5 -> 537996.01 | AY34: =AW34*$AY$5 -> 717328.02 | BA34: =AW34+AY34 -> 18650528 | BB34: =BA34*$BB$5 -> 559515.85 | BC34: =BA34*$BC$5 -> 746021.14 | BE34: =BA34+BC34 -> 19396550 | BF34: =BE34*$BF$5 -> 581896.49 | BG34: =BE34*$BC$5 -> 775861.98 | BI34: =BE34+BG34 -> 20172412 | BJ34: =BI34*$BJ$5 -> 605172.35 | BK34: =BI34*$BC$5 -> 806896.46 | BM34: =BI34+BK34 -> 20979308 | BN34: =BM34*$BN$5 -> 1573448.1 | BO34: =BM34*$BO$5 -> 524482.7 | BP34: =BM34*$BP$5 -> 2517517 | BQ34: =BM34+BN34+BO34+BP34 -> 25594756 | BR34: =BQ34/M34 -> 232109.87 | BS34: 0.15 | BT34: =BQ34*BS34 -> 3839213.4 | BU34: 50000 | BV34: =(BT34-BU34)/(BW34) -> 541316.2 | BW34: =CA34 -> 7 | BX34: =BQ34-BT34 -> 21755542 | BZ34: 46082 | CA34: =(YEAR(BZ34)-YEAR($CA$5))*12+MONTH(BZ34)-MONTH($CA$5) -> 7 | CB34: =CA34+1 -> 8
A35: =A34+1 -> 22 | B35: =B34+1 -> 2 | C35: Sold | E35: 5th | F35: 6th | G35: B | H35: 6B | I35: 1-BR | J35: 52.86 | K35: 5.09 | L35: 0 | M35: =J35+K35 -> 57.95 | Q35: =J35*$Q$5 -> 6977520 | R35: =K35*$R$5 -> 335940 | S35: =SUM(P35:R35) -> 7313460 | U35: 2 | V35: =M35*U35*$V$5 -> 57950 | X35: =S35*$X$5 -> 36567.3 | Z35: =M35*$Z$5 -> 57950 | AA35: =AA22 -> INNER | AB35: EAST | AC35: =SUM(V35:Z35) -> 152467.3 | AE35: =S35+AC35 -> 7465927.3 | AF35: =AE35*$AF$5 -> 229950.56 | AG35: =AE35+AF35 -> 7695877.9 | AH35: =AG35*$AH$5 -> 174696.43 | AI35: =AG35+AH35 -> 7870574.3 | AJ35: =AI35*$AJ$5 -> 196764.36 | AK35: =AI35+AJ35 -> 8067338.6 | AL35: =AK35*$AJ$5 -> 201683.47 | AM35: =AK35+AL35 -> 8269022.1 | AN35: =AM35*$AJ$5 -> 206725.55 | AO35: =AM35+AN35 -> 8475747.7 | AP35: =AO35*$AP$5 -> 211893.69 | AQ35: =AO35+AP35 -> 8687641.4 | AR35: =AQ35*$AR$5 -> 260629.24 | AS35: =AQ35+AR35 -> 8948270.6 | AT35: =AS35*$AT$5 -> 268448.12 | AU35: =AS35*$AU$5 -> 357930.82 | AW35: =AS35+AU35 -> 9306201.4 | AX35: =AW35*$AX$5 -> 279186.04 | AY35: =AW35*$AY$5 -> 372248.06 | BA35: =AW35+AY35 -> 9678449.5 | BB35: =BA35*$BB$5 -> 290353.48 | BC35: =BA35*$BC$5 -> 387137.98 | BE35: =BA35+BC35 -> 10065587 | BF35: =BE35*$BF$5 -> 301967.62 | BG35: =BE35*$BC$5 -> 402623.5 | BI35: =BE35+BG35 -> 10468211 | BJ35: =BI35*$BJ$5 -> 314046.33 | BK35: =BI35*$BC$5 -> 418728.44 | BM35: =BI35+BK35 -> 10886939 | BN35: =BM35*$BN$5 -> 816520.45 | BO35: =BM35*$BO$5 -> 272173.48 | BP35: =BM35*$BP$5 -> 1306432.7 | BQ35: =BM35+BN35+BO35+BP35 -> 13282066 | BR35: =BQ35/M35 -> 229198.72 | BS35: 0.15 | BT35: =BQ35*BS35 -> 1992309.9 | BU35: 50000 | BV35: =(BT35-BU35)/(BW35) -> 277472.84 | BW35: =CA35 -> 7 | BX35: =BQ35-BT35 -> 11289756 | BZ35: 46082 | CA35: =(YEAR(BZ35)-YEAR($CA$5))*12+MONTH(BZ35)-MONTH($CA$5) -> 7 | CB35: =CA35+1 -> 8
A36: =A35+1 -> 23 | B36: =B35+1 -> 3 | C36: Sold | E36: 5th | F36: 6th | G36: C | H36: 6C | I36: 2-BR | J36: 57.5 | K36: 5.09 | L36: 0 | M36: =J36+K36 -> 62.59 | Q36: =J36*$Q$5 -> 7590000 | R36: =K36*$R$5 -> 335940 | S36: =SUM(P36:R36) -> 7925940 | U36: 2 | V36: =M36*U36*$V$5 -> 62590 | X36: =S36*$X$5 -> 39629.7 | Z36: =M36*$Z$5 -> 62590 | AA36: =AA23 -> INNER | AB36: EAST | AC36: =SUM(V36:Z36) -> 164809.7 | AE36: =S36+AC36 -> 8090749.7 | AF36: =AE36*$AF$5 -> 249195.09 | AG36: =AE36+AF36 -> 8339944.8 | AH36: =AG36*$AH$5 -> 189316.75 | AI36: =AG36+AH36 -> 8529261.5 | AJ36: =AI36*$AJ$5 -> 213231.54 | AK36: =AI36+AJ36 -> 8742493.1 | AL36: =AK36*$AJ$5 -> 218562.33 | AM36: =AK36+AL36 -> 8961055.4 | AN36: =AM36*$AJ$5 -> 224026.39 | AO36: =AM36+AN36 -> 9185081.8 | AP36: =AO36*$AP$5 -> 229627.04 | AQ36: =AO36+AP36 -> 9414708.8 | AR36: =AQ36*$AR$5 -> 282441.26 | AS36: =AQ36+AR36 -> 9697150.1 | AT36: =AS36*$AT$5 -> 290914.5 | AU36: =AS36*$AU$5 -> 387886 | AW36: =AS36+AU36 -> 10085036 | AX36: =AW36*$AX$5 -> 302551.08 | AY36: =AW36*$AY$5 -> 403401.44 | BA36: =AW36+AY36 -> 10488438 | BB36: =BA36*$BB$5 -> 314653.13 | BC36: =BA36*$BC$5 -> 419537.5 | BE36: =BA36+BC36 -> 10907975 | BF36: =BE36*$BF$5 -> 327239.25 | BG36: =BE36*$BC$5 -> 436319 | BI36: =BE36+BG36 -> 11344294 | BJ36: =BI36*$BJ$5 -> 340328.82 | BK36: =BI36*$BC$5 -> 453771.76 | BM36: =BI36+BK36 -> 11798066 | BN36: =BM36*$BN$5 -> 884854.94 | BO36: =BM36*$BO$5 -> 294951.65 | BP36: =BM36*$BP$5 -> 1415767.9 | BQ36: =BM36+BN36+BO36+BP36 -> 14393640 | BR36: =BQ36/M36 -> 229967.09 | BS36: 0.15 | BT36: =BQ36*BS36 -> 2159046 | BU36: 50000 | BV36: =(BT36-BU36)/(BW36) -> 301292.29 | BW36: =CA36 -> 7 | BX36: =BQ36-BT36 -> 12234594 | BZ36: 46082 | CA36: =(YEAR(BZ36)-YEAR($CA$5))*12+MONTH(BZ36)-MONTH($CA$5) -> 7 | CB36: =CA36+1 -> 8
A37: =A36+1 -> 24 | B37: =B36+1 -> 4 | C37: Sold | E37: 5th | F37: 6th | G37: D | H37: 6D | I37: 2-BR | J37: 62.11 | K37: 5.19 | L37: 0 | M37: =J37+K37 -> 67.3 | Q37: =J37*$Q$5 -> 8198520 | R37: =K37*$R$5 -> 342540 | S37: =SUM(P37:R37) -> 8541060 | U37: 2 | V37: =M37*U37*$V$5 -> 67300 | X37: =S37*$X$5 -> 42705.3 | Z37: =M37*$Z$5 -> 67300 | AA37: =AA24 -> INNER | AB37: EAST | AC37: =SUM(V37:Z37) -> 177305.3 | AE37: =S37+AC37 -> 8718365.3 | AF37: =AE37*$AF$5 -> 268525.65 | AG37: =AE37+AF37 -> 8986891 | AH37: =AG37*$AH$5 -> 204002.42 | AI37: =AG37+AH37 -> 9190893.4 | AJ37: =AI37*$AJ$5 -> 229772.33 | AK37: =AI37+AJ37 -> 9420665.7 | AL37: =AK37*$AJ$5 -> 235516.64 | AM37: =AK37+AL37 -> 9656182.4 | AN37: =AM37*$AJ$5 -> 241404.56 | AO37: =AM37+AN37 -> 9897586.9 | AP37: =AO37*$AP$5 -> 247439.67 | AQ37: =AO37+AP37 -> 10145027 | AR37: =AQ37*$AR$5 -> 304350.8 | AS37: =AQ37+AR37 -> 10449377 | AT37: =AS37*$AT$5 -> 313481.32 | AU37: =AS37*$AU$5 -> 417975.1 | AW37: =AS37+AU37 -> 10867352 | AX37: =AW37*$AX$5 -> 326020.57 | AY37: =AW37*$AY$5 -> 434694.1 | BA37: =AW37+AY37 -> 11302047 | BB37: =BA37*$BB$5 -> 339061.4 | BC37: =BA37*$BC$5 -> 452081.86 | BE37: =BA37+BC37 -> 11754128 | BF37: =BE37*$BF$5 -> 352623.85 | BG37: =BE37*$BC$5 -> 470165.14 | BI37: =BE37+BG37 -> 12224294 | BJ37: =BI37*$BJ$5 -> 366728.81 | BK37: =BI37*$BC$5 -> 488971.74 | BM37: =BI37+BK37 -> 12713265 | BN37: =BM37*$BN$5 -> 953494.9 | BO37: =BM37*$BO$5 -> 317831.63 | BP37: =BM37*$BP$5 -> 1525591.8 | BQ37: =BM37+BN37+BO37+BP37 -> 15510184 | BR37: =BQ37/M37 -> 230463.35 | BS37: 0.15 | BT37: =BQ37*BS37 -> 2326527.6 | BU37: 50000 | BV37: =(BT37-BU37)/(BW37) -> 325218.22 | BW37: =CA37 -> 7 | BX37: =BQ37-BT37 -> 13183656 | BZ37: 46082 | CA37: =(YEAR(BZ37)-YEAR($CA$5))*12+MONTH(BZ37)-MONTH($CA$5) -> 7 | CB37: =CA37+1 -> 8
A38: =A37+1 -> 25 | B38: =B37+1 -> 5 | C38: Sold | E38: 5th | F38: 6th | G38: E | H38: 6E | I38: 2-BR | J38: 80.9 | K38: 15.65 | L38: 0 | M38: =J38+K38 -> 96.55 | Q38: =J38*$Q$5 -> 10678800 | R38: =K38*$R$5 -> 1032900 | S38: =SUM(P38:R38) -> 11711700 | U38: 2 | V38: =M38*U38*$V$5 -> 96550 | X38: =S38*$X$5 -> 58558.5 | Y38: =M38*$Y$5 -> 193100 | Z38: =M38*$Z$5 -> 96550 | AA38: =AA25 -> CORNER | AB38: EAST | AC38: =SUM(V38:Z38) -> 444758.5 | AE38: =S38+AC38 -> 12156458 | AF38: =AE38*$AF$5 -> 374418.92 | AG38: =AE38+AF38 -> 12530877 | AH38: =AG38*$AH$5 -> 284450.92 | AI38: =AG38+AH38 -> 12815328 | AJ38: =AI38*$AJ$5 -> 320383.21 | AK38: =AI38+AJ38 -> 13135712 | AL38: =AK38*$AJ$5 -> 328392.79 | AM38: =AK38+AL38 -> 13464104 | AN38: =AM38*$AJ$5 -> 336602.61 | AO38: =AM38+AN38 -> 13800707 | AP38: =AO38*$AP$5 -> 345017.67 | AQ38: =AO38+AP38 -> 14145725 | AR38: =AQ38*$AR$5 -> 424371.74 | AS38: =AQ38+AR38 -> 14570096 | AT38: =AS38*$AT$5 -> 437102.89 | AU38: =AS38*$AU$5 -> 582803.85 | AW38: =AS38+AU38 -> 15152900 | AX38: =AW38*$AX$5 -> 454587.01 | AY38: =AW38*$AY$5 -> 606116.01 | BA38: =AW38+AY38 -> 15759016 | BB38: =BA38*$BB$5 -> 472770.49 | BC38: =BA38*$BC$5 -> 630360.65 | BE38: =BA38+BC38 -> 16389377 | BF38: =BE38*$BF$5 -> 491681.31 | BG38: =BE38*$BC$5 -> 655575.07 | BI38: =BE38+BG38 -> 17044952 | BJ38: =BI38*$BJ$5 -> 511348.56 | BK38: =BI38*$BC$5 -> 681798.08 | BM38: =BI38+BK38 -> 17726750 | BN38: =BM38*$BN$5 -> 1329506.3 | BO38: =BM38*$BO$5 -> 443168.75 | BP38: =BM38*$BP$5 -> 2127210 | BQ38: =BM38+BN38+BO38+BP38 -> 21626635 | BR38: =BQ38/M38 -> 223994.15 | BS38: 0.15 | BT38: =BQ38*BS38 -> 3243995.3 | BU38: 50000 | BV38: =(BT38-BU38)/(BW38) -> 456285.04 | BW38: =CA38 -> 7 | BX38: =BQ38-BT38 -> 18382640 | BZ38: 46082 | CA38: =(YEAR(BZ38)-YEAR($CA$5))*12+MONTH(BZ38)-MONTH($CA$5) -> 7 | CB38: =CA38+1 -> 8
A39: =A38+1 -> 26 | B39: =B38+1 -> 6 | C39: Sold | E39: 5th | F39: 6th | G39: F | H39: 6F | I39: 2-BR | J39: 61.56 | K39: 4.1 | L39: 0 | M39: =J39+K39 -> 65.66 | Q39: =J39*$Q$5 -> 8125920 | R39: =K39*$R$5 -> 270600 | S39: =SUM(P39:R39) -> 8396520 | U39: 2 | V39: =M39*U39*$V$5 -> 65660 | X39: =S39*$X$5 -> 41982.6 | AA39: =AA26 -> INNER | AC39: =SUM(V39:Z39) -> 107642.6 | AE39: =S39+AC39 -> 8504162.6 | AF39: =AE39*$AF$5 -> 261928.21 | AG39: =AE39+AF39 -> 8766090.8 | AH39: =AG39*$AH$5 -> 198990.26 | AI39: =AG39+AH39 -> 8965081.1 | AJ39: =AI39*$AJ$5 -> 224127.03 | AK39: =AI39+AJ39 -> 9189208.1 | AL39: =AK39*$AJ$5 -> 229730.2 | AM39: =AK39+AL39 -> 9418938.3 | AN39: =AM39*$AJ$5 -> 235473.46 | AO39: =AM39+AN39 -> 9654411.8 | AP39: =AO39*$AP$5 -> 241360.29 | AQ39: =AO39+AP39 -> 9895772 | AR39: =AQ39*$AR$5 -> 296873.16 | AS39: =AQ39+AR39 -> 10192645 | AT39: =AS39*$AT$5 -> 305779.36 | AU39: =AS39*$AU$5 -> 407705.81 | AW39: =AS39+AU39 -> 10600351 | AX39: =AW39*$AX$5 -> 318010.53 | AY39: =AW39*$AY$5 -> 424014.04 | BA39: =AW39+AY39 -> 11024365 | BB39: =BA39*$BB$5 -> 330730.95 | BC39: =BA39*$BC$5 -> 440974.6 | BE39: =BA39+BC39 -> 11465340 | BF39: =BE39*$BF$5 -> 343960.19 | BG39: =BE39*$BC$5 -> 458613.59 | BI39: =BE39+BG39 -> 11923953 | BJ39: =BI39*$BJ$5 -> 357718.6 | BK39: =BI39*$BC$5 -> 476958.13 | BM39: =BI39+BK39 -> 12400911 | BN39: =BM39*$BN$5 -> 930068.35 | BO39: =BM39*$BO$5 -> 310022.78 | BP39: =BM39*$BP$5 -> 1488109.4 | BQ39: =BM39+BN39+BO39+BP39 -> 15129112 | BR39: =BQ39/M39 -> 230415.96 | BS39: 0.15 | BT39: =BQ39*BS39 -> 2269366.8 | BU39: 50000 | BV39: =(BT39-BU39)/(BW39) -> 317052.4 | BW39: =CA39 -> 7 | BX39: =BQ39-BT39 -> 12859745 | BZ39: 46082 | CA39: =(YEAR(BZ39)-YEAR($CA$5))*12+MONTH(BZ39)-MONTH($CA$5) -> 7 | CB39: =CA39+1 -> 8
A40: =A39+1 -> 27 | B40: =B39+1 -> 7 | C40: Unsold | E40: 5th | F40: 6th | G40: G | H40: 6G | I40: 2-BR | J40: 95.44 | K40: 13.34 | L40: 0 | M40: =J40+K40 -> 108.78 | Q40: =J40*$Q$5 -> 12598080 | R40: =K40*$R$5 -> 880440 | S40: =SUM(P40:R40) -> 13478520 | U40: 2 | V40: =M40*U40*$V$5 -> 108780 | X40: =S40*$X$5 -> 67392.6 | Y40: =M40*$Y$5 -> 217560 | AA40: =AA27 -> CORNER | AC40: =SUM(V40:Z40) -> 393732.6 | AE40: =S40+AC40 -> 13872253 | AF40: =AE40*$AF$5 -> 427265.38 | AG40: =AE40+AF40 -> 14299518 | AH40: =AG40*$AH$5 -> 324599.06 | AI40: =AG40+AH40 -> 14624117 | AJ40: =AI40*$AJ$5 -> 365602.93 | AK40: =AI40+AJ40 -> 14989720 | AL40: =AK40*$AJ$5 -> 374743 | AM40: =AK40+AL40 -> 15364463 | AN40: =AM40*$AJ$5 -> 384111.57 | AO40: =AM40+AN40 -> 15748575 | AP40: =AO40*$AP$5 -> 393714.36 | AQ40: =AO40+AP40 -> 16142289 | AR40: =AQ40*$AR$5 -> 484268.67 | AS40: =AQ40+AR40 -> 16626558 | AT40: =AS40*$AT$5 -> 498796.73 | AU40: =AS40*$AU$5 -> 665062.3 | AW40: =AS40+AU40 -> 17291620 | AX40: =AW40*$AX$5 -> 518748.6 | AY40: =AW40*$AY$5 -> 691664.79 | BA40: =AW40+AY40 -> 17983285 | BB40: =BA40*$BB$5 -> 539498.54 | BC40: =BA40*$BC$5 -> 719331.39 | BE40: =BA40+BC40 -> 18702616 | BF40: =BE40*$BF$5 -> 561078.48 | BG40: =BE40*$BC$5 -> 748104.64 | BI40: =BE40+BG40 -> 19450721 | BJ40: =BI40*$BJ$5 -> 583521.62 | BK40: =BI40*$BC$5 -> 778028.83 | BM40: =BI40+BK40 -> 20228750 | BN40: =BM40*$BN$5 -> 1517156.2 | BO40: =BM40*$BO$5 -> 505718.74 | BP40: =BM40*$BP$5 -> 2427449.9 | BQ40: =BM40+BN40+BO40+BP40 -> 24679074 | BR40: =BQ40/M40 -> 226871.43 | BS40: 0.15 | BT40: =BQ40*BS40 -> 3701861.2 | BU40: 50000 | BV40: =(BT40-BU40)/(BW40) -> 521694.45 | BW40: =CA40 -> 7 | BX40: =BQ40-BT40 -> 20977213 | BZ40: 46082 | CA40: =(YEAR(BZ40)-YEAR($CA$5))*12+MONTH(BZ40)-MONTH($CA$5) -> 7 | CB40: =CA40+1 -> 8
A41: =A40+1 -> 28 | B41: =B40+1 -> 8 | C41: Unsold | E41: 5th | F41: 6th | G41: H | H41: 6H | I41: 1-BR | J41: 69.2 | K41: 4.77 | L41: 0 | M41: =J41+K41 -> 73.97 | Q41: =J41*$Q$5 -> 9134400 | R41: =K41*$R$5 -> 314820 | S41: =SUM(P41:R41) -> 9449220 | U41: 2 | V41: =M41*U41*$V$5 -> 73970 | X41: =S41*$X$5 -> 47246.1 | AA41: =AA28 -> INNER | AC41: =SUM(V41:Z41) -> 121216.1 | AE41: =S41+AC41 -> 9570436.1 | AF41: =AE41*$AF$5 -> 294769.43 | AG41: =AE41+AF41 -> 9865205.5 | AH41: =AG41*$AH$5 -> 223940.17 | AI41: =AG41+AH41 -> 10089146 | AJ41: =AI41*$AJ$5 -> 252228.64 | AK41: =AI41+AJ41 -> 10341374 | AL41: =AK41*$AJ$5 -> 258534.36 | AM41: =AK41+AL41 -> 10599909 | AN41: =AM41*$AJ$5 -> 264997.72 | AO41: =AM41+AN41 -> 10864906 | AP41: =AO41*$AP$5 -> 271622.66 | AQ41: =AO41+AP41 -> 11136529 | AR41: =AQ41*$AR$5 -> 334095.87 | AS41: =AQ41+AR41 -> 11470625 | AT41: =AS41*$AT$5 -> 344118.75 | AU41: =AS41*$AU$5 -> 458825 | AW41: =AS41+AU41 -> 11929450 | AX41: =AW41*$AX$5 -> 357883.5 | AY41: =AW41*$AY$5 -> 477178 | BA41: =AW41+AY41 -> 12406628 | BB41: =BA41*$BB$5 -> 372198.84 | BC41: =BA41*$BC$5 -> 496265.12 | BE41: =BA41+BC41 -> 12902893 | BF41: =BE41*$BF$5 -> 387086.79 | BG41: =BE41*$BC$5 -> 516115.72 | BI41: =BE41+BG41 -> 13419009 | BJ41: =BI41*$BJ$5 -> 402570.26 | BK41: =BI41*$BC$5 -> 536760.35 | BL41: =BK41-BJ41 -> 134190.09 | BM41: =BI41+BK41 -> 13955769 | BN41: =BM41*$BN$5 -> 1046682.7 | BO41: =BM41*$BO$5 -> 348894.23 | BP41: =BM41*$BP$5 -> 1674692.3 | BQ41: =BM41+BN41+BO41+BP41 -> 17026038 | BR41: =BQ41/M41 -> 230174.91 | BS41: 0.15 | BT41: =BQ41*BS41 -> 2553905.8 | BU41: 50000 | BV41: =(BT41-BU41)/(BW41) -> 357700.82 | BW41: =CA41 -> 7 | BX41: =BQ41-BT41 -> 14472133 | BZ41: 46082 | CA41: =(YEAR(BZ41)-YEAR($CA$5))*12+MONTH(BZ41)-MONTH($CA$5) -> 7 | CB41: =CA41+1 -> 8
A42: =A41+1 -> 29 | B42: =B41+1 -> 9 | C42: Unsold | D42: Ms. Cendy | E42: 5th | F42: 6th | G42: I | H42: 6I | I42: 2-BR | J42: 69.36 | K42: 4.79 | L42: 0 | M42: =J42+K42 -> 74.15 | Q42: =J42*$Q$5 -> 9155520 | R42: =K42*$R$5 -> 316140 | S42: =SUM(P42:R42) -> 9471660 | U42: 2 | V42: =M42*U42*$V$5 -> 74150 | X42: =S42*$X$5 -> 47358.3 | AA42: =AA29 -> INNER | AC42: =SUM(V42:Z42) -> 121508.3 | AE42: =S42+AC42 -> 9593168.3 | AF42: =AE42*$AF$5 -> 295469.58 | AG42: =AE42+AF42 -> 9888637.9 | AH42: =AG42*$AH$5 -> 224472.08 | AI42: =AG42+AH42 -> 10113110 | AJ42: =AI42*$AJ$5 -> 252827.75 | AK42: =AI42+AJ42 -> 10365938 | AL42: =AK42*$AJ$5 -> 259148.44 | AM42: =AK42+AL42 -> 10625086 | AN42: =AM42*$AJ$5 -> 265627.15 | AO42: =AM42+AN42 -> 10890713 | AP42: =AO42*$AP$5 -> 272267.83 | AQ42: =AO42+AP42 -> 11162981 | AR42: =AQ42*$AR$5 -> 334889.43 | AS42: =AQ42+AR42 -> 11497871 | AT42: =AS42*$AT$5 -> 344936.12 | AU42: =AS42*$AU$5 -> 459914.82 | AW42: =AS42+AU42 -> 11957785 | AX42: =AW42*$AX$5 -> 358733.56 | AY42: =AW42*$AY$5 -> 478311.42 | BA42: =AW42+AY42 -> 12436097 | BB42: =BA42*$BB$5 -> 373082.9 | BC42: =BA42*$BC$5 -> 497443.87 | BE42: =BA42+BC42 -> 12933541 | BF42: =BE42*$BF$5 -> 388006.22 | BG42: =BE42*$BC$5 -> 517341.63 | BI42: =BE42+BG42 -> 13450882 | BJ42: =BI42*$BJ$5 -> 403526.47 | BK42: =BI42*$BC$5 -> 538035.29 | BL42: =BK42-BJ42 -> 134508.82 | BM42: =BI42+BK42 -> 13988918 | BN42: =BM42*$BN$5 -> 1049168.8 | BO42: =BM42*$BO$5 -> 349722.94 | BP42: =BM42*$BP$5 -> 1678670.1 | BQ42: =BM42+BN42+BO42+BP42 -> 17066479 | BR42: =BQ42/M42 -> 230161.56 | BS42: 0.15 | BT42: =BQ42*BS42 -> 2559971.9 | BU42: 50000 | BV42: =(BT42-BU42)/(BW42) -> 358567.42 | BW42: =CA42 -> 7 | BX42: =BQ42-BT42 -> 14506508 | BZ42: 46082 | CA42: =(YEAR(BZ42)-YEAR($CA$5))*12+MONTH(BZ42)-MONTH($CA$5) -> 7 | CB42: =CA42+1 -> 8
A43: =A42+1 -> 30 | B43: =B42+1 -> 10 | C43: Unsold | D43: Ms. Cendy | E43: 5th | F43: 6th | G43: J | H43: 6J | I43: 1-BR | J43: 69.36 | K43: 4.79 | L43: 0 | M43: =J43+K43 -> 74.15 | Q43: =J43*$Q$5 -> 9155520 | R43: =K43*$R$5 -> 316140 | S43: =SUM(P43:R43) -> 9471660 | U43: 2 | V43: =M43*U43*$V$5 -> 74150 | X43: =S43*$X$5 -> 47358.3 | AA43: =AA30 -> INNER | AC43: =SUM(V43:Z43) -> 121508.3 | AE43: =S43+AC43 -> 9593168.3 | AF43: =AE43*$AF$5 -> 295469.58 | AG43: =AE43+AF43 -> 9888637.9 | AH43: =AG43*$AH$5 -> 224472.08 | AI43: =AG43+AH43 -> 10113110 | AJ43: =AI43*$AJ$5 -> 252827.75 | AK43: =AI43+AJ43 -> 10365938 | AL43: =AK43*$AJ$5 -> 259148.44 | AM43: =AK43+AL43 -> 10625086 | AN43: =AM43*$AJ$5 -> 265627.15 | AO43: =AM43+AN43 -> 10890713 | AP43: =AO43*$AP$5 -> 272267.83 | AQ43: =AO43+AP43 -> 11162981 | AR43: =AQ43*$AR$5 -> 334889.43 | AS43: =AQ43+AR43 -> 11497871 | AT43: =AS43*$AT$5 -> 344936.12 | AU43: =AS43*$AU$5 -> 459914.82 | AW43: =AS43+AU43 -> 11957785 | AX43: =AW43*$AX$5 -> 358733.56 | AY43: =AW43*$AY$5 -> 478311.42 | BA43: =AW43+AY43 -> 12436097 | BB43: =BA43*$BB$5 -> 373082.9 | BC43: =BA43*$BC$5 -> 497443.87 | BE43: =BA43+BC43 -> 12933541 | BF43: =BE43*$BF$5 -> 388006.22 | BG43: =BE43*$BC$5 -> 517341.63 | BI43: =BE43+BG43 -> 13450882 | BJ43: =BI43*$BJ$5 -> 403526.47 | BK43: =BI43*$BC$5 -> 538035.29 | BL43: =BK43-BJ43 -> 134508.82 | BM43: =BI43+BK43 -> 13988918 | BN43: =BM43*$BN$5 -> 1049168.8 | BO43: =BM43*$BO$5 -> 349722.94 | BP43: =BM43*$BP$5 -> 1678670.1 | BQ43: =BM43+BN43+BO43+BP43 -> 17066479 | BR43: =BQ43/M43 -> 230161.56 | BS43: 0.15 | BT43: =BQ43*BS43 -> 2559971.9 | BU43: 50000 | BV43: =(BT43-BU43)/(BW43) -> 358567.42 | BW43: =CA43 -> 7 | BX43: =BQ43-BT43 -> 14506508 | BZ43: 46082 | CA43: =(YEAR(BZ43)-YEAR($CA$5))*12+MONTH(BZ43)-MONTH($CA$5) -> 7 | CB43: =CA43+1 -> 8
A44: =A43+1 -> 31 | B44: =B43+1 -> 11 | C44: Unsold | D44: Ms. Cendy | E44: 5th | F44: 6th | G44: K | H44: 6K | I44: 2-BR | J44: 69.36 | K44: 4.79 | L44: 0 | M44: =J44+K44 -> 74.15 | Q44: =J44*$Q$5 -> 9155520 | R44: =K44*$R$5 -> 316140 | S44: =SUM(P44:R44) -> 9471660 | U44: 2 | V44: =M44*U44*$V$5 -> 74150 | X44: =S44*$X$5 -> 47358.3 | AA44: =AA31 -> INNER | AC44: =SUM(V44:Z44) -> 121508.3 | AE44: =S44+AC44 -> 9593168.3 | AF44: =AE44*$AF$5 -> 295469.58 | AG44: =AE44+AF44 -> 9888637.9 | AH44: =AG44*$AH$5 -> 224472.08 | AI44: =AG44+AH44 -> 10113110 | AJ44: =AI44*$AJ$5 -> 252827.75 | AK44: =AI44+AJ44 -> 10365938 | AL44: =AK44*$AJ$5 -> 259148.44 | AM44: =AK44+AL44 -> 10625086 | AN44: =AM44*$AJ$5 -> 265627.15 | AO44: =AM44+AN44 -> 10890713 | AP44: =AO44*$AP$5 -> 272267.83 | AQ44: =AO44+AP44 -> 11162981 | AR44: =AQ44*$AR$5 -> 334889.43 | AS44: =AQ44+AR44 -> 11497871 | AT44: =AS44*$AT$5 -> 344936.12 | AU44: =AS44*$AU$5 -> 459914.82 | AW44: =AS44+AU44 -> 11957785 | AX44: =AW44*$AX$5 -> 358733.56 | AY44: =AW44*$AY$5 -> 478311.42 | BA44: =AW44+AY44 -> 12436097 | BB44: =BA44*$BB$5 -> 373082.9 | BC44: =BA44*$BC$5 -> 497443.87 | BE44: =BA44+BC44 -> 12933541 | BF44: =BE44*$BF$5 -> 388006.22 | BG44: =BE44*$BC$5 -> 517341.63 | BI44: =BE44+BG44 -> 13450882 | BJ44: =BI44*$BJ$5 -> 403526.47 | BK44: =BI44*$BC$5 -> 538035.29 | BL44: =BK44-BJ44 -> 134508.82 | BM44: =BI44+BK44 -> 13988918 | BN44: =BM44*$BN$5 -> 1049168.8 | BO44: =BM44*$BO$5 -> 349722.94 | BP44: =BM44*$BP$5 -> 1678670.1 | BQ44: =BM44+BN44+BO44+BP44 -> 17066479 | BR44: =BQ44/M44 -> 230161.56 | BS44: 0.15 | BT44: =BQ44*BS44 -> 2559971.9 | BU44: 50000 | BV44: =(BT44-BU44)/(BW44) -> 358567.42 | BW44: =CA44 -> 7 | BX44: =BQ44-BT44 -> 14506508 | BZ44: 46082 | CA44: =(YEAR(BZ44)-YEAR($CA$5))*12+MONTH(BZ44)-MONTH($CA$5) -> 7 | CB44: =CA44+1 -> 8
A45: =A44+1 -> 32 | B45: =B44+1 -> 12 | C45: Sold | E45: 5th | F45: 6th | G45: L | H45: 6L | I45: 2-BR | J45: 83.12 | K45: 13.04 | L45: 0 | M45: =J45+K45 -> 96.16 | Q45: =J45*$Q$5 -> 10971840 | R45: =K45*$R$5 -> 860640 | S45: =SUM(P45:R45) -> 11832480 | U45: 2 | V45: =M45*U45*$V$5 -> 96160 | X45: =S45*$X$5 -> 59162.4 | Y45: =M45*$Y$5 -> 192320 | AA45: =AA32 -> CORNER | AC45: =SUM(V45:Z45) -> 347642.4 | AE45: =S45+AC45 -> 12180122 | AF45: =AE45*$AF$5 -> 375147.77 | AG45: =AE45+AF45 -> 12555270 | AH45: =AG45*$AH$5 -> 285004.63 | AI45: =AG45+AH45 -> 12840275 | AJ45: =AI45*$AJ$5 -> 321006.87 | AK45: =AI45+AJ45 -> 13161282 | AL45: =AK45*$AJ$5 -> 329032.04 | AM45: =AK45+AL45 -> 13490314 | AN45: =AM45*$AJ$5 -> 337257.84 | AO45: =AM45+AN45 -> 13827572 | AP45: =AO45*$AP$5 -> 345689.29 | AQ45: =AO45+AP45 -> 14173261 | AR45: =AQ45*$AR$5 -> 425197.83 | AS45: =AQ45+AR45 -> 14598459 | AT45: =AS45*$AT$5 -> 437953.76 | AU45: =AS45*$AU$5 -> 583938.35 | AW45: =AS45+AU45 -> 15182397 | AX45: =AW45*$AX$5 -> 455471.91 | AY45: =AW45*$AY$5 -> 607295.88 | BA45: =AW45+AY45 -> 15789693 | BB45: =BA45*$BB$5 -> 473690.79 | BC45: =BA45*$BC$5 -> 631587.72 | BE45: =BA45+BC45 -> 16421281 | BF45: =BE45*$BF$5 -> 492638.42 | BG45: =BE45*$BC$5 -> 656851.22 | BI45: =BE45+BG45 -> 17078132 | BJ45: =BI45*$BJ$5 -> 512343.96 | BK45: =BI45*$BC$5 -> 683125.27 | BM45: =BI45+BK45 -> 17761257 | BN45: =BM45*$BN$5 -> 1332094.3 | BO45: =BM45*$BO$5 -> 444031.43 | BP45: =BM45*$BP$5 -> 2131350.9 | BQ45: =BM45+BN45+BO45+BP45 -> 21668734 | BR45: =BQ45/M45 -> 225340.41 | BS45: 0.15 | BT45: =BQ45*BS45 -> 3250310.1 | BU45: 50000 | BV45: =(BT45-BU45)/(BW45) -> 457187.15 | BW45: =CA45 -> 7 | BX45: =BQ45-BT45 -> 18418424 | BZ45: 46082 | CA45: =(YEAR(BZ45)-YEAR($CA$5))*12+MONTH(BZ45)-MONTH($CA$5) -> 7 | CB45: =CA45+1 -> 8
A46: =A45+1 -> 33 | B46: =B45+1 -> 13 | C46: Sold | E46: 5th | F46: 6th | G46: M | H46: 6M | I46: 1-BR | J46: 52.04 | K46: 3.1 | L46: 0 | M46: =J46+K46 -> 55.14 | Q46: =J46*$Q$5 -> 6869280 | R46: =K46*$R$5 -> 204600 | S46: =SUM(P46:R46) -> 7073880 | U46: 2 | V46: =M46*U46*$V$5 -> 55140 | X46: =S46*$X$5 -> 35369.4 | AA46: =AA33 -> INNER | AC46: =SUM(V46:Z46) -> 90509.4 | AE46: =S46+AC46 -> 7164389.4 | AF46: =AE46*$AF$5 -> 220663.19 | AG46: =AE46+AF46 -> 7385052.6 | AH46: =AG46*$AH$5 -> 167640.69 | AI46: =AG46+AH46 -> 7552693.3 | AJ46: =AI46*$AJ$5 -> 188817.33 | AK46: =AI46+AJ46 -> 7741510.6 | AL46: =AK46*$AJ$5 -> 193537.77 | AM46: =AK46+AL46 -> 7935048.4 | AN46: =AM46*$AJ$5 -> 198376.21 | AO46: =AM46+AN46 -> 8133424.6 | AP46: =AO46*$AP$5 -> 203335.61 | AQ46: =AO46+AP46 -> 8336760.2 | AR46: =AQ46*$AR$5 -> 250102.81 | AS46: =AQ46+AR46 -> 8586863 | AT46: =AS46*$AT$5 -> 257605.89 | AU46: =AS46*$AU$5 -> 343474.52 | AW46: =AS46+AU46 -> 8930337.5 | AX46: =AW46*$AX$5 -> 267910.13 | AY46: =AW46*$AY$5 -> 357213.5 | BA46: =AW46+AY46 -> 9287551 | BB46: =BA46*$BB$5 -> 278626.53 | BC46: =BA46*$BC$5 -> 371502.04 | BE46: =BA46+BC46 -> 9659053.1 | BF46: =BE46*$BF$5 -> 289771.59 | BG46: =BE46*$BC$5 -> 386362.12 | BI46: =BE46+BG46 -> 10045415 | BJ46: =BI46*$BJ$5 -> 301362.46 | BK46: =BI46*$BC$5 -> 401816.61 | BM46: =BI46+BK46 -> 10447232 | BN46: =BM46*$BN$5 -> 783542.39 | BO46: =BM46*$BO$5 -> 261180.8 | BP46: =BM46*$BP$5 -> 1253667.8 | BQ46: =BM46+BN46+BO46+BP46 -> 12745623 | BR46: =BQ46/M46 -> 231150.21 | BS46: 0.15 | BT46: =BQ46*BS46 -> 1911843.4 | BU46: 50000 | BV46: =(BT46-BU46)/(BW46) -> 265977.63 | BW46: =CA46 -> 7 | BX46: =BQ46-BT46 -> 10833779 | BZ46: 46082 | CA46: =(YEAR(BZ46)-YEAR($CA$5))*12+MONTH(BZ46)-MONTH($CA$5) -> 7 | CB46: =CA46+1 -> 8
A47: =A46+1 -> 34 | B47: 1 | C47: Unsold | E47: 6th | F47: 7th | G47: A | H47: 7A | I47: 3-BR | J47: 99.98 | K47: 10.29 | L47: 0 | M47: =J47+K47 -> 110.27 | Q47: =J47*$Q$5 -> 13197360 | R47: =K47*$R$5 -> 679140 | S47: =SUM(P47:R47) -> 13876500 | U47: 3 | V47: =M47*U47*$V$5 -> 165405 | X47: =S47*$X$5 -> 69382.5 | Y47: =M47*$Y$5 -> 220540 | Z47: =M47*$Z$5 -> 110270 | AA47: =AA21 -> CORNER | AB47: EAST | AC47: =SUM(V47:Z47) -> 565597.5 | AE47: =S47+AC47 -> 14442098 | AF47: =AE47*$AF$5 -> 444816.6 | AG47: =AE47+AF47 -> 14886914 | AH47: =AG47*$AH$5 -> 337932.95 | AI47: =AG47+AH47 -> 15224847 | AJ47: =AI47*$AJ$5 -> 380621.18 | AK47: =AI47+AJ47 -> 15605468 | AL47: =AK47*$AJ$5 -> 390136.71 | AM47: =AK47+AL47 -> 15995605 | AN47: =AM47*$AJ$5 -> 399890.12 | AO47: =AM47+AN47 -> 16395495 | AP47: =AO47*$AP$5 -> 409887.38 | AQ47: =AO47+AP47 -> 16805382 | AR47: =AQ47*$AR$5 -> 504161.47 | AS47: =AQ47+AR47 -> 17309544 | AT47: =AS47*$AT$5 -> 519286.32 | AU47: =AS47*$AU$5 -> 692381.76 | AW47: =AS47+AU47 -> 18001926 | AX47: =AW47*$AX$5 -> 540057.77 | AY47: =AW47*$AY$5 -> 720077.03 | BA47: =AW47+AY47 -> 18722003 | BB47: =BA47*$BB$5 -> 561660.08 | BC47: =BA47*$BC$5 -> 748880.11 | BE47: =BA47+BC47 -> 19470883 | BF47: =BE47*$BF$5 -> 584126.48 | BG47: =BE47*$BC$5 -> 778835.31 | BI47: =BE47+BG47 -> 20249718 | BJ47: =BI47*$BJ$5 -> 607491.54 | BK47: =BI47*$BC$5 -> 809988.72 | BM47: =BI47+BK47 -> 21059707 | BN47: =BM47*$BN$5 -> 1579478 | BO47: =BM47*$BO$5 -> 526492.67 | BP47: =BM47*$BP$5 -> 2527164.8 | BQ47: =BM47+BN47+BO47+BP47 -> 25692842 | BR47: =BQ47/M47 -> 232999.39 | BS47: 0.15 | BT47: =BQ47*BS47 -> 3853926.4 | BU47: ='[19]Package Breakdown'!F27 -> 50000 | BV47: =(BT47-BU47)/(BW47) -> 543418.05 | BW47: =CA47 -> 7 | BX47: =BQ47-BT47 -> 21838916 | BZ47: 46082 | CA47: =(YEAR(BZ47)-YEAR($CA$5))*12+MONTH(BZ47)-MONTH($CA$5) -> 7 | CB47: =CA47+1 -> 8
A48: =A47+1 -> 35 | B48: =B47+1 -> 2 | C48: Sold | E48: 6th | F48: 7th | G48: B | H48: 7B | I48: 1-BR | J48: 52.86 | K48: 5.09 | L48: 0 | M48: =J48+K48 -> 57.95 | Q48: =J48*$Q$5 -> 6977520 | R48: =K48*$R$5 -> 335940 | S48: =SUM(P48:R48) -> 7313460 | U48: =$U$47 -> 3 | V48: =M48*U48*$V$5 -> 86925 | X48: =S48*$X$5 -> 36567.3 | Z48: =M48*$Z$5 -> 57950 | AA48: =AA22 -> INNER | AB48: EAST | AC48: =SUM(V48:Z48) -> 181442.3 | AE48: =S48+AC48 -> 7494902.3 | AF48: =AE48*$AF$5 -> 230842.99 | AG48: =AE48+AF48 -> 7725745.3 | AH48: =AG48*$AH$5 -> 175374.42 | AI48: =AG48+AH48 -> 7901119.7 | AJ48: =AI48*$AJ$5 -> 197527.99 | AK48: =AI48+AJ48 -> 8098647.7 | AL48: =AK48*$AJ$5 -> 202466.19 | AM48: =AK48+AL48 -> 8301113.9 | AN48: =AM48*$AJ$5 -> 207527.85 | AO48: =AM48+AN48 -> 8508641.7 | AP48: =AO48*$AP$5 -> 212716.04 | AQ48: =AO48+AP48 -> 8721357.8 | AR48: =AQ48*$AR$5 -> 261640.73 | AS48: =AQ48+AR48 -> 8982998.5 | AT48: =AS48*$AT$5 -> 269489.96 | AU48: =AS48*$AU$5 -> 359319.94 | AW48: =AS48+AU48 -> 9342318.5 | AX48: =AW48*$AX$5 -> 280269.55 | AY48: =AW48*$AY$5 -> 373692.74 | BA48: =AW48+AY48 -> 9716011.2 | BB48: =BA48*$BB$5 -> 291480.34 | BC48: =BA48*$BC$5 -> 388640.45 | BE48: =BA48+BC48 -> 10104652 | BF48: =BE48*$BF$5 -> 303139.55 | BG48: =BE48*$BC$5 -> 404186.07 | BI48: =BE48+BG48 -> 10508838 | BJ48: =BI48*$BJ$5 -> 315265.13 | BK48: =BI48*$BC$5 -> 420353.51 | BM48: =BI48+BK48 -> 10929191 | BN48: =BM48*$BN$5 -> 819689.34 | BO48: =BM48*$BO$5 -> 273229.78 | BP48: =BM48*$BP$5 -> 1311502.9 | BQ48: =BM48+BN48+BO48+BP48 -> 13333613 | BR48: =BQ48/M48 -> 230088.24 | BS48: 0.15 | BT48: =BQ48*BS48 -> 2000042 | BU48: =BU47 -> 50000 | BV48: =(BT48-BU48)/(BW48) -> 278577.43 | BW48: =CA48 -> 7 | BX48: =BQ48-BT48 -> 11333571 | BZ48: 46082 | CA48: =(YEAR(BZ48)-YEAR($CA$5))*12+MONTH(BZ48)-MONTH($CA$5) -> 7 | CB48: =CA48+1 -> 8
A49: =A48+1 -> 36 | B49: =B48+1 -> 3 | C49: Sold | E49: 6th | F49: 7th | G49: C | H49: 7C | I49: 2-BR | J49: 57.5 | K49: 5.09 | L49: 0 | M49: =J49+K49 -> 62.59 | Q49: =J49*$Q$5 -> 7590000 | R49: =K49*$R$5 -> 335940 | S49: =SUM(P49:R49) -> 7925940 | U49: =$U$47 -> 3 | V49: =M49*U49*$V$5 -> 93885 | X49: =S49*$X$5 -> 39629.7 | Z49: =M49*$Z$5 -> 62590 | AA49: =AA23 -> INNER | AB49: EAST | AC49: =SUM(V49:Z49) -> 196104.7 | AE49: =S49+AC49 -> 8122044.7 | AF49: =AE49*$AF$5 -> 250158.98 | AG49: =AE49+AF49 -> 8372203.7 | AH49: =AG49*$AH$5 -> 190049.02 | AI49: =AG49+AH49 -> 8562252.7 | AJ49: =AI49*$AJ$5 -> 214056.32 | AK49: =AI49+AJ49 -> 8776309 | AL49: =AK49*$AJ$5 -> 219407.73 | AM49: =AK49+AL49 -> 8995716.7 | AN49: =AM49*$AJ$5 -> 224892.92 | AO49: =AM49+AN49 -> 9220609.7 | AP49: =AO49*$AP$5 -> 230515.24 | AQ49: =AO49+AP49 -> 9451124.9 | AR49: =AQ49*$AR$5 -> 283533.75 | AS49: =AQ49+AR49 -> 9734658.7 | AT49: =AS49*$AT$5 -> 292039.76 | AU49: =AS49*$AU$5 -> 389386.35 | AW49: =AS49+AU49 -> 10124045 | AX49: =AW49*$AX$5 -> 303721.35 | AY49: =AW49*$AY$5 -> 404961.8 | BA49: =AW49+AY49 -> 10529007 | BB49: =BA49*$BB$5 -> 315870.2 | BC49: =BA49*$BC$5 -> 421160.27 | BE49: =BA49+BC49 -> 10950167 | BF49: =BE49*$BF$5 -> 328505.01 | BG49: =BE49*$BC$5 -> 438006.68 | BI49: =BE49+BG49 -> 11388174 | BJ49: =BI49*$BJ$5 -> 341645.21 | BK49: =BI49*$BC$5 -> 455526.95 | BM49: =BI49+BK49 -> 11843701 | BN49: =BM49*$BN$5 -> 888277.55 | BO49: =BM49*$BO$5 -> 296092.52 | BP49: =BM49*$BP$5 -> 1421244.1 | BQ49: =BM49+BN49+BO49+BP49 -> 14449315 | BR49: =BQ49/M49 -> 230856.6 | BS49: 0.15 | BT49: =BQ49*BS49 -> 2167397.2 | BU49: =BU48 -> 50000 | BV49: =(BT49-BU49)/(BW49) -> 302485.32 | BW49: =CA49 -> 7 | BX49: =BQ49-BT49 -> 12281918 | BZ49: 46082 | CA49: =(YEAR(BZ49)-YEAR($CA$5))*12+MONTH(BZ49)-MONTH($CA$5) -> 7 | CB49: =CA49+1 -> 8
A50: =A49+1 -> 37 | B50: =B49+1 -> 4 | C50: Sold | E50: 6th | F50: 7th | G50: D | H50: 7D | I50: 2-BR | J50: 62.11 | K50: 5.19 | L50: 0 | M50: =J50+K50 -> 67.3 | Q50: =J50*$Q$5 -> 8198520 | R50: =K50*$R$5 -> 342540 | S50: =SUM(P50:R50) -> 8541060 | U50: =$U$47 -> 3 | V50: =M50*U50*$V$5 -> 100950 | X50: =S50*$X$5 -> 42705.3 | Z50: =M50*$Z$5 -> 67300 | AA50: =AA24 -> INNER | AB50: EAST | AC50: =SUM(V50:Z50) -> 210955.3 | AE50: =S50+AC50 -> 8752015.3 | AF50: =AE50*$AF$5 -> 269562.07 | AG50: =AE50+AF50 -> 9021577.4 | AH50: =AG50*$AH$5 -> 204789.81 | AI50: =AG50+AH50 -> 9226367.2 | AJ50: =AI50*$AJ$5 -> 230659.18 | AK50: =AI50+AJ50 -> 9457026.4 | AL50: =AK50*$AJ$5 -> 236425.66 | AM50: =AK50+AL50 -> 9693452 | AN50: =AM50*$AJ$5 -> 242336.3 | AO50: =AM50+AN50 -> 9935788.3 | AP50: =AO50*$AP$5 -> 248394.71 | AQ50: =AO50+AP50 -> 10184183 | AR50: =AQ50*$AR$5 -> 305525.49 | AS50: =AQ50+AR50 -> 10489709 | AT50: =AS50*$AT$5 -> 314691.26 | AU50: =AS50*$AU$5 -> 419588.34 | AW50: =AS50+AU50 -> 10909297 | AX50: =AW50*$AX$5 -> 327278.91 | AY50: =AW50*$AY$5 -> 436371.87 | BA50: =AW50+AY50 -> 11345669 | BB50: =BA50*$BB$5 -> 340370.06 | BC50: =BA50*$BC$5 -> 453826.75 | BE50: =BA50+BC50 -> 11799495 | BF50: =BE50*$BF$5 -> 353984.86 | BG50: =BE50*$BC$5 -> 471979.82 | BH50: =BG50-BF50 -> 117994.95 | BI50: =BE50+BG50 -> 12271475 | BJ50: =BI50*$BJ$5 -> 368144.26 | BK50: =BI50*$BC$5 -> 490859.01 | BM50: =BI50+BK50 -> 12762334 | BN50: =BM50*$BN$5 -> 957175.07 | BO50: =BM50*$BO$5 -> 319058.36 | BP50: =BM50*$BP$5 -> 1531480.1 | BQ50: =BM50+BN50+BO50+BP50 -> 15570048 | BR50: =BQ50/M50 -> 231352.87 | BS50: 0.15 | BT50: =BQ50*BS50 -> 2335507.2 | BU50: =BU49 -> 50000 | BV50: =(BT50-BU50)/(BW50) -> 326501.03 | BW50: =CA50 -> 7 | BX50: =BQ50-BT50 -> 13234541 | BZ50: 46082 | CA50: =(YEAR(BZ50)-YEAR($CA$5))*12+MONTH(BZ50)-MONTH($CA$5) -> 7 | CB50: =CA50+1 -> 8
A51: =A50+1 -> 38 | B51: =B50+1 -> 5 | C51: Sold | E51: 6th | F51: 7th | G51: E | H51: 7E | I51: 2-BR | J51: 80.9 | K51: 15.65 | L51: 0 | M51: =J51+K51 -> 96.55 | Q51: =J51*$Q$5 -> 10678800 | R51: =K51*$R$5 -> 1032900 | S51: =SUM(P51:R51) -> 11711700 | U51: =$U$47 -> 3 | V51: =M51*U51*$V$5 -> 144825 | X51: =S51*$X$5 -> 58558.5 | Y51: =M51*$Y$5 -> 193100 | Z51: =M51*$Z$5 -> 96550 | AA51: =AA25 -> CORNER | AB51: EAST | AC51: =SUM(V51:Z51) -> 493033.5 | AE51: =S51+AC51 -> 12204734 | AF51: =AE51*$AF$5 -> 375905.79 | AG51: =AE51+AF51 -> 12580639 | AH51: =AG51*$AH$5 -> 285580.51 | AI51: =AG51+AH51 -> 12866220 | AJ51: =AI51*$AJ$5 -> 321655.5 | AK51: =AI51+AJ51 -> 13187875 | AL51: =AK51*$AJ$5 -> 329696.88 | AM51: =AK51+AL51 -> 13517572 | AN51: =AM51*$AJ$5 -> 337939.3 | AO51: =AM51+AN51 -> 13855511 | AP51: =AO51*$AP$5 -> 346387.79 | AQ51: =AO51+AP51 -> 14201899 | AR51: =AQ51*$AR$5 -> 426056.98 | AS51: =AQ51+AR51 -> 14627956 | AT51: =AS51*$AT$5 -> 438838.69 | AU51: =AS51*$AU$5 -> 585118.25 | AW51: =AS51+AU51 -> 15213075 | AX51: =AW51*$AX$5 -> 456392.24 | AY51: =AW51*$AY$5 -> 608522.98 | BA51: =AW51+AY51 -> 15821597 | BB51: =BA51*$BB$5 -> 474647.92 | BC51: =BA51*$BC$5 -> 632863.9 | BE51: =BA51+BC51 -> 16454461 | BF51: =BE51*$BF$5 -> 493633.84 | BG51: =BE51*$BC$5 -> 658178.46 | BI51: =BE51+BG51 -> 17112640 | BJ51: =BI51*$BJ$5 -> 513379.2 | BK51: =BI51*$BC$5 -> 684505.59 | BM51: =BI51+BK51 -> 17797145 | BN51: =BM51*$BN$5 -> 1334785.9 | BO51: =BM51*$BO$5 -> 444928.64 | BP51: =BM51*$BP$5 -> 2135657.5 | BQ51: =BM51+BN51+BO51+BP51 -> 21712517 | BR51: =BQ51/M51 -> 224883.66 | BS51: 0.15 | BT51: =BQ51*BS51 -> 3256877.6 | BU51: =BU50 -> 50000 | BV51: =(BT51-BU51)/(BW51) -> 458125.37 | BW51: =CA51 -> 7 | BX51: =BQ51-BT51 -> 18455640 | BZ51: 46082 | CA51: =(YEAR(BZ51)-YEAR($CA$5))*12+MONTH(BZ51)-MONTH($CA$5) -> 7 | CB51: =CA51+1 -> 8
A52: =A51+1 -> 39 | B52: =B51+1 -> 6 | C52: Sold | E52: 6th | F52: 7th | G52: F | H52: 7F | I52: 2-BR | J52: 61.56 | K52: 4.1 | L52: 0 | M52: =J52+K52 -> 65.66 | Q52: =J52*$Q$5 -> 8125920 | R52: =K52*$R$5 -> 270600 | S52: =SUM(P52:R52) -> 8396520 | U52: =$U$47 -> 3 | V52: =M52*U52*$V$5 -> 98490 | X52: =S52*$X$5 -> 41982.6 | AA52: =AA26 -> INNER | AC52: =SUM(V52:Z52) -> 140472.6 | AE52: =S52+AC52 -> 8536992.6 | AF52: =AE52*$AF$5 -> 262939.37 | AG52: =AE52+AF52 -> 8799932 | AH52: =AG52*$AH$5 -> 199758.46 | AI52: =AG52+AH52 -> 8999690.4 | AJ52: =AI52*$AJ$5 -> 224992.26 | AK52: =AI52+AJ52 -> 9224682.7 | AL52: =AK52*$AJ$5 -> 230617.07 | AM52: =AK52+AL52 -> 9455299.8 | AN52: =AM52*$AJ$5 -> 236382.49 | AO52: =AM52+AN52 -> 9691682.2 | AP52: =AO52*$AP$5 -> 242292.06 | AQ52: =AO52+AP52 -> 9933974.3 | AR52: =AQ52*$AR$5 -> 298019.23 | AS52: =AQ52+AR52 -> 10231994 | AT52: =AS52*$AT$5 -> 306959.81 | AU52: =AS52*$AU$5 -> 409279.74 | AW52: =AS52+AU52 -> 10641273 | AX52: =AW52*$AX$5 -> 319238.2 | AY52: =AW52*$AY$5 -> 425650.93 | BA52: =AW52+AY52 -> 11066924 | BB52: =BA52*$BB$5 -> 332007.73 | BC52: =BA52*$BC$5 -> 442676.97 | BE52: =BA52+BC52 -> 11509601 | BF52: =BE52*$BF$5 -> 345288.04 | BG52: =BE52*$BC$5 -> 460384.05 | BI52: =BE52+BG52 -> 11969985 | BJ52: =BI52*$BJ$5 -> 359099.56 | BK52: =BI52*$BC$5 -> 478799.41 | BM52: =BI52+BK52 -> 12448785 | BN52: =BM52*$BN$5 -> 933658.85 | BO52: =BM52*$BO$5 -> 311219.62 | BP52: =BM52*$BP$5 -> 1493854.2 | BQ52: =BM52+BN52+BO52+BP52 -> 15187517 | BR52: =BQ52/M52 -> 231305.47 | BS52: 0.15 | BT52: =BQ52*BS52 -> 2278127.6 | BU52: =BU51 -> 50000 | BV52: =(BT52-BU52)/(BW52) -> 318303.94 | BW52: =CA52 -> 7 | BX52: =BQ52-BT52 -> 12909390 | BZ52: 46082 | CA52: =(YEAR(BZ52)-YEAR($CA$5))*12+MONTH(BZ52)-MONTH($CA$5) -> 7 | CB52: =CA52+1 -> 8
A53: =A52+1 -> 40 | B53: =B52+1 -> 7 | C53: Sold | E53: 6th | F53: 7th | G53: G | H53: 7G | I53: 2-BR | J53: 95.44 | K53: 13.34 | L53: 0 | M53: =J53+K53 -> 108.78 | Q53: =J53*$Q$5 -> 12598080 | R53: =K53*$R$5 -> 880440 | S53: =SUM(P53:R53) -> 13478520 | U53: =$U$47 -> 3 | V53: =M53*U53*$V$5 -> 163170 | X53: =S53*$X$5 -> 67392.6 | Y53: =M53*$Y$5 -> 217560 | AA53: =AA27 -> CORNER | AC53: =SUM(V53:Z53) -> 448122.6 | AE53: =S53+AC53 -> 13926643 | AF53: =AE53*$AF$5 -> 428940.59 | AG53: =AE53+AF53 -> 14355583 | AH53: =AG53*$AH$5 -> 325871.74 | AI53: =AG53+AH53 -> 14681455 | AJ53: =AI53*$AJ$5 -> 367036.37 | AK53: =AI53+AJ53 -> 15048491 | AL53: =AK53*$AJ$5 -> 376212.28 | AM53: =AK53+AL53 -> 15424704 | AN53: =AM53*$AJ$5 -> 385617.59 | AO53: =AM53+AN53 -> 15810321 | AP53: =AO53*$AP$5 -> 395258.03 | AQ53: =AO53+AP53 -> 16205579 | AR53: =AQ53*$AR$5 -> 486167.38 | AS53: =AQ53+AR53 -> 16691747 | AT53: =AS53*$AT$5 -> 500752.4 | AU53: =AS53*$AU$5 -> 667669.86 | AW53: =AS53+AU53 -> 17359416 | AX53: =AW53*$AX$5 -> 520782.49 | AY53: =AW53*$AY$5 -> 694376.66 | BA53: =AW53+AY53 -> 18053793 | BB53: =BA53*$BB$5 -> 541613.79 | BC53: =BA53*$BC$5 -> 722151.72 | BE53: =BA53+BC53 -> 18775945 | BF53: =BE53*$BF$5 -> 563278.34 | BG53: =BE53*$BC$5 -> 751037.79 | BI53: =BE53+BG53 -> 19526983 | BJ53: =BI53*$BJ$5 -> 585809.48 | BK53: =BI53*$BC$5 -> 781079.3 | BM53: =BI53+BK53 -> 20308062 | BN53: =BM53*$BN$5 -> 1523104.6 | BO53: =BM53*$BO$5 -> 507701.55 | BP53: =BM53*$BP$5 -> 2436967.4 | BQ53: =BM53+BN53+BO53+BP53 -> 24775836 | BR53: =BQ53/M53 -> 227760.94 | BS53: 0.15 | BT53: =BQ53*BS53 -> 3716375.3 | BU53: =BU52 -> 50000 | BV53: =(BT53-BU53)/(BW53) -> 523767.9 | BW53: =CA53 -> 7 | BX53: =BQ53-BT53 -> 21059460 | BZ53: 46082 | CA53: =(YEAR(BZ53)-YEAR($CA$5))*12+MONTH(BZ53)-MONTH($CA$5) -> 7 | CB53: =CA53+1 -> 8
A54: =A53+1 -> 41 | B54: =B53+1 -> 8 | C54: Unsold | E54: 6th | F54: 7th | G54: H | H54: 7H | I54: 2-BR | J54: 69.2 | K54: 4.77 | L54: 0 | M54: =J54+K54 -> 73.97 | Q54: =J54*$Q$5 -> 9134400 | R54: =K54*$R$5 -> 314820 | S54: =SUM(P54:R54) -> 9449220 | U54: 3 | V54: =M54*U54*$V$5 -> 110955 | X54: =S54*$X$5 -> 47246.1 | AA54: =AA28 -> INNER | AC54: =SUM(V54:Z54) -> 158201.1 | AE54: =S54+AC54 -> 9607421.1 | AF54: =AE54*$AF$5 -> 295908.57 | AG54: =AE54+AF54 -> 9903329.7 | AH54: =AG54*$AH$5 -> 224805.58 | AI54: =AG54+AH54 -> 10128135 | AJ54: =AI54*$AJ$5 -> 253203.38 | AK54: =AI54+AJ54 -> 10381339 | AL54: =AK54*$AJ$5 -> 259533.47 | AM54: =AK54+AL54 -> 10640872 | AN54: =AM54*$AJ$5 -> 266021.8 | AO54: =AM54+AN54 -> 10906894 | AP54: =AO54*$AP$5 -> 272672.35 | AQ54: =AO54+AP54 -> 11179566 | AR54: =AQ54*$AR$5 -> 335386.99 | AS54: =AQ54+AR54 -> 11514953 | AT54: =AS54*$AT$5 -> 345448.6 | AU54: =AS54*$AU$5 -> 460598.13 | AW54: =AS54+AU54 -> 11975551 | AX54: =AW54*$AX$5 -> 359266.54 | AY54: =AW54*$AY$5 -> 479022.05 | BA54: =AW54+AY54 -> 12454573 | BB54: =BA54*$BB$5 -> 373637.2 | BC54: =BA54*$BC$5 -> 498182.94 | BE54: =BA54+BC54 -> 12952756 | BF54: =BE54*$BF$5 -> 388582.69 | BG54: =BE54*$BC$5 -> 518110.25 | BH54: =BG54-BF54 -> 129527.56 | BI54: =BE54+BG54 -> 13470867 | BJ54: =BI54*$BJ$5 -> 404126 | BK54: =BI54*$BC$5 -> 538834.66 | BM54: =BI54+BK54 -> 14009701 | BN54: =BM54*$BN$5 -> 1050727.6 | BO54: =BM54*$BO$5 -> 350242.53 | BP54: =BM54*$BP$5 -> 1681164.2 | BQ54: =BM54+BN54+BO54+BP54 -> 17091836 | BR54: =BQ54/M54 -> 231064.43 | BS54: 0.15 | BT54: =BQ54*BS54 -> 2563775.3 | BU54: =BU53 -> 50000 | BV54: =(BT54-BU54)/(BW54) -> 359110.76 | BW54: =CA54 -> 7 | BX54: =BQ54-BT54 -> 14528060 | BZ54: 46082 | CA54: =(YEAR(BZ54)-YEAR($CA$5))*12+MONTH(BZ54)-MONTH($CA$5) -> 7 | CB54: =CA54+1 -> 8
A55: =A54+1 -> 42 | B55: =B54+1 -> 9 | C55: Unsold | E55: 6th | F55: 7th | G55: I | H55: 7I | I55: 1-BR | J55: 69.36 | K55: 4.79 | L55: 0 | M55: =J55+K55 -> 74.15 | Q55: =J55*$Q$5 -> 9155520 | R55: =K55*$R$5 -> 316140 | S55: =SUM(P55:R55) -> 9471660 | U55: =$U$47 -> 3 | V55: =M55*U55*$V$5 -> 111225 | X55: =S55*$X$5 -> 47358.3 | AA55: =AA29 -> INNER | AC55: =SUM(V55:Z55) -> 158583.3 | AE55: =S55+AC55 -> 9630243.3 | AF55: =AE55*$AF$5 -> 296611.49 | AG55: =AE55+AF55 -> 9926854.8 | AH55: =AG55*$AH$5 -> 225339.6 | AI55: =AG55+AH55 -> 10152194 | AJ55: =AI55*$AJ$5 -> 253804.86 | AK55: =AI55+AJ55 -> 10405999 | AL55: =AK55*$AJ$5 -> 260149.98 | AM55: =AK55+AL55 -> 10666149 | AN55: =AM55*$AJ$5 -> 266653.73 | AO55: =AM55+AN55 -> 10932803 | AP55: =AO55*$AP$5 -> 273320.07 | AQ55: =AO55+AP55 -> 11206123 | AR55: =AQ55*$AR$5 -> 336183.69 | AS55: =AQ55+AR55 -> 11542307 | AT55: =AS55*$AT$5 -> 346269.2 | AU55: =AS55*$AU$5 -> 461692.27 | AW55: =AS55+AU55 -> 12003999 | AX55: =AW55*$AX$5 -> 360119.97 | AY55: =AW55*$AY$5 -> 480159.96 | BA55: =AW55+AY55 -> 12484159 | BB55: =BA55*$BB$5 -> 374524.77 | BC55: =BA55*$BC$5 -> 499366.36 | BE55: =BA55+BC55 -> 12983525 | BF55: =BE55*$BF$5 -> 389505.76 | BG55: =BE55*$BC$5 -> 519341.01 | BH55: =BG55-BF55 -> 129835.25 | BI55: =BE55+BG55 -> 13502866 | BJ55: =BI55*$BJ$5 -> 405085.99 | BK55: =BI55*$BC$5 -> 540114.65 | BM55: =BI55+BK55 -> 14042981 | BN55: =BM55*$BN$5 -> 1053223.6 | BO55: =BM55*$BO$5 -> 351074.52 | BP55: =BM55*$BP$5 -> 1685157.7 | BQ55: =BM55+BN55+BO55+BP55 -> 17132437 | BR55: =BQ55/M55 -> 231051.07 | BS55: 0.15 | BT55: =BQ55*BS55 -> 2569865.5 | BU55: =BU53 -> 50000 | BV55: =(BT55-BU55)/(BW55) -> 359980.79 | BW55: =CA55 -> 7 | BX55: =BQ55-BT55 -> 14562571 | BZ55: 46082 | CA55: =(YEAR(BZ55)-YEAR($CA$5))*12+MONTH(BZ55)-MONTH($CA$5) -> 7 | CB55: =CA55+1 -> 8
A56: =A55+1 -> 43 | B56: =B55+1 -> 10 | C56: Sold | E56: 6th | F56: 7th | G56: J | H56: 7J | I56: 2-BR | J56: 69.36 | K56: 4.79 | L56: 0 | M56: =J56+K56 -> 74.15 | Q56: =J56*$Q$5 -> 9155520 | R56: =K56*$R$5 -> 316140 | S56: =SUM(P56:R56) -> 9471660 | U56: =$U$47 -> 3 | V56: =M56*U56*$V$5 -> 111225 | X56: =S56*$X$5 -> 47358.3 | AA56: =AA30 -> INNER | AC56: =SUM(V56:Z56) -> 158583.3 | AE56: =S56+AC56 -> 9630243.3 | AF56: =AE56*$AF$5 -> 296611.49 | AG56: =AE56+AF56 -> 9926854.8 | AH56: =AG56*$AH$5 -> 225339.6 | AI56: =AG56+AH56 -> 10152194 | AJ56: =AI56*$AJ$5 -> 253804.86 | AK56: =AI56+AJ56 -> 10405999 | AL56: =AK56*$AJ$5 -> 260149.98 | AM56: =AK56+AL56 -> 10666149 | AN56: =AM56*$AJ$5 -> 266653.73 | AO56: =AM56+AN56 -> 10932803 | AP56: =AO56*$AP$5 -> 273320.07 | AQ56: =AO56+AP56 -> 11206123 | AR56: =AQ56*$AR$5 -> 336183.69 | AS56: =AQ56+AR56 -> 11542307 | AT56: =AS56*$AT$5 -> 346269.2 | AU56: =AS56*$AU$5 -> 461692.27 | AW56: =AS56+AU56 -> 12003999 | AX56: =AW56*$AX$5 -> 360119.97 | AY56: =AW56*$AY$5 -> 480159.96 | BA56: =AW56+AY56 -> 12484159 | BB56: =BA56*$BB$5 -> 374524.77 | BC56: =BA56*$BC$5 -> 499366.36 | BE56: =BA56+BC56 -> 12983525 | BF56: =BE56*$BF$5 -> 389505.76 | BG56: =BE56*$BC$5 -> 519341.01 | BI56: =BE56+BG56 -> 13502866 | BJ56: =BI56*$BJ$5 -> 405085.99 | BK56: =BI56*$BC$5 -> 540114.65 | BM56: =BI56+BK56 -> 14042981 | BN56: =BM56*$BN$5 -> 1053223.6 | BO56: =BM56*$BO$5 -> 351074.52 | BP56: =BM56*$BP$5 -> 1685157.7 | BQ56: =BM56+BN56+BO56+BP56 -> 17132437 | BR56: =BQ56/M56 -> 231051.07 | BS56: 0.15 | BT56: =BQ56*BS56 -> 2569865.5 | BU56: =BU54 -> 50000 | BV56: =(BT56-BU56)/(BW56) -> 359980.79 | BW56: =CA56 -> 7 | BX56: =BQ56-BT56 -> 14562571 | BZ56: 46082 | CA56: =(YEAR(BZ56)-YEAR($CA$5))*12+MONTH(BZ56)-MONTH($CA$5) -> 7 | CB56: =CA56+1 -> 8
A57: =A56+1 -> 44 | B57: =B56+1 -> 11 | C57: Sold | E57: 6th | F57: 7th | G57: K | H57: 7K | I57: 2-BR | J57: 69.36 | K57: 4.79 | L57: 0 | M57: =J57+K57 -> 74.15 | Q57: =J57*$Q$5 -> 9155520 | R57: =K57*$R$5 -> 316140 | S57: =SUM(P57:R57) -> 9471660 | U57: =$U$47 -> 3 | V57: =M57*U57*$V$5 -> 111225 | X57: =S57*$X$5 -> 47358.3 | AA57: =AA31 -> INNER | AC57: =SUM(V57:Z57) -> 158583.3 | AE57: =S57+AC57 -> 9630243.3 | AF57: =AE57*$AF$5 -> 296611.49 | AG57: =AE57+AF57 -> 9926854.8 | AH57: =AG57*$AH$5 -> 225339.6 | AI57: =AG57+AH57 -> 10152194 | AJ57: =AI57*$AJ$5 -> 253804.86 | AK57: =AI57+AJ57 -> 10405999 | AL57: =AK57*$AJ$5 -> 260149.98 | AM57: =AK57+AL57 -> 10666149 | AN57: =AM57*$AJ$5 -> 266653.73 | AO57: =AM57+AN57 -> 10932803 | AP57: =AO57*$AP$5 -> 273320.07 | AQ57: =AO57+AP57 -> 11206123 | AR57: =AQ57*$AR$5 -> 336183.69 | AS57: =AQ57+AR57 -> 11542307 | AT57: =AS57*$AT$5 -> 346269.2 | AU57: =AS57*$AU$5 -> 461692.27 | AW57: =AS57+AU57 -> 12003999 | AX57: =AW57*$AX$5 -> 360119.97 | AY57: =AW57*$AY$5 -> 480159.96 | BA57: =AW57+AY57 -> 12484159 | BB57: =BA57*$BB$5 -> 374524.77 | BC57: =BA57*$BC$5 -> 499366.36 | BE57: =BA57+BC57 -> 12983525 | BF57: =BE57*$BF$5 -> 389505.76 | BG57: =BE57*$BC$5 -> 519341.01 | BI57: =BE57+BG57 -> 13502866 | BJ57: =BI57*$BJ$5 -> 405085.99 | BK57: =BI57*$BC$5 -> 540114.65 | BM57: =BI57+BK57 -> 14042981 | BN57: =BM57*$BN$5 -> 1053223.6 | BO57: =BM57*$BO$5 -> 351074.52 | BP57: =BM57*$BP$5 -> 1685157.7 | BQ57: =BM57+BN57+BO57+BP57 -> 17132437 | BR57: =BQ57/M57 -> 231051.07 | BS57: 0.15 | BT57: =BQ57*BS57 -> 2569865.5 | BU57: =BU55 -> 50000 | BV57: =(BT57-BU57)/(BW57) -> 359980.79 | BW57: =CA57 -> 7 | BX57: =BQ57-BT57 -> 14562571 | BZ57: 46082 | CA57: =(YEAR(BZ57)-YEAR($CA$5))*12+MONTH(BZ57)-MONTH($CA$5) -> 7 | CB57: =CA57+1 -> 8
A58: =A57+1 -> 45 | B58: =B57+1 -> 12 | C58: Sold | E58: 6th | F58: 7th | G58: L | H58: 7L | I58: 2-BR | J58: 83.12 | K58: 13.04 | L58: 0 | M58: =J58+K58 -> 96.16 | Q58: =J58*$Q$5 -> 10971840 | R58: =K58*$R$5 -> 860640 | S58: =SUM(P58:R58) -> 11832480 | U58: =$U$47 -> 3 | V58: =M58*U58*$V$5 -> 144240 | X58: =S58*$X$5 -> 59162.4 | Y58: =M58*$Y$5 -> 192320 | Z58: =M58*$Z$5 -> 96160 | AA58: =AA32 -> CORNER | AB58: EAST | AC58: =SUM(V58:Z58) -> 491882.4 | AE58: =S58+AC58 -> 12324362 | AF58: =AE58*$AF$5 -> 379590.36 | AG58: =AE58+AF58 -> 12703953 | AH58: =AG58*$AH$5 -> 288379.73 | AI58: =AG58+AH58 -> 12992332 | AJ58: =AI58*$AJ$5 -> 324808.31 | AK58: =AI58+AJ58 -> 13317141 | AL58: =AK58*$AJ$5 -> 332928.52 | AM58: =AK58+AL58 -> 13650069 | AN58: =AM58*$AJ$5 -> 341251.73 | AO58: =AM58+AN58 -> 13991321 | AP58: =AO58*$AP$5 -> 349783.03 | AQ58: =AO58+AP58 -> 14341104 | AR58: =AQ58*$AR$5 -> 430233.12 | AS58: =AQ58+AR58 -> 14771337 | AT58: =AS58*$AT$5 -> 443140.12 | AU58: =AS58*$AU$5 -> 590853.49 | AW58: =AS58+AU58 -> 15362191 | AX58: =AW58*$AX$5 -> 460865.72 | AY58: =AW58*$AY$5 -> 614487.63 | BA58: =AW58+AY58 -> 15976678 | BB58: =BA58*$BB$5 -> 479300.35 | BC58: =BA58*$BC$5 -> 639067.13 | BE58: =BA58+BC58 -> 16615745 | BF58: =BE58*$BF$5 -> 498472.36 | BG58: =BE58*$BC$5 -> 664629.82 | BI58: =BE58+BG58 -> 17280375 | BJ58: =BI58*$BJ$5 -> 518411.26 | BK58: =BI58*$BC$5 -> 691215.01 | BM58: =BI58+BK58 -> 17971590 | BN58: =BM58*$BN$5 -> 1347869.3 | BO58: =BM58*$BO$5 -> 449289.76 | BP58: =BM58*$BP$5 -> 2156590.8 | BQ58: =BM58+BN58+BO58+BP58 -> 21925340 | BR58: =BQ58/M58 -> 228008.94 | BS58: 0.15 | BT58: =BQ58*BS58 -> 3288801 | BU58: =BU56 -> 50000 | BV58: =(BT58-BU58)/(BW58) -> 462685.86 | BW58: =CA58 -> 7 | BX58: =BQ58-BT58 -> 18636539 | BZ58: 46082 | CA58: =(YEAR(BZ58)-YEAR($CA$5))*12+MONTH(BZ58)-MONTH($CA$5) -> 7 | CB58: =CA58+1 -> 8
